Workbook

Sheet chem site information
A1: CYCLE II SU | B1: Science Center (SC) | C1: STATION ID | D1: STATION NAME | E1: CYCLE II SITE (145) | F1: CYCLE II SITE (84) | G1: CYCLE II SITE TYPE | H1: CYCLE II SITE SAMPLING SCHEDULE | I1: SAMPLED FOR ECOLOGY Cycle II | J1: SAMPLED FOR ECOLOGY Cycle III | K1: PROPOSED COST CENTER TO DO SAMPLING | L1: NUMBER OF SAMPLES IN 2016 | M1: SITE OFFICE | N1: SITE SIZE | O1: LOW FLOW SITE TYPE | P1: HIGH FLOW SITE TYPE | Q1: Comments
A2: NASQAN | B2: AK | C2: 15565447 | D2: Yukon River at Pilot Station, AK | E2: N | F2: N | G2: NA | H2: NA | I2: N | J2: N | K2: Anchorage, AK | L2: 7 | M2: Anchorage, AK | N2: large | O2: boat | P2: boat
B3: AL | C3: 2428401 | D3: Alabama R. below Claiborne L&D nr Monroeville, AL | E3: N | F3: N | G3: NA | H3: NA | I3: N | J3: N | K3: Montgomery, AL | L3: 14 | M3: Montgomery, AL | N3: large | O3: boat | P3: boat
A4: MOBL | B4: AL | C4: 02469762 | D4: Tombigbee River near Coffeeville, AL | E4: Y | F4: Y | G4: Integ | H4: rotate4 | I4: N | J4: N | K4: Montgomery, AL | L4: 18 | M4: Montgomery, AL | N4: large | O4: boat | P4: boat
A5: NASQAN | B5: AR | C5: 07263620 | D5: Arkansas River at Terry L&D below Little Rock, AR | E5: N | F5: N | G5: NA | H5: NA | I5: N | J5: N | K5: Little Rock, AR | L5: 14 | M5: Little Rock, AR | N5: large | O5: boat | P5: boat
A6: OZRK | B6: AR | C6: 07055646 | D6: Buffalo River near Boxley, AR | E6: Y | F6: N | G6: Ref | H6: rotate4 | I6: N | J6: Y | K6: Little Rock, AR | L6: 6 | M6: Little Rock, AR | N6: medium | O6: wading | P6: bridge
A7: OZRK | B7: AR | C7: 07060710 | D7: North Sylamore Creek near Fifty Six, AR | E7: Y | F7: Y | G7: Ref | H7: rotate4 | I7: Y | J7: Y | K7: Little Rock, AR | L7: 6 | M7: Little Rock, AR | N7: small | O7: wading | P7: bridge
A8: CAZB | B8: AZ | C8: 09471000 | D8: San Pedro River at Charleston, AZ | E8: Y | F8: N | G8: Ref | H8: rotate4 | I8: N | J8: Y | K8: Tucson, AZ | L8: 6 | M8: Tucson, AZ | N8: small | O8: wading | P8: bridge
A9: CAZB | B9: AZ | C9: 09505800 | D9: West Clear Creek near Camp Verde, AZ | E9: Y | F9: Y | G9: Ref | H9: rotate4 | I9: Y | J9: Y | K9: Tucson, AZ | L9: 6 | M9: Tucson, AZ | N9: small | O9: wading | P9: cableway
A10: CO-OP | B10: AZ | C10: 09380000 | D10: Colorado River at Lees Ferry, AZ | E10: N | F10: N | G10: NA | H10: NA | I10: N | J10: N | K10: Tucson, AZ | L10: 14 | M10: Flagstaff, AZ | N10: large | O10: boat | P10: cableway
A11: NASQAN | B11: AZ | C11: 09522000 | D11: Colorado River at NIB | E11: N | F11: N | G11: NA | H11: NA | I11: N | J11: N | K11: Tucson, AZ | L11: 12 | M11: Yuma, AZ | N11: large | O11: boat | P11: cableway
A12: NASQAN/SACR | B12: CA | C12: 11447650 | D12: Sacramento River at Freeport, CA | E12: Y | F12: Y | G12: Integ | H12: rotate4 | I12: N | J12: N | K12: Sacramento, CA | L12: 14 | M12: Sacramento, CA | N12: large | O12: bridge | P12: bridge
A13: SANJ | B13: CA | C13: 11274538 | D13: Orestimba Creek near Crows Landing, CA | E13: Y | F13: Y | G13: Ag | H13: rotate4 | I13: Y | J13: Y | K13: Sacramento, CA | L13: 24 | M13: Sacramento, CA | N13: small | O13: wading | P13: bridge | Q13: number of sampling trips based on continuous flow
A14: SANJ | B14: CA | C14: 11303500 | D14: San Joaquin River near Vernalis, CA | E14: Y | F14: Y | G14: Integ | H14: agcore | I14: N | J14: N | K14: Sacramento, CA | L14: 18 | M14: Sacramento, CA | N14: large | O14: bridge | P14: bridge
A15: SANJ | B15: CA | C15: 11335000 | D15: Cosumnes River at Michigan Bar, CA | E15: Y | F15: Y | G15: Ref | H15: eco_only | I15: Y | J15: Y | K15: Sacramento, CA | L15: 6 | M15: Sacramento, CA | N15: small | O15: wading | P15: bridge
A16: NA | B16: CA | C16: 11264500 | D16: Merced River at Happy Isles Bridge nr Yosemite, CA | E16: N | F16: N | G16: Ref | H16: NA | I16: N | J16: Y | K16: San Diego, CA | L16: 6 | M16: Sacramento, CA | N16: small | O16: wading | P16: bridge
A17: SOCA | B17: CA | C17: 11074000 | D17: Santa Ana River below Prado Dam, CA | E17: Y | F17: Y | G17: Integ | H17: urbcore | I17: N | J17: N | K17: San Diego, CA | L17: 18 | M17: San Diego, CA | N17: small | O17: wading | P17: cableway
A18: SPLT | B18: CO | C18: 06713500 | D18: Cherry Creek at Denver, CO | E18: Y | F18: Y | G18: Urban | H18: rotate2 | I18: Y | J18: Y | K18: Lakewood, CO | L18: 24 | M18: Lakewood, CO | N18: small | O18: wading | P18: bridge
A19: SPLT | B19: CO | C19: 06754000 | D19: South Platte River near Kersey, CO | E19: Y | F19: Y | G19: Integ | H19: rotate4 | I19: N | J19: N | K19: Lakewood, CO | L19: 18 | M19: Lakewood, CO | N19: medium | O19: wading | P19: bridge
A20: UCOL | B20: CO | C20: 09163500 | D20: Colorado River near Colorado-Utah state line | E20: Y | F20: Y | G20: Integ | H20: rotate4 | I20: N | J20: N | K20: Lakewood, CO | L20: 18 | M20: Grand Junction, CO | N20: large | O20: boat | P20: cableway
A21: CONN | B21: CT | C21: 01170100 | D21: Green River near Colrain, MA | E21: Y | F21: Y | G21: Ref | H21: rotate4 | I21: Y | J21: Y | K21: East Hartford, CT | L21: 6 | M21: East Hartford, CT | N21: small | O21: wading | P21: bridge
A22: CONN | B22: CT | C22: 01184000 | D22: Connecticut River at Thompsonville, CT | E22: Y | F22: Y | G22: Integ | H22: rotate4 | I22: N | J22: N | K22: East Hartford, CT | L22: 18 | M22: East Hartford, CT | N22: large | O22: boat | P22: boat
A23: CONN | B23: CT | C23: 01209710 | D23: Norwalk River at Winnipauk,CT | E23: Y | F23: Y | G23: Urban | H23: rotate4 | I23: Y | J23: Y | K23: East Hartford, CT | L23: 24 | M23: East Hartford, CT | N23: small | O23: wading | P23: bridge
A24: NMN | B24: FL | C24: 02359170 | D24: Apalachicola River near Sumatra, FL | E24: N | F24: N | G24: NA | H24: NA | I24: N | J24: N | K24: Tallahassee, FL | L24: 14 | M24: Tallahassee, FL | N24: large | O24: boat | P24: boat
A25: ACFB | B25: GA | C25: 02335870 | D25: Sope Creek near Marietta, GA | E25: Y | F25: Y | G25: Urban | H25: rotate2 | I25: Y | J25: Y | K25: Atlanta, GA | L25: 24 | M25: Atlanta, GA | N25: small | O25: wading | P25: bridge
A26: ACFB | B26: GA | C26: 02338523 | D26: Hillibahatchee Creek near Franklin, GA | E26: Y | F26: Y | G26: Ref | H26: rotate4 | I26: Y | J26: Y | K26: Atlanta, GA | L26: 6 | M26: Atlanta, GA | N26: small | O26: wading | P26: bridge
A27: NASQAN | B27: GA | C27: 02226160 | D27: Altamaha River at Everett City, GA | E27: N | F27: N | G27: NA | H27: NA | I27: N | J27: N | K27: Atlanta, GA | L27: 14 | M27: Atlanta, GA | N27: large | O27: boat | P27: boat
A28: ACFB | B28: GA | C28: 02338000 | D28: Chattahoochee River near Whitesburg, GA | E28: Y | F28: Y | G28: Integ | H28: urbcore | I28: N | J28: N | K28: Atlanta, GA | L28: 18 | M28: Atlanta, GA | N28: large | O28: boat | P28: boat
... A39: WHMI | B39: IN | C39: 394340085524601 | D39: Sugar Creek at New Palestine, IN | E39: Y | F39: Y | G39: Ag | H39: rotate2 | I39: Y | J39: Y | K39: Indianapolis, IN | L39: 24 | M39: Indianapolis, IN | N39: small | O39: wading | P39: bridge
A40: CO-OP | B40: KS | C40: 06892350 | D40: Kansas River at DeSoto, KS | E40: N | F40: N | G40: NA | H40: NA | I40: N | J40: N | K40: Lawrence, KS | L40: 14 | M40: Lawrence, KS | N40: large
A41: CO-OP | B41: KS | C41: 07144100 | D41: Little Arkansas River near Sedgwick, KS | E41: N | F41: N | G41: NA | H41: NA | I41: N | J41: N | K41: Lawrence, KS | L41: 18 | M41: Lawrence, KS | N41: large
A42: NASQAN | B42: KY | C42: 03303280 | D42: Ohio River at Cannelton Dam at Cannelton, IN | E42: N | F42: N | G42: NA | H42: NA | I42: N | J42: N | K42: Louisville, KY | L42: 14 | M42: Murray, KY | N42: large | O42: boat | P42: boat
A43: NASQAN | B43: KY | C43: 03378500 | D43: Wabash River at New Harmony, IN | E43: N | F43: N | G43: NA | H43: NA | I43: N | J43: N | K43: Louisville, KY | L43: 14 | M43: Murray, KY | N43: large | O43: boat | P43: boat
A44: NASQAN | B44: KY | C44: 03609750 | D44: Tennessee River at Highway 60 near Paducah, KY | E44: N | F44: N | G44: NA | H44: NA | I44: N | J44: N | K44: Louisville, KY | L44: 14 | M44: Murray, KY | N44: large | O44: boat | P44: boat
A45: NASQAN | B45: KY | C45: 03612600 | D45: Ohio River at Olmsted, IL | E45: N | F45: N | G45: NA | H45: NA | I45: N | J45: N | K45: Louisville, KY | L45: 14 | M45: Murray, KY | N45: large | O45: boat | P45: boat
A46: ACAD | B46: LA | C46: 08014500 | D46: Ouiska (Whiskey) Chitto Creek near Oberlin, LA | E46: Y | F46: Y | G46: Ref | H46: rotate4 | I46: Y | J46: Y | K46: Baton Rouge, LA | L46: 6 | M46: Baton Rouge, LA | N46: medium | O46: wading | P46: bridge
A47: NASQAN | B47: LA | C47: 07373420 | D47: Mississippi River near St. Francisville, LA | E47: N | F47: N | G47: NA | H47: NA | I47: N | J47: N | K47: Baton Rouge, LA | L47: 16 | M47: Baton Rouge, LA | N47: large | O47: boat | P47: boat
A48: NASQAN | B48: LA | C48: 07374000 | D48: Mississippi River at Baton Rouge, LA | E48: N | F48: N | G48: NA | H48: NA | I48: N | J48: N | K48: Baton Rouge, LA | L48: 14 | M48: Baton Rouge, LA | N48: large | O48: boat | P48: boat
A49: NASQAN | B49: LA | C49: 07374525 | D49: Mississippi River at Belle Chasse, LA | E49: N | F49: N | G49: NA | H49: NA | I49: N | J49: N | K49: Baton Rouge, LA | L49: 14 | M49: Baton Rouge, LA | N49: large | O49: boat | P49: boat
A50: NASQAN | B50: LA | C50: 07381495 | D50: Atchafalaya River at Melville, LA | E50: N | F50: N | G50: NA | H50: NA | I50: N | J50: N | K50: Baton Rouge, LA | L50: 16 | M50: Baton Rouge, LA | N50: large | O50: boat | P50: boat
A51: NASQAN | B51: LA | C51: 07381590 | D51: Wax Lake Outlet at Calumet, LA | E51: N | F51: N | G51: NA | H51: NA | I51: N | J51: N | K51: Baton Rouge, LA | L51: 14 | M51: Baton Rouge, LA | N51: large | O51: boat | P51: boat
A52: NASQAN | B52: LA | C52: 07381600 | D52: Lower Atchafalaya River at Morgan City, LA | E52: N | F52: N | G52: NA | H52: NA | I52: N | J52: N | K52: Baton Rouge, LA | L52: 14 | M52: Baton Rouge, LA | N52: large | O52: boat | P52: boat
A53: NASQAN | B53: MD | C53: 01578310 | D53: Susquehanna River at Conowingo, MD | E53: Y | F53: N | G53: NA | H53: NA | I53: N | J53: N | K53: Baltimore, MD | L53: 12 | M53: Baltimore, MD | N53: large | O53: dam | P53: dam
... A70: ALBE | B70: NC | C70: 02091500 | D70: Contentnea Creek at Hookerton, NC | E70: Y | F70: Y | G70: Ag | H70: rotate4 | I70: Y | J70: Y | K70: Raleigh, NC | L70: 24 | M70: Raleigh, NC | N70: medium | O70: bridge | P70: bridge
A71: CO-OP | B71: ND | C71: 05082500 | D71: Red River of the North at Grand Forks, ND | E71: Y | F71: N | G71: NA | H71: NA | I71: N | J71: N | K71: Grand Forks, ND | L71: 14 | M71: Grand Forks, ND | N71: large
A72: CNBR | B72: NE | C72: 06775900 | D72: Dismal River near Thedford, NE | E72: Y | F72: N | G72: Ref | H72: eco_only | I72: Y | J72: Y | K72: Lincoln, NE | L72: 6 | M72: Lincoln, NE | N72: small | O72: wading | P72: bridge
A73: CNBR | B73: NE | C73: 06800000 | D73: Maple Creek near Nickerson, NE | E73: Y | F73: Y | G73: Ag | H73: rotate2 | I73: Y | J73: Y | K73: Lincoln, NE | L73: 24 | M73: Lincoln, NE | N73: small | O73: wading | P73: bridge
A74: CNBR | B74: NE | C74: 06800500 | D74: Elkhorn River at Waterloo, NE | E74: Y | F74: N | G74: Integ | H74: rotate4 | I74: N | J74: N | K74: Lincoln, NE | L74: 18 | M74: Lincoln, NE | N74: large | O74: bridge | P74: bridge
A75: NASQAN/CNBR | B75: NE | C75: 06805500 | D75: Platte River at Louisville, NE | E75: Y | F75: Y | G75: Integ | H75: agcore | I75: N | J75: N | K75: Lincoln, NE | L75: 14 | M75: Lincoln, NE | N75: large | O75: bridge | P75: bridge
A76: NMN/DELR | B76: NJ | C76: 01463500 | D76: Delaware River at Trenton, NJ | E76: Y | F76: Y | G76: Integ | H76: rotate4 | I76: N | J76: N | K76: West Trenton, NJ | L76: 14 | M76: Trenton, NJ | N76: large | O76: bridge | P76: bridge
A77: RIOG | B77: NM | C77: 08227000 | D77: Saguache Creek near Saguache, CO | E77: Y | F77: N | G77: Ref | H77: eco_only | I77: Y | J77: Y | K77: Albuquerque, NM | L77: 6 | M77: Alberquerque, NM | N77: small | O77: wading | P77: wading
A78: RIOG | B78: NM | C78: 08364000 | D78: Rio Grande at El Paso, TX | E78: Y | F78: Y | G78: Integ | H78: agcore | I78: N | J78: N | K78: Albuquerque, NM | L78: 14 | M78: Alberquerque, NM | N78: medium | O78: bridge | P78: cableway
A79: NVBR | B79: NV | C79: 10350340 | D79: Truckee River at Tracy, NV | E79: Y | F79: Y | G79: Integ | H79: rotate4 | I79: N | J79: N | K79: Carson City, NV | L79: 18 | M79: Carson City, NV | N79: large | O79: bridge | P79: bridge
A80: HDSN | B80: NY | C80: 01349150 | D80: Canajoharie Creek near Canajoharie, NY | E80: Y | F80: Y | G80: Ag | H80: rotate4 | I80: Y | J80: Y | K80: Troy, NY | L80: 24 | M80: Troy, NY | N80: small | O80: wading | P80: bridge
A81: NASQAN | B81: NY | C81: 4264331 | D81: St. Lawrence River at Cornwall, Ontario | E81: N | F81: N | G81: NA | H81: NA | I81: N | J81: N | K81: Troy, NY | L81: 14 | M81: Troy, NY | N81: large | O81: dam | P81: dam
A82: NMN | B82: NY | C82: 01372043 | D82: Hudson River near Poughkeepsie, NY | E82: N | F82: N | G82: NA | H82: NA | I82: N | J82: N | K82: Troy, NY | L82: 14 | M82: Troy, NY | N82: large | O82: boat | P82: boat
A83: LERI | B83: OH | C83: 04193500 | D83: Maumee River at Waterville, OH | E83: Y | F83: Y | G83: Integ | H83: rotate4 | I83: N | J83: N | K83: Columbus, OH | L83: 18 | M83: Columbus, OH | N83: large | O83: wading | P83: bridge
A84: CO-OP | B84: OK | C84: 07241550 | D84: North Canadian River near Harrah, OK | E84: N | F84: N | G84: NA | H84: NA | I84: N | J84: N | K84: Oklahoma City, OK | L84: 18 | M84: Tulsa, OK | N84: large
A85: WILL | B85: OR | C85: 14201300 | D85: Zollner Creek near Mt. Angel, OR | E85: Y | F85: Y | G85: Ag | H85: rotate4 | I85: N | J85: N | K85: Portland, OR | L85: 24 | M85: Portland, OR | N85: small | O85: wading | P85: bridge
A86: WILL | B86: OR | C86: 14205400 | D86: East Fork Dairy Creek near Meachan Corner, OR | E86: Y | F86: Y | G86: Ref | H86: rotate4 | I86: Y | J86: Y | K86: Portland, OR | L86: 6 | M86: Portland, OR | N86: small | O86: wading | P86: bridge
A87: WILL | B87: OR | C87: 14206950 | D87: Fanno Creek at Durham, OR | E87: Y | F87: Y | G87: Urban | H87: rotate2 | I87: Y | J87: Y | K87: Portland, OR | L87: 24 | M87: Portland, OR | N87: small | O87: wading | P87: bridge
A88: WILL | B88: OR | C88: 14211720 | D88: Willamette River at Portland, OR | E88: Y | F88: Y | G88: Integ | H88: agcore | I88: N | J88: N | K88: Portland, OR | L88: 18 | M88: Portland, OR | N88: large | O88: boat | P88: boat
A89: NASQAN | B89: OR | C89: 14246900 | D89: Columbia River near Beaver Army Terminal, OR | E89: N | F89: N | G89: NA | H89: NA | I89: N | J89: N | K89: Portland, OR | L89: 12 | M89: Portland, OR | N89: large | O89: boat | P89: boat
A90: SANT | B90: SC | C90: 02172300 | D90: McTier Creek near Monetta, SC | E90: Y | F90: Y | G90: Ref | H90: rotate4 | I90: Y | J90: Y | K90: Columbia, SC | L90: 6 | M90: Columbia, SC | N90: small | O90: wading | P90: bridge
A91: SANT | B91: SC | C91: 02175000 | D91: Edisto River near Givhans, SC | E91: Y | F91: Y | G91: Integ | H91: rotate4 | I91: N | J91: N | K91: Columbia, SC | L91: 18 | M91: Columbia, SC | N91: medium | O91: bridge | P91: bridge
A92: TRIN | B92: TX | C92: 08057200 | D92: White Rock Creek at Dallas, TX | E92: Y | F92: Y | G92: Urban | H92: rotate2 | I92: Y | J92: Y | K92: Austin, TX | L92: 24 | M92: Austin, TX | N92: small | O92: wading | P92: bridge
A93: TRIN | B93: TX | C93: 08057410 | D93: Trinity River below Dallas, TX | E93: Y | F93: Y | G93: Integ | H93: urbcore | I93: N | J93: N | K93: Austin, TX | L93: 18 | M93: Austin, TX | N93: large | O93: bridge | P93: bridge
A94: NMN | B94: TX | C94: 08116650 | D94: Brazos River near Rosharon, TX | E94: N | F94: N | G94: NA | H94: NA | I94: N | J94: N | K94: Austin, TX | L94: 14 | M94: The Woodlands, TX | N94: large | O94: wading | P94: boat
A95: SCTX | B95: TX | C95: 08195000 | D95: Frio River at Concan, TX | E95: Y | F95: N | G95: Ref | H95: eco_only | I95: Y | J95: Y | K95: Austin, TX | L95: 6 | M95: San Antonio, TX | N95: small | O95: wading | P95: bridge
A96: NASQAN | B96: TX | C96: 08475000 | D96: Rio Grande near Brownsville, TX | E96: N | F96: N | G96: NA | H96: NA | I96: N | J96: N | K96: Austin, TX | L96: 12 | M96: San Antonio, TX | N96: large | O96: wading | P96: cableway
... A103: WMIC | B103: WI | C103: 04063700 | D103: Popple River near Fence, WI | E103: Y | F103: Y | G103: Ref | H103: rotate4 | I103: Y | J103: Y | K103: Madison, WI | L103: 6 | M103: Rhinelander, WI | N103: small | O103: wading | P103: bridge

Sheet FY16 chem site costs
A1: SC | B1: STATION ID | C1: STATION NAME | D1: CYCLE 3 SITE TYPE | E1: FY16 sample collection site target NAWQA | F1: FY16 sample collection site target NASQAN | G1: FY16 sample collection site target NMN | H1: Extra sampling (DOC frac, DNA, isotope, tritium - see SWPLAN) | I1: QW Cont. Monitoring | J1: ref site temp monitoring | K1: comments
A2: AK | B2: 15565447 | C2: Yukon River at Pilot Station, AK | D2: Coastal Rivers | E2: 0 | F2: 73820 | G2: 0 | H2: 1400 | I2: 0 | J2: 4348 | K2: temp monitoring at HBN site
A3: AL | B3: 2428401 | C3: Alabama R. below Claiborne L&D nr Monroeville, AL | D3: Large Inland Rivers | E3: 0 | F3: 82775 | G3: 0 | H3: 2100 | I3: 0 | J3: 2070 | K3: temp monitoring at HBN site
A4: AL | B4: 02469762 | C4: Tombigbee River near Coffeeville, AL | D4: Large Inland Rivers | E4: 89550 | F4: 0 | G4: 0 | H4: 0 | I4: 0 | J4: 0
A5: AR | B5: 07263620 | C5: Arkansas River at Terry L&D below Little Rock, AR | D5: Large Inland Rivers | E5: 0 | F5: 59040 | G5: 0 | H5: 1400 | I5: 0 | J5: 0
A6: AR | B6: 07055646 | C6: Buffalo River near Boxley, AR | D6: reference | E6: 19380 | F6: 0 | G6: 0 | H6: 0 | I6: 0 | J6: 5070
A7: AR | B7: 07060710 | C7: North Sylamore Creek near Fifty Six, AR | D7: reference | E7: 18730 | F7: 0 | G7: 0 | H7: 0 | I7: 0 | J7: 5070
A8: AZ | B8: 09471000 | C8: San Pedro River at Charleston, AZ | D8: reference | E8: 24850 | F8: 0 | G8: 0 | H8: 0 | I8: 0 | J8: 12425 | K8: temp monitoring for three reference/HBN sites
A9: AZ | B9: 09505800 | C9: West Clear Creek near Camp Verde, AZ | D9: reference | E9: 23931 | F9: 0 | G9: 0 | H9: 0 | I9: 0
A10: AZ | B10: 09380000 | C10: Colorado River at Lees Ferry, AZ | D10: Large Inland Rivers | E10: 75835 | F10: 0 | G10: 0 | H10: 0 | I10: 0 | J10: 0
A11: AZ | B11: 09522000 | C11: Colorado River at NIB | D11: Coastal Rivers | E11: 0 | F11: 53854 | G11: 0 | H11: 1800 | I11: 0 | J11: 0
A12: CA | B12: 11447650 | C12: Sacramento River at Freeport, CA | D12: Coastal Rivers | E12: 74750 | F12: 0 | G12: 0 | H12: 2000 | I12: 261300 | J12: 0 | K12: cont. monitoring at Sacramento site plus Pellerin salary
A13: CA | B13: 11274538 | C13: Orestimba Creek near Crows Landing, CA | D13: Agriculture | E13: 0 | F13: 0 | G13: 0 | H13: 0 | I13: 0 | J13: 0
A14: CA | B14: 11303500 | C14: San Joaquin River near Vernalis, CA | D14: Coastal Rivers | E14: 92034 | F14: 0 | G14: 0 | H14: 2000 | I14: 0 | J14: 21420 | K14: temp monitoring for four reference/HBN sites
A15: CA | B15: 11335000 | C15: Cosumnes River at Michigan Bar, CA | D15: reference | E15: 31498 | F15: 0 | G15: 0 | H15: 0 | I15: 0
A16: CA | B16: 11264500 | C16: Merced River at Happy Isles Bridge nr Yosemite, CA | D16: reference | E16: 25263 | F16: 0 | G16: 0 | H16: 0 | I16: 0
A17: CA | B17: 11074000 | C17: Santa Ana River below Prado Dam, CA | D17: Coastal Rivers | E17: 82395 | F17: 0 | G17: 0 | H17: 0 | I17: 0
A18: CO | B18: 06713500 | C18: Cherry Creek at Denver, CO | D18: Urban | E18: 86767 | F18: 0 | G18: 0 | H18: 0 | I18: 0 | J18: 17600 | K18: temp monitoring for three reference/HBN sites
A19: CO | B19: 06754000 | C19: South Platte River near Kersey, CO | D19: Large Inland Rivers | E19: 83670 | F19: 0 | G19: 0 | H19: 0 | I19: 0
A20: CO | B20: 09163500 | C20: Colorado River near Colorado-Utah state line | D20: Large Inland Rivers | E20: 77025 | F20: 0 | G20: 0 | H20: 0 | I20: 0
A21: NENG | B21: 01170100 | C21: Green River near Colrain, MA | D21: reference | E21: 29575 | F21: 0 | G21: 0 | H21: 0 | I21: 0 | J21: 0
A22: NENG | B22: 01184000 | C22: Connecticut River at Thompsonville, CT | D22: Coastal Rivers | E22: 63370 | F22: 0 | G22: 0 | H22: 0 | J22: 0
A23: NENG | B23: 01209710 | C23: Norwalk River at Winnipauk,CT | D23: Urban | E23: 62860 | F23: 0 | G23: 0 | H23: 0 | J23: 0
A24: FL | B24: 02359170 | C24: Apalachicola River near Sumatra, FL | D24: Coastal Rivers | E24: 0 | F24: 0 | G24: 57070 | H24: 1900 | J24: 3000 | K24: temp monitoring at HBN site
A25: GA | B25: 02335870 | C25: Sope Creek near Marietta, GA | D25: Urban | E25: 84530 | F25: 0 | G25: 0 | H25: 0 | J25: 0
A26: GA | B26: 02338523 | C26: Hillibahatchee Creek near Franklin, GA | D26: reference | E26: 42025 | F26: 0 | G26: 0 | H26: 0 | J26: 3315
A27: GA | B27: 02226160 | C27: Altamaha River at Everett City, GA | D27: Coastal Rivers | E27: 0 | F27: 72180 | G27: 0 | H27: 2100 | J27: 0
A28: GA | B28: 02338000 | C28: Chattahoochee River near Whitesburg, GA | D28: Large Inland Rivers | E28: 75900 | F28: 0 | G28: 0 | H28: 0 | J28: 0
A29: IA | B29: 05451210 | C29: South Fork Iowa River near New Providence, IA | D29: Agriculture | E29: 76990 | F29: 0 | G29: 0 | H29: 0 | J29: 0
A30: IA | B30: 05465500 | C30: Iowa River at Wapello, IA | D30: Large Inland Rivers | E30: 0 | F30: 54020 | G30: 0 | H30: 1000 | J30: 0
A31: IA | B31: 05490500 | C31: Des Moines River at Keosauqua, IA | D31: Large Inland Rivers | E31: 0 | F31: 54020 | G31: 0 | H31: 1000 | J31: 0
A32: IA | B32: 05420500 | C32: Mississippi River at Clinton, IA | D32: Large Inland Rivers | E32: 0 | F32: 53500 | G32: 0 | H32: 1000 | I32: 45040 | J32: 0
A33: IA | B33: 06610000 | C33: Missouri River at Omaha, NE | D33: Large Inland Rivers | E33: 0 | F33: 56050 | G33: 0 | H33: 1200 | I33: 0 | J33: 0
A34: ID | B34: 13092747 | C34: Rock Creek at Twin Falls, ID | D34: Agriculture | E34: 79192 | F34: 0 | G34: 0 | H34: 0 | I34: 0 | J34: 0
A35: ID | B35: 13154500 | C35: Snake River at King Hill, ID | D35: Large Inland Rivers | E35: 76097 | F35: 0 | G35: 0 | H35: 0 | I35: 0 | J35: 0
A36: ID | B36: 13056500 | C36: Henrys Fork near Rexburg, ID | D36: Large Inland Rivers | E36: 104839 | F36: 0 | G36: 0 | H36: 0 | I36: 0 | J36: 0 | K36: $20K for vehicle, check with IDWSC
A37: IL | B37: 05586100 | C37: Illinois River at Valley City, IL | D37: Large Inland Rivers | E37: 99932 | F37: 0 | G37: 0 | H37: 1000 | I37: 20700 | J37: 0
A38: IN | B38: 03374100 | C38: White River at Hazleton, IN | D38: Large Inland Rivers | E38: 134146 | F38: 0 | G38: 0 | H38: 1000 | I38: 11500 | J38: 0
A39: IN | B39: 394340085524601 | C39: Sugar Creek at New Palestine, IN | D39: Agriculture | E39: 85822 | F39: 0 | G39: 0 | H39: 0 | I39: 0 | J39: 0
A40: KS | B40: 06892350 | C40: Kansas River at DeSoto, KS | D40: Large Inland Rivers | E40: 34576 | F40: 0 | G40: 0 | H40: 0 | I40: 0 | J40: 0
A41: KS | B41: 07144100 | C41: Little Arkansas River near Sedgwick, KS | D41: Large Inland Rivers | E41: 37423 | F41: 0 | G41: 0 | H41: 0 | I41: 0 | J41: 2582 | K41: temp monitoring at HBN site
A42: KY | B42: 03303280 | C42: Ohio River at Cannelton Dam at Cannelton, IN | D42: Large Inland Rivers | E42: 0 | F42: 57288 | G42: 0 | H42: 1400 | I42: 0 | J42: 0
A43: KY | B43: 03378500 | C43: Wabash River at New Harmony, IN | D43: Large Inland Rivers | E43: 0 | F43: 56780 | G43: 0 | H43: 1400 | I43: 0 | J43: 0
A44: KY | B44: 03609750 | C44: Tennessee River at Highway 60 near Paducah, KY | D44: Large Inland Rivers | E44: 0 | F44: 47775 | G44: 0 | H44: 1400 | I44: 0 | J44: 0
A45: KY | B45: 03612600 | C45: Ohio River at Olmsted, IL | D45: Large Inland Rivers | E45: 0 | F45: 47902 | G45: 0 | H45: 1400 | I45: 45900 | J45: 0 | K45: cont. monitoring at Olmstead
A46: LA | B46: 08014500 | C46: Whisky Chitto Creek near Oberlin, LA | D46: reference | E46: 19565 | F46: 0 | G46: 0 | H46: 0 | I46: 0 | J46: 1553
A47: LA | B47: 07373420 | C47: Mississippi River near St. Francisville, LA | D47: Large Inland Rivers | E47: 0 | F47: 76027 | G47: 0 | H47: 1600 | I47: 0 | J47: 0
A48: LA | B48: 07374000 | C48: Mississippi River at Baton Rouge, LA | D48: Large Inland Rivers | E48: 0 | F48: 64829 | G48: 0 | H48: 1400 | I48: 18640 | J48: 0 | K48: cont. monitoring 07374000
A49: LA | B49: 07374525 | C49: Mississippi River at Belle Chasse, LA | D49: Coastal Rivers | E49: 0 | F49: 77089 | G49: 0 | H49: 2400 | I49: 0 | J49: 0
A50: LA | B50: 07381495 | C50: Atchafalaya River at Melville, LA | D50: Large Inland Rivers | E50: 0 | F50: 77089 | G50: 0 | H50: 1600 | I50: 0 | J50: 0
A51: LA | B51: 07381590 | C51: Wax Lake Outlet at Calumet, LA | D51: Large Inland Rivers | E51: 0 | F51: 63202 | G51: 0 | H51: 1400 | I51: 0 | J51: 0
A52: LA | B52: 07381600 | C52: Lower Atchafalaya River at Morgan City, LA | D52: Coastal Rivers | E52: 0 | F52: 71557 | G52: 0 | H52: 1400 | I52: 40800 | J52: 0 | K52: cont. monitoring was under NMN in FY15 budget
A53: MD | B53: 01578310 | C53: Susquehanna River at Conowingo, MD | D53: Coastal Rivers | E53: 0 | F53: 12692 | G53: 0 | H53: 2700 | I53: 0 | J53: 0
A54: MD | B54: 01610400 | C54: Waites Run near Wardensville, WV | D54: reference | E54: 20770 | F54: 0 | G54: 0 | H54: 0 | I54: 0 | J54: 0 | K54: temp monitoring run by WVWSC
A55: MD | B55: 01646580 | C55: Potomac River at Washington, DC | D55: Coastal Rivers | E55: 86313 | F55: 0 | G55: 0 | H55: 3400 | I55: 20770 | J55: 0 | K55: cont. monitoring at 01646500
A56: MD | B56: 01654000 | C56: Accotink Creek near Annandale, VA | D56: Urban | E56: 93967 | F56: 0 | G56: 0 | H56: 0 | I56: 0 | J56: 0
A57: MI | B57: 04161820 | C57: Clinton River at Sterling Heights, MI | D57: Urban | E57: 88189 | F57: 0 | G57: 0 | H57: 0 | I57: 0 | J57: 0
A58: MN | B58: 05331580 | C58: Mississippi River at Hastings, MN | D58: Large Inland Rivers | E58: 37074 | F58: 0 | G58: 0 | H58: 0 | I58: 0 | J58: 0
A59: MN | B59: 05288705 | C59: Shingle Creek at Minneapolis, MN | D59: Urban | E59: 79984 | F59: 0 | G59: 0 | H59: 0 | I59: 0 | J59: 2900 | K59: temp monitoring at HBN site.
A60: MO | B60: 07022000 | C60: Mississippi River at Thebes, IL | D60: Large Inland Rivers | E60: 0 | F60: 90643 | G60: 0 | H60: 1300 | I60: 0 | J60: 0
A61: MO | B61: 05587455 | C61: Mississippi River Below Grafton, IL | D61: Large Inland Rivers | E61: 0 | F61: 21257 | G61: 0 | H61: 1300 | I61: 22615 | J61: 0 | K61: cont. monitoring at 07020850 Cape Girardeau
A62: MO | B62: 06934500 | C62: Missouri River at Hermann, MO | D62: Large Inland Rivers | E62: 0 | F62: 50733 | G62: 0 | H62: 1300 | I62: 18720 | J62: 0
A63: MS | B63: 07288650 | C63: Bogue Phalia near Leland, MS | D63: Agriculture | E63: 94639 | F63: 0 | G63: 0 | H63: 0 | I63: 0 | J63: 0
A64: MS | B64: 07288955 | C64: Yazoo River near Long Lake, MS | D64: Large Inland Rivers | E64: 75668 | F64: 0 | G64: 0 | H64: 1800 | I64: 0 | J64: 3105 | K64: temp monitoring HBN site
A65: MS | B65: 322023090544500 | C65: Mississippi River above Vicksburg, MS | D65: Large Inland Rivers | E65: 0 | F65: 0 | G65: 68876 | H65: 1800 | I65: 20700 | J65: 0 | K65: $10,427 for streamgaging
A66: MT-WY | B66: 06324970 | C66: Little Powder River near Weston, WY | D66: Reference | E66: 25392 | F66: 0 | G66: 0 | H66: 0 | I66: 0 | J66: 12960 | K66: temp monitoring for reference and two HBN sites
A67: MT-WY | B67: 06329500 | C67: Yellowstone River near Sidney, MT | D67: Large Inland Rivers | E67: 72482 | F67: 0 | G67: 0 | H67: 0 | I67: 0 | J67: 0
A68: NC | B68: 02087580 | C68: Swift Creek near Apex, NC | D68: Urban | E68: 63896 | F68: 0 | G68: 0 | H68: 0 | I68: 0 | J68: 3313 | K68: temp monitoring for HBN site
A69: NC | B69: 02089500 | C69: Neuse River at Kinston, NC | D69: Large Inland Rivers | E69: 84220 | F69: 0 | G69: 0 | H69: 0 | I69: 0
A70: NC | B70: 02091500 | C70: Contentnea Creek at Hookerton, NC | D70: Agriculture | E70: 84220 | F70: 0 | G70: 0 | H70: 0 | I70: 0
A71: ND | B71: 05082500 | C71: Red River of the North at Grand Forks, ND | D71: Large Inland Rivers | E71: 29205 | F71: 0 | G71: 0 | H71: 0 | I71: 0 | J71: 0
A72: NE | B72: 06775900 | C72: Dismal River near Thedford, NE | D72: reference | E72: 29048 | F72: 0 | G72: 0 | H72: 0 | I72: 0 | J72: 3054
A73: NE | B73: 06800000 | C73: Maple Creek near Nickerson, NE | D73: Agriculture | E73: 78500 | F73: 0 | G73: 0 | H73: 0 | I73: 0 | J73: 0
A74: NE | B74: 06800500 | C74: Elkhorn River at Waterloo, NE | D74: Large Inland Rivers | E74: 67471 | F74: 0 | G74: 0 | H74: 0 | I74: 0 | J74: 0
A75: NE | B75: 06805500 | C75: Platte River at Louisville, NE | D75: Large Inland Rivers | E75: 64645 | F75: 0 | G75: 0 | H75: 2700 | I75: 0 | J75: 0
A76: NJ | B76: 01463500 | C76: Delaware River at Trenton, NJ | D76: Coastal Rivers | E76: 68009 | F76: 0 | G76: 0 | H76: 2200 | I76: 0 | J76: 2784 | K76: temp monitoring for HBN site
A77: NM | B77: 08227000 | C77: Saguache Creek near Saguache, CO | D77: reference | E77: 35003 | F77: 0 | G77: 0 | H77: 0 | I77: 0 | J77: 2609 | K77: temp monitoring at Sguache run by COWSC; NMWSC runs temp monitoring for HBN site
A78: NM | B78: 08364000 | C78: Rio Grande at El Paso, TX | D78: Large Inland Rivers | E78: 77236 | F78: 0 | G78: 0 | H78: 0 | I78: 0 | J78: 0
A79: NV | B79: 10350340 | C79: Truckee River at Tracy, NV | D79: Large Inland Rivers | E79: 66357 | F79: 0 | G79: 0 | H79: 0 | I79: 0 | J79: 4970 | K79: temp monitoring for HBN site
A80: NY | B80: 01349150 | C80: Canajoharie Creek near Canajoharie, NY | D80: Agriculture | E80: 115953 | F80: 0 | G80: 0 | H80: 0 | I80: 0 | J80: 0
A81: NY | B81: 4264331 | C81: St. Lawrence River at Cornwall, Ontario | D81: Large Inland Rivers | E81: 0 | F81: 59789 | G81: 0 | H81: 2100 | I81: 0 | J81: 2161 | K81: temp monitoring for HBN site
A82: NY | B82: 01372043 | C82: Hudson River near Poughkeepsie, NY | D82: Coastal Rivers | E82: 0 | F82: 0 | G82: 68847 | H82: 2100 | I82: 0 | J82: 0
A83: OH | B83: 04193500 | C83: Maumee River at Waterville, OH | D83: Large Inland Rivers | E83: 86338 | F83: 0 | G83: 0 | H83: 0 | I83: 0 | J83: 0
A84: OK | B84: 07241550 | C84: North Canadian River near Harrah, OK | D84: Large Inland Rivers | E84: 27030 | F84: 0 | G84: 0 | H84: 0 | I84: 0 | J84: 5175 | K84: temp monitoring for HBN site
A85: OR | B85: 14201300 | C85: Zollner Creek near Mt. Angel, OR | D85: Agriculture | E85: 92163 | F85: 0 | G85: 0 | H85: 0 | I85: 0 | J85: 15423 | K85: temp monitoring at 3 sites
A86: OR | B86: 14205400 | C86: East Fork Dairy Creek near Meachan Corner, OR | D86: reference | E86: 31118 | F86: 0 | G86: 0 | H86: 0 | I86: 0 | J86: 0
A87: OR | B87: 14206950 | C87: Fanno Creek at Durham, OR | D87: urban | E87: 87380 | F87: 0 | G87: 0 | H87: 0 | I87: 0 | J87: 0
A88: OR | B88: 14211720 | C88: Willamette River at Portland, OR | D88: Large Inland Rivers | E88: 80277 | F88: 0 | G88: 0 | H88: 0 | I88: 20700 | J88: 0
A89: OR | B89: 14246900 | C89: Columbia River near Beaver Army Terminal, OR | D89: Coastal Rivers | E89: 0 | F89: 67046 | G89: 0 | H89: 1800 | I89: 0 | J89: 0
A90: SC | B90: 02172300 | C90: McTier Creek near Monetta, SC | D90: reference | E90: 35690 | F90: 0 | G90: 0 | H90: 0 | I90: 0 | J90: 2260
A91: SC | B91: 02175000 | C91: Edisto River near Givhans, SC | D91: Coastal Rivers | E91: 90910 | F91: 0 | G91: 0 | H91: 0 | I91: 0 | J91: 0
A92: TX | B92: 08057200 | C92: White Rock Creek at Dallas, TX | D92: urban | E92: 110046 | F92: 0 | G92: 0 | H92: 0 | I92: 0 | J92: 0
A93: TX | B93: 08057410 | C93: Trinity River below Dallas, TX | D93: Large Inland Rivers | E93: 101730 | F93: 0 | G93: 0 | H93: 0 | I93: 0 | J93: 0
A94: TX | B94: 08116650 | C94: Brazos River near Rosharon, TX | D94: Coastal Rivers | E94: 0 | F94: 0 | G94: 61996 | H94: 2100 | I94: 0 | J94: 0
A95: TX | B95: 08195000 | C95: Frio River at Concan, TX | D95: reference | E95: 42002 | F95: 0 | G95: 0 | H95: 0 | I95: 0 | J95: 10240
A96: TX | B96: 08475000 | C96: Rio Grande near Brownsville, TX | D96: Coastal Rivers | E96: 0 | F96: 78189 | G96: 0 | H96: 1800 | I96: 0 | J96: 0
A97: UT | B97: 10168000 | C97: Little Cottonwood Creek at Salt Lake City, UT | D97: urban | E97: 77634 | F97: 0 | G97: 0 | H97: 0 | I97: 0 | J97: 0
... A99: UT | B99: 10172200 | C99: Red Butte Creek at Fort Douglas, UT | D99: reference | E99: 20716 | F99: 0 | G99: 0 | H99: 0 | I99: 0 | J99: 5367
A100: WA | B100: 12056500 | C100: North Fork Skokomish River near Hdsprt, WA | D100: reference | E100: 28990 | F100: 0 | G100: 0 | H100: 0 | I100: 0 | J100: 7889 | K100: temp monitoring for reference and HBN sites
A101: WA | B101: 12505450 | C101: Granger Drain at Granger, WA | D101: Agriculture | E101: 70277 | F101: 0 | G101: 0 | H101: 0 | I101: 0 | J101: 0
...

Sheet Eco site information
M1: Cycle 3 Sampling Schedule
A2: sc | B2: Station number | C2: Station name | D2: PROPOSED COST CENTER TO DO SAMPLING | E2: Cycle III site type | F2: Eco-region | G2: RTH (Snag or Riffle) | H2: RT Miles to Site | I2: RT Travel Time to Site (hrs) | J2: Fish Rela-tive Rich- ness | K2: Fish Rich- ness factor | L2: Area (sq km) | M2: 2013 | N2: 2014 | O2: 2015 | P2: 2016 | Q2: 2017 | R2: 2018 | S2: 2019 | T2: 2020 | U2: 2021 | V2: 2022
A3: AR | B3: 07055646 | C3: Buffalo River near Boxley, AR | D3: Little Rock, AR | E3: Reference | F3: 38 | G3: Riffle | H3: 380 | I3: 8.2 | J3: Hi | K3: =IF(J3="Lo",0.8,IF(J3="Med",1,(IF(J3="Hi",1.2,"error")))) -> 1.2 | L3: 134 | M3: IAFH | N3: IAFH | O3: IAFH | P3: IAFH | Q3: IAFH | R3: IAFH | S3: IAFH | T3: IAFH | U3: IAFH | V3: IAFH
A4: AR | B4: 7060710 | C4: North Sylamore Creek near Fifty Six, AR | D4: Little Rock, AR | E4: Reference | F4: 39 | G4: Riffle | H4: 260 | I4: 6.2 | J4: Med | K4: =IF(J4="Lo",0.8,IF(J4="Med",1,(IF(J4="Hi",1.2,"error")))) -> 1 | L4: 150 | M4: IAFH | N4: IAFH | O4: IAFH | P4: IAFH | Q4: IAFH | R4: IAFH | S4: IAFH | T4: IAFH | U4: IAFH | V4: IAFH
A5: AZ | B5: 09471000 | C5: San Pedro River at Charleston, AZ | D5: Tucson, AZ | E5: Reference | F5: 79 | G5: Riffle | H5: 170 | I5: 3.2 | J5: Med | K5: =IF(J5="Lo",0.8,IF(J5="Med",1,(IF(J5="Hi",1.2,"error")))) -> 1 | L5: 3196 | M5: IAFH | N5: IAFH | O5: IAFH | P5: IAFH | Q5: IAFH | R5: IAFH | S5: IAFH | T5: IAFH | U5: IAFH | V5: IAFH
A6: AZ | B6: 9505800 | C6: West Clear Creek near Camp Verde, AZ | D6: Tucson, AZ | E6: Reference | F6: 23 | G6: Riffle | H6: 460 | I6: 7 | J6: Lo | K6: =IF(J6="Lo",0.8,IF(J6="Med",1,(IF(J6="Hi",1.2,"error")))) -> 0.8 | L6: 615 | M6: IAFH | N6: IAFH | O6: IAFH | P6: IAFH | Q6: IAFH | R6: IAFH | S6: IAFH | T6: IAFH | U6: IAFH | V6: IAFH
A7: CA | B7: 11274538 | C7: Orestimba Creek near Crows Landing, CA | D7: Sacramento, CA | E7: Agriculture | F7: 5 | G7: Snag | H7: 240 | I7: 3.6 | J7: Lo | K7: =IF(J7="Lo",0.8,IF(J7="Med",1,(IF(J7="Hi",1.2,"error")))) -> 0.8 | L7: 27.9 | M7: IAFH | N7: IAFH | O7: IAFH | P7: IAFH | Q7: IAFH | R7: IAFH | S7: IAFH | T7: IAFH | U7: IAFH | V7: IAFH
A8: CA | B8: 11335000 | C8: Cosumnes River at Michigan Bar, CA | D8: Sacramento, CA | E8: Reference | F8: 7 | G8: Riffle | H8: 82 | I8: 1.8 | J8: Lo | K8: =IF(J8="Lo",0.8,IF(J8="Med",1,(IF(J8="Hi",1.2,"error")))) -> 0.8 | L8: 1390 | M8: IAFH | N8: IAFH | O8: IAFH | P8: IAFH | Q8: IAFH | R8: IAFH | S8: IAFH | T8: IAFH | U8: IAFH | V8: IAFH
A9: CA | B9: 11264500 | C9: Merced River at Happy Isles Bridge nr Yosemite, CA | D9: Sacramento, CA | E9: Reference | G9: Riffle | H9: 400 | I9: 9 | J9: Med | K9: =IF(J9="Lo",0.8,IF(J9="Med",1,(IF(J9="Hi",1.2,"error")))) -> 1 | L9: 468.8 | M9: IAFH | N9: IAFH | O9: IAFH | P9: IAFH | Q9: IAFH | R9: IAFH | S9: IAFH | T9: IAFH | U9: IAFH | V9: IAFH
A10: CO | B10: 6713500 | C10: Cherry Creek at Denver, CO | D10: Lakewood, CO | E10: Urban | F10: 25 | G10: Riffle | H10: 28 | I10: 0.8 | J10: Lo | K10: =IF(J10="Lo",0.8,IF(J10="Med",1,(IF(J10="Hi",1.2,"error")))) -> 0.8 | L10: 1060 | M10: IAFH | N10: IAFH | O10: IAFH | P10: IAFH | Q10: IAFH | R10: IAFH | S10: IAFH | T10: IAFH | U10: IAFH | V10: IAFH
A11: CT | B11: 1170100 | C11: Green River near Colrain, MA | D11: East Hartford, CT | E11: Reference | F11: 58 | G11: Riffle | H11: 174 | I11: 3.2 | J11: Lo | K11: =IF(J11="Lo",0.8,IF(J11="Med",1,(IF(J11="Hi",1.2,"error")))) -> 0.8 | L11: 107 | M11: IAFH | N11: IAFH | O11: IAFH | P11: IAFH | Q11: IAFH | R11: IAFH | S11: IAFH | T11: IAFH | U11: IAFH | V11: IAFH
A12: CT | B12: 1209710 | C12: Norwalk River at Winnipauk,CT | D12: East Hartford, CT | E12: Urban | F12: 59 | G12: Riffle | H12: 158 | I12: 3 | J12: Med | K12: =IF(J12="Lo",0.8,IF(J12="Med",1,(IF(J12="Hi",1.2,"error")))) -> 1 | L12: 85.1 | M12: IAFH | N12: IAFH | O12: IAFH | P12: IAFH | Q12: IAFH | R12: IAFH | S12: IAFH | T12: IAFH | U12: IAFH | V12: IAFH
A13: GA | B13: 2335870 | C13: Sope Creek near Marietta, GA | D13: Atlanta, GA | E13: Urban | F13: 45 | G13: Riffle | H13: 58 | I13: 1.2 | J13: Med | K13: =IF(J13="Lo",0.8,IF(J13="Med",1,(IF(J13="Hi",1.2,"error")))) -> 1 | L13: 79.5 | M13: IAFH | N13: IAFH | O13: IAFH | P13: IAFH | Q13: IAFH | R13: IAFH | S13: IAFH | T13: IAFH | U13: IAFH | V13: IAFH
A14: GA | B14: 2338523 | C14: Hillibahatchee Creek near Franklin, GA | D14: Atlanta, GA | E14: Reference | F14: 45 | G14: Riffle | H14: 180 | I14: 3.6 | J14: Med | K14: =IF(J14="Lo",0.8,IF(J14="Med",1,(IF(J14="Hi",1.2,"error")))) -> 1 | L14: 43.5 | M14: IAFH | N14: IAFH | O14: IAFH | P14: IAFH | Q14: IAFH | R14: IAFH | S14: IAFH | T14: IAFH | U14: IAFH | V14: IAFH
A15: IA | B15: 5451210 | C15: South Fork Iowa River near New Providence, IA | D15: Iowa City, IA | E15: Agriculture | F15: 47 | G15: Snag | H15: 320 | I15: 5.6 | J15: Hi | K15: =IF(J15="Lo",0.8,IF(J15="Med",1,(IF(J15="Hi",1.2,"error")))) -> 1.2 | L15: 581 | M15: IAFH | N15: IAFH | O15: IAFH | P15: IAFH | Q15: IAFH | R15: IAFH | S15: IAFH | T15: IAFH | U15: IAFH | V15: IAFH
A16: ID | B16: 13092747 | C16: Rock Creek at Twin Falls, ID | D16: Boise, ID | E16: Agriculture | F16: 12 | G16: Riffle | H16: 300 | I16: 4.4 | J16: Lo | K16: =IF(J16="Lo",0.8,IF(J16="Med",1,(IF(J16="Hi",1.2,"error")))) -> 0.8 | L16: 623 | M16: IAFH | N16: IAFH | O16: IAFH | P16: IAFH | Q16: IAFH | R16: IAFH | S16: IAFH | T16: IAFH | U16: IAFH | V16: IAFH
A17: IN | B17: 394340085524601 | C17: Sugar Creek at New Palestine, IN | D17: Indianapolis, IN | E17: Agriculture | F17: 55 | G17: Riffle | H17: 80 | I17: 1.8 | J17: Hi | K17: =IF(J17="Lo",0.8,IF(J17="Med",1,(IF(J17="Hi",1.2,"error")))) -> 1.2 | L17: 246 | M17: IAFH | N17: IAFH | O17: IAFH | P17: IAFH | Q17: IAFH | R17: IAFH | S17: IAFH | T17: IAFH | U17: IAFH | V17: IAFH
A18: LA | B18: 8014500 | C18: Ouiska (Whiskey) Chitto Creek near Oberlin, LA | D18: Baton Rouge, LA | E18: Reference | F18: 35 | G18: Snag | H18: 340 | I18: 5.6 | J18: Med | K18: =IF(J18="Lo",0.8,IF(J18="Med",1,(IF(J18="Hi",1.2,"error")))) -> 1 | L18: 1310 | M18: IAFH | N18: IAFH | O18: IAFH | P18: IAFH | Q18: IAFH | R18: IAFH | S18: IAFH | T18: IAFH | U18: IAFH | V18: IAFH
A19: MD | B19: 1610400 | C19: Waites Run near Wardensville, WV | D19: Baltimore, MD | E19: Reference | F19: 67 | G19: Riffle | H19: 320 | I19: 6.4 | J19: Med | K19: =IF(J19="Lo",0.8,IF(J19="Med",1,(IF(J19="Hi",1.2,"error")))) -> 1 | L19: 32.6 | M19: IAFH | N19: IAFH | O19: IAFH | P19: IAFH | Q19: IAFH | R19: IAFH | S19: IAFH | T19: IAFH | U19: IAFH | V19: IAFH
A20: MD | B20: 1654000 | C20: Accotink Creek near Annandale, VA | D20: Baltimore, MD | E20: Urban | F20: 45 | G20: Riffle | H20: 154 | I20: 2.8 | J20: Med | K20: =IF(J20="Lo",0.8,IF(J20="Med",1,(IF(J20="Hi",1.2,"error")))) -> 1 | L20: 60.7 | M20: IAFH | N20: IAFH | O20: IAFH | P20: IAFH | Q20: IAFH | R20: IAFH | S20: IAFH | T20: IAFH | U20: IAFH | V20: IAFH
A21: MN | B21: 05288705 | C21: Shingle Creek at Minneapolis, MN | D21: Mounds View, MN | E21: Urban | F21: 51 | G21: Snag | H21: 20 | I21: 0.6 | J21: Med | L21: 73 | M21: IAFH | N21: IAFH | O21: IAFH | P21: IAFH | Q21: IAFH | R21: IAFH | S21: IAFH | T21: IAFH | U21: IAFH | V21: IAFH
A22: MS | B22: 07288650 | C22: Bogue Phalia near Leland, MS | D22: Jackson, MS | E22: Agriculture | F22: 73 | G22: Snag | H22: 250 | I22: 4.5 | J22: Hi | K22: =IF(J22="Lo",0.8,IF(J22="Med",1,(IF(J22="Hi",1.2,"error")))) -> 1.2 | L22: 1254 | M22: IAFH | N22: IAFH | O22: IAFH | P22: IAFH | Q22: IAFH | R22: IAFH | S22: IAFH | T22: IAFH | U22: IAFH | V22: IAFH
A23: MT-WY | B23: 6324970 | C23: Little Powder River near Weston, WY | D23: Cheyenne, WY | E23: Reference | F23: 43 | G23: Riffle | H23: 600 | I23: 8.8 | J23: Med | K23: =IF(J23="Lo",0.8,IF(J23="Med",1,(IF(J23="Hi",1.2,"error")))) -> 1 | L23: 3200 | M23: IAFH | N23: IAFH | O23: IAFH | P23: IAFH | Q23: IAFH | R23: IAFH | S23: IAFH | T23: IAFH | U23: IAFH | V23: IAFH
A24: NC | B24: 2087580 | C24: Swift Creek near Apex, NC | D24: Raleigh, NC | E24: Urban | F24: 65 | G24: Riffle | H24: 40 | I24: 0.8 | J24: Med | K24: =IF(J24="Lo",0.8,IF(J24="Med",1,(IF(J24="Hi",1.2,"error")))) -> 1 | L24: 53.9 | M24: IAFH | N24: IAFH | O24: IAFH | P24: IAFH | Q24: IAFH | R24: IAFH | S24: IAFH | T24: IAFH | U24: IAFH | V24: IAFH
A25: NC | B25: 2091500 | C25: Contentnea Creek at Hookerton, NC | D25: Raleigh, NC | E25: Agriculture | F25: 65 | G25: Snag | H25: 200 | I25: 3.8 | J25: Hi | K25: =IF(J25="Lo",0.8,IF(J25="Med",1,(IF(J25="Hi",1.2,"error")))) -> 1.2 | L25: 1910 | M25: IAFH | N25: IAFH | O25: IAFH | P25: IAFH | Q25: IAFH | R25: IAFH | S25: IAFH | T25: IAFH | U25: IAFH | V25: IAFH
A26: NE | B26: 6775900 | C26: Dismal River near Thedford, NE | D26: Lincoln, NE | E26: Reference | F26: 44 | G26: Snag | H26: 660 | I26: 10.2 | J26: Med | K26: =IF(J26="Lo",0.8,IF(J26="Med",1,(IF(J26="Hi",1.2,"error")))) -> 1 | L26: 2500 | M26: IAFH | N26: IAFH | O26: IAFH | P26: IAFH | Q26: IAFH | R26: IAFH | S26: IAFH | T26: IAFH | U26: IAFH | V26: IAFH
A27: NE | B27: 6800000 | C27: Maple Creek near Nickerson, NE | D27: Lincoln, NE | E27: Agriculture | F27: 47 | G27: Snag | H27: 194 | I27: 3.4 | J27: Med | K27: =IF(J27="Lo",0.8,IF(J27="Med",1,(IF(J27="Hi",1.2,"error")))) -> 1 | L27: 955 | M27: IAFH | N27: IAFH | O27: IAFH | P27: IAFH | Q27: IAFH | R27: IAFH | S27: IAFH | T27: IAFH | U27: IAFH | V27: IAFH
A28: NM | B28: 8227000 | C28: Saguache Creek near Saguache, CO | D28: Albuquerque, NM | E28: Reference | F28: 21 | G28: Riffle | H28: 560 | I28: 10.6 | J28: Lo | K28: =IF(J28="Lo",0.8,IF(J28="Med",1,(IF(J28="Hi",1.2,"error")))) -> 0.8 | L28: 1330 | M28: IAFH | N28: IAFH | O28: IAFH | P28: IAFH | Q28: IAFH | R28: IAFH | S28: IAFH | T28: IAFH | U28: IAFH | V28: IAFH
A29: NY | B29: 1349150 | C29: Canajoharie Creek near Canajoharie, NY | D29: Troy, NY | E29: Agriculture | F29: 83 | G29: Riffle | H29: 140 | I29: 2.4 | J29: Med | K29: =IF(J29="Lo",0.8,IF(J29="Med",1,(IF(J29="Hi",1.2,"error")))) -> 1 | L29: 155 | M29: IAFH | N29: IAFH | O29: IAFH | P29: IAFH | Q29: IAFH | R29: IAFH | S29: IAFH | T29: IAFH | U29: IAFH | V29: IAFH
A30: OH | B30: 4161820 | C30: Clinton River at Sterling Heights, MI | D30: Columbus, OH | E30: Urban | F30: 56 | G30: Riffle | H30: 200 | I30: 3.4 | J30: Hi | K30: =IF(J30="Lo",0.8,IF(J30="Med",1,(IF(J30="Hi",1.2,"error")))) -> 1.2 | L30: 803 | M30: IAFH | N30: IAFH | O30: IAFH | P30: IAFH | Q30: IAFH | R30: IAFH | S30: IAFH | T30: IAFH | U30: IAFH | V30: IAFH
A31: OR | B31: 14201300 | C31: Zollner Creek near Mt. Angel, OR | D31: Portland, OR | E31: Agriculture | F31: 3 | G31: Snag | H31: 80 | I31: 2 | J31: Med | K31: =IF(J31="Lo",0.8,IF(J31="Med",1,(IF(J31="Hi",1.2,"error")))) -> 1 | L31: 38.85 | M31: IAFH | N31: IAFH | O31: IAFH | P31: IAFH | Q31: IAFH | R31: IAFH | S31: IAFH | T31: IAFH | U31: IAFH | V31: IAFH
A32: OR | B32: 14205400 | C32: East Fork Dairy Creek near Meachan Corner, OR | D32: Portland, OR | E32: Reference | F32: 3 | G32: Riffle | H32: 90 | I32: 2.2 | J32: Lo | K32: =IF(J32="Lo",0.8,IF(J32="Med",1,(IF(J32="Hi",1.2,"error")))) -> 0.8 | L32: 32.9 | M32: IAFH | N32: IAFH | O32: IAFH | P32: IAFH | Q32: IAFH | R32: IAFH | S32: IAFH | T32: IAFH | U32: IAFH | V32: IAFH
A33: OR | B33: 14206950 | C33: Fanno Creek at Durham, OR | D33: Portland, OR | E33: Urban | F33: 3 | G33: Riffle | H33: 50 | I33: 1.2 | J33: Lo | K33: =IF(J33="Lo",0.8,IF(J33="Med",1,(IF(J33="Hi",1.2,"error")))) -> 0.8 | L33: 80.7 | M33: IAFH | N33: IAFH | O33: IAFH | P33: IAFH | Q33: IAFH | R33: IAFH | S33: IAFH | T33: IAFH | U33: IAFH | V33: IAFH
A34: SC | B34: 2172300 | C34: McTier Creek near Monetta, SC | D34: Columbia, SC | E34: Reference | F34: 65 | G34: Snag | H34: 108 | I34: 1.8 | J34: Med | K34: =IF(J34="Lo",0.8,IF(J34="Med",1,(IF(J34="Hi",1.2,"error")))) -> 1 | L34: 40.4 | M34: IAFH | N34: IAFH | O34: IAFH | P34: IAFH | Q34: IAFH | R34: IAFH | S34: IAFH | T34: IAFH | U34: IAFH | V34: IAFH
A35: TX | B35: 8057200 | C35: White Rock Creek at Dallas, TX | D35: Austin, TX | E35: Urban | F35: 32(pr w /29) | G35: Riffle | H35: 440 | I35: 7 | J35: Hi | K35: =IF(J35="Lo",0.8,IF(J35="Med",1,(IF(J35="Hi",1.2,"error")))) -> 1.2 | L35: 173 | M35: IAFH | N35: IAFH | O35: IAFH | P35: IAFH | Q35: IAFH | R35: IAFH | S35: IAFH | T35: IAFH | U35: IAFH | V35: IAFH
A36: TX | B36: 8195000 | C36: Frio River at Concan, TX | D36: Austin, TX | E36: Reference | F36: 30 | G36: Riffle | H36: 380 | I36: 7.6 | J36: Med | K36: =IF(J36="Lo",0.8,IF(J36="Med",1,(IF(J36="Hi",1.2,"error")))) -> 1 | L36: 1030 | M36: IAFH | N36: IAFH | O36: IAFH | P36: IAFH | Q36: IAFH | R36: IAFH | S36: IAFH | T36: IAFH | U36: IAFH | V36: IAFH
A37: UT | B37: 10168000 | C37: Little Cottonwood Creek at Salt Lake City, UT | D37: West Valley City, UT | E37: Urban | F37: 19 | G37: Depos. | H37: 24 | I37: 0.8 | J37: Lo | K37: =IF(J37="Lo",0.8,IF(J37="Med",1,(IF(J37="Hi",1.2,"error")))) -> 0.8 | L37: 117 | M37: IAFH | N37: IAFH | O37: IAFH | P37: IAFH | Q37: IAFH | R37: IAFH | S37: IAFH | T37: IAFH | U37: IAFH | V37: IAFH
A38: UT | B38: 10172200 | C38: *Red Butte Creek at Fort Douglas, UT | D38: West Valley City, UT | E38: Reference | F38: 19 | G38: Riffle | H38: 34 | I38: 1.2 | J38: Med | K38: =IF(J38="Lo",0.8,IF(J38="Med",1,(IF(J38="Hi",1.2,"error")))) -> 1 | L38: 18.7 | M38: IAH | N38: IAH | O38: IAH | P38: IAH | Q38: IAH | R38: IAH | S38: IAH | T38: IAH | U38: IAH | V38: IAH
A39: WA | B39: 12056500 | C39: **North Fork Skokomish River near Hoodsport, WA | D39: Tacoma, WA | E39: Reference | F39: 1 | G39: Riffle | H39: 156 | I39: 2.8 | J39: Lo | K39: =IF(J39="Lo",0.8,IF(J39="Med",1,(IF(J39="Hi",1.2,"error")))) -> 0.8 | L39: 147 | M39: IAH | N39: IAH | O39: IAH | P39: IAH | Q39: IAH | R39: IAH | S39: IAH | T39: IAH | U39: IAH | V39: IAH
A40: WA | B40: 12505450 | C40: Granger Drain at Granger, WA | D40: Tacoma, WA | E40: Agriculture | F40: 10 | G40: Riffle | H40: 360 | I40: 6 | J40: Lo | K40: =IF(J40="Lo",0.8,IF(J40="Med",1,(IF(J40="Hi",1.2,"error")))) -> 0.8 | L40: 160 | M40: IAFH | N40: IAFH | O40: IAFH | P40: IAFH | Q40: IAFH | R40: IAFH | S40: IAFH | T40: IAFH | U40: IAFH | V40: IAFH
A41: WI | B41: 4063700 | C41: Popple River near Fence, WI | D41: Madison, WI | E41: Reference | F41: 50 | G41: Riffle | H41: 580 | I41: 10.6 | J41: Med | K41: =IF(J41="Lo",0.8,IF(J41="Med",1,(IF(J41="Hi",1.2,"error")))) -> 1 | L41: 363 | M41: IAFH | N41: IAFH | O41: IAFH | P41: IAFH | Q41: IAFH | R41: IAFH | S41: IAFH | T41: IAFH | U41: IAFH | V41: IAFH
C42: *Fish not collected due to permit issues | M42: I=Invertabrates; A=algae; F=fish; H=habitat
C43: **Fish not collected by USGS due to endangered species issues; annual Fish collections at NF Skokomish by U. Washington

Sheet FY16 Eco site costs
F1: FY16 $ (Net) | O1: FY16 $ GROSS
A2: SC | B2: Station number | C2: Station name | D2: PROPOSED COST CENTER TO DO SAMPLING | E2: Cycle3 site type | F2: Eco Field Labor Cost (inc 22.4% lv assess) | G2: Eco Field Travel Cost (per diem) | H2: Eco Vehicle costs | I2: Eco Supply costs | J2: Eco Office Labor Costs (inc 22.4% lv assess) | K2: Eco QA / Mgt Labor Costs (inc 22.4% lv assess) | L2: Eco WSC net cost incl 10% contingency | M2: Dist Direct Cost | N2: Over-head Cost | O2: Eco WSC Total Cost
A3: AR | B3: 07055646 | C3: Buffalo River near Boxley, AR | D3: Little Rock, AR | E3: Reference | F3: 5922.3868 | G3: 795 | H3: 2112 | I3: 890 | J3: 2670.3021 | K3: 755.21567 | L3: 14457.47 | M3: 0 | N3: 6505.8615 | O3: 20963.332
A4: AR | B4: 7060710 | C4: North Sylamore Creek near Fifty Six, AR | D4: Little Rock, AR | E4: Reference | F4: 5034.6629 | G4: 795 | H4: 1584 | I4: 890 | J4: 2670.3021 | K4: 755.21567 | L4: 12900.174 | M4: 0 | N4: 5805.0782 | O4: 18705.252
A5: AZ | B5: 09471000 | C5: San Pedro River at Charleston, AZ | D5: Tucson, AZ | E5: Reference | F5: 5389.7524 | G5: 795 | H5: 2464 | I5: 890 | J5: 2670.3021 | K5: 755.21567 | L5: 14258.772 | M5: 1606.216 | N5: 3829.3635 | O5: 21979.247
A6: AZ | B6: 9505800 | C6: West Clear Creek near Camp Verde, AZ | D6: Tucson, AZ | E6: Reference | F6: 3624.4595 | G6: 0 | H6: 1188 | I6: 890 | J6: 2670.3021 | K6: 755.21567 | L6: 10038.85 | M6: 2281.4036 | N6: 5439.0714 | O6: 15474.43
A7: CA | B7: 11274538 | C7: Orestimba Creek near Crows Landing, CA | D7: Sacramento, CA | E7: Agriculture | F7: 4011.699 | G7: 0 | H7: 1496 | I7: 890 | J7: 2834.8871 | K7: 803.67603 | L7: 11037.963 | M7: 0 | N7: 5662.4752 | O7: 0
A8: CA | B8: 11335000 | C8: Cosumnes River at Michigan Bar, CA | D8: Sacramento, CA | E8: Reference | F8: 3226.7655 | G8: 0 | H8: 800.8 | I8: 890 | J8: 2834.8871 | K8: 803.67603 | L8: 9409.8164 | M8: 0 | N8: 4827.2358 | O8: 14237.052
A9: CA | B9: 11264500 | C9: Merced River at Happy Isles Bridge nr Yosemite, CA | D9: Sacramento, CA | E9: Reference | F9: 6641.3086 | G9: 795 | H9: 2200 | I9: 890 | J9: 2834.8871 | K9: 803.67603 | L9: 15579.434 | M9: 0 | N9: 7992.2496 | O9: 23571.683
A10: CO | B10: 6713500 | C10: Cherry Creek at Denver, CO | D10: Lakewood, CO | E10: Urban | F10: 2796.9772 | G10: 0 | H10: 563.2 | I10: 890 | J10: 2841.5896 | K10: 805.51629 | L10: 8685.0865 | M10: 0 | N10: 5108.5679 | O10: 13793.654
A11: CT | B11: 1170100 | C11: Green River near Colrain, MA | D11: East Hartford, CT | E11: Reference | F11: 3939.2689 | G11: 0 | H11: 1205.6 | I11: 890 | J11: 2909.3599 | K11: 825.45252 | L11: 10744.724 | M11: 0 | N11: 6017.0457 | O11: 16761.77
A12: CT | B12: 1209710 | C12: Norwalk River at Winnipauk,CT | D12: East Hartford, CT | E12: Urban | F12: 3849.7091 | G12: 0 | H12: 1135.2 | I12: 890 | J12: 2909.3599 | K12: 825.45252 | L12: 10568.769 | M12: 0 | N12: 5918.5104 | O12: 16487.279
A13: GA | B13: 2335870 | C13: Sope Creek near Marietta, GA | D13: Atlanta, GA | E13: Urban | F13: 2901.8526 | G13: 0 | H13: 695.2 | I13: 890 | J13: 2775.3088 | K13: 786.04014 | L13: 8851.3167 | M13: 0 | N13: 3648.4242 | O13: 12499.741
A14: GA | B14: 2338523 | C14: Hillibahatchee Creek near Franklin, GA | D14: Atlanta, GA | E14: Reference | F14: 3925.7723 | G14: 0 | H14: 1232 | I14: 890 | J14: 2775.3088 | K14: 786.04014 | L14: 10568.108 | M14: 0 | N14: 4356.0686 | O14: 14924.177
A15: IA | B15: 5451210 | C15: South Fork Iowa River near New Providence, IA | D15: Iowa City, IA | E15: Agriculture | F15: 4768.3457 | G15: 795 | H15: 1848 | I15: 890 | J15: 2670.3021 | K15: 755.21567 | L15: 12897.625 | M15: 0 | N15: 6448.8124 | O15: 19346.437
A16: ID | B16: 13092747 | C16: Rock Creek at Twin Falls, ID | D16: Boise, ID | E16: Agriculture | F16: 4996.6176 | G16: 954 | H16: 1760 | I16: 890 | J16: 2670.3021 | K16: 755.21567 | L16: 13226.824 | M16: 0 | N16: 6445.5635 | O16: 19672.387
A17: IN | B17: 394340085524601 | C17: Sugar Creek at New Palestine, IN | D17: Indianapolis, IN | E17: Agriculture | F17: 3048.5787 | G17: 0 | H17: 792 | I17: 890 | J17: 2680.7283 | K17: 758.28278 | L17: 8984.6238 | M17: 0 | N17: 4245.4144 | O17: 13230.038
... A20: MD | B20: 1654000 | C20: Accotink Creek near Annandale, VA | D20: Baltimore, MD | E20: Urban | F20: 3717.2618 | G20: 0 | H20: 1117.6 | I20: 890 | J20: 2876.5919 | K20: 815.79112 | L20: 10357.044 | M20: 0 | N20: 6214.2265 | O20: 16571.271
A21: MN | B21: 05288705 | C21: Shingle Creek at Minneapolis, MN | D21: Mounds View, MN | E21: Urban | F21: 2765.323 | G21: 0 | H21: 607.2 | I21: 890 | J21: 2809.5663 | K21: 796.1616 | L21: 8653.151 | M21: 0 | N21: 5191.8906 | O21: 13845
A22: MS | B22: 07288650 | C22: Bogue Phalia near Leland, MS | D22: Jackson, MS | E22: Agriculture | F22: 5041.0038 | G22: 954 | H22: 1540 | I22: 890 | J22: 2670.3021 | K22: 755.21567 | L22: 13033.649 | M22: 0 | N22: 5794.4995 | O22: 18828.148
A23: MT-WY | B23: 6324970 | C23: Little Powder River near Weston, WY | D23: Cheyenne, WY | E23: Reference | F23: 6188.704 | G23: 795 | H23: 3080 | I23: 890 | J23: 2670.3021 | K23: 755.21567 | L23: 15815.219 | M23: 0 | N23: 5338.269 | O23: 21153.488
A24: NC | B24: 2087580 | C24: Swift Creek near Apex, NC | D24: Raleigh, NC | E24: Urban | F24: 2637.8083 | G24: 0 | H24: 616 | I24: 890 | J24: 2670.3021 | K24: 755.21567 | L24: 8324.3336 | M24: 0 | N24: 3745.9501 | O24: 12070.284
A25: NC | B25: 2091500 | C25: Contentnea Creek at Hookerton, NC | D25: Raleigh, NC | E25: Agriculture | F25: 4730.3004 | G25: 954 | H25: 1320 | I25: 890 | J25: 2670.3021 | K25: 755.21567 | L25: 12449.875 | M25: 0 | N25: 5602.4437 | O25: 18052.319
A26: NE | B26: 6775900 | C26: Dismal River near Thedford, NE | D26: Lincoln, NE | E26: Reference | F26: 6810.1107 | G26: 795 | H26: 3344 | I26: 890 | J26: 2670.3021 | K26: 755.21567 | L26: 16789.166 | M26: 0 | N26: 9569.8248 | O26: 26358.991
A27: NE | B27: 6800000 | C27: Maple Creek near Nickerson, NE | D27: Lincoln, NE | E27: Agriculture | F27: 3706.6804 | G27: 0 | H27: 1293.6 | I27: 890 | J27: 2670.3021 | K27: 755.21567 | L27: 10245.453 | M27: 0 | N27: 5839.9082 | O27: 16085.361
A28: NM | B28: 8227000 | C28: Saguache Creek near Saguache, CO | D28: Albuquerque, NM | E28: Reference | F28: 6277.4764 | G28: 795 | H28: 2640 | I28: 890 | J28: 2670.3021 | K28: 755.21567 | L28: 15428.869 | M28: 0 | N28: 9431.2045 | O28: 24860.073
A29: NY | B29: 1349150 | C29: Canajoharie Creek near Canajoharie, NY | D29: Troy, NY | E29: Agriculture | F29: 3295.5758 | G29: 0 | H29: 1056 | I29: 890 | J29: 2670.3021 | K29: 755.21567 | L29: 9531.8779 | M29: 953 | N29: 4613.4289 | O29: 15098.495
A30: OH | B30: 4161820 | C30: Clinton River at Sterling Heights, MI | D30: Columbus, OH | E30: Urban | F30: 5943.8342 | G30: 795 | H30: 2376 | I30: 890 | J30: 2731.3698 | K30: 773.31162 | L30: 14858.542 | M30: 0 | N30: 8172.1982 | O30: 23030.74
A31: OR | B31: 14201300 | C31: Zollner Creek near Mt. Angel, OR | D31: Portland, OR | E31: Agriculture | F31: 3269.0835 | G31: 0 | H31: 792 | I31: 888.25 | J31: 2796.9059 | K31: 792.48107 | L31: 9392.5925 | M31: 0 | N31: 5237.5914 | O31: 14630.184
A32: OR | B32: 14205400 | C32: East Fork Dairy Creek near Meachan Corner, OR | D32: Portland, OR | E32: Reference | F32: 3355.1015 | G32: 0 | H32: 836 | I32: 888.25 | J32: 2796.9059 | K32: 792.48107 | L32: 9535.6123 | M32: 0 | N32: 5317.3435 | O32: 14852.956
A33: OR | B33: 14206950 | C33: Fanno Creek at Durham, OR | D33: Portland, OR | E33: Urban | F33: 2925.0116 | G33: 0 | H33: 660 | I33: 888.25 | J33: 2796.9059 | K33: 792.48107 | L33: 8868.9135 | M33: 0 | N33: 4945.5722 | O33: 13814.486
A34: SC | B34: 2172300 | C34: McTier Creek near Monetta, SC | D34: Columbia, SC | E34: Reference | F34: 3048.9129 | G34: 0 | H34: 915.2 | I34: 890 | J34: 2670.3021 | K34: 755.21567 | L34: 9105.6688 | M34: 0 | N34: 5099.1745 | O34: 14204.843
A35: TX | B35: 8057200 | C35: White Rock Creek at Dallas, TX | D35: Austin, TX | E35: Urban | F35: 5389.7524 | G35: 795 | H35: 2376 | I35: 888.25 | J35: 2670.3021 | K35: 755.21567 | L35: 14161.972 | M35: 0 | N35: 6739.8472 | O35: 21916.265
A36: TX | B36: 8195000 | C36: Frio River at Concan, TX | D36: Austin, TX | E36: Reference | F36: 6416.9758 | G36: 954 | H36: 2112 | I36: 888.25 | J36: 2670.3021 | K36: 755.21567 | L36: 15176.418 | M36: 0 | N36: 6289.3319 | O36: 20451.304
A37: UT | B37: 10168000 | C37: Little Cottonwood Creek at Salt Lake City, UT | D37: West Valley City, UT | E37: Urban | F37: 2637.8083 | G37: 0 | H37: 545.6 | I37: 890 | J37: 2670.3021 | K37: 755.21567 | L37: 8246.8936 | M37: 0 | N37: 4102.8296 | O37: 12349.723
A38: UT | B38: 10172200 | C38: Red Butte Creek at Fort Douglas, UT | D38: West Valley City, UT | E38: Reference | F38: 1369.6312 | G38: 0 | H38: 294.8 | I38: 517.275 | J38: 1393.2011 | K38: 503.47711 | L38: 4486.2229 | M38: 0 | N38: 2231.8959 | O38: 6718.1187
A39: WA | B39: 12056500 | C39: North Fork Skokomish River near Hoodsport, WA | D39: Tacoma, WA | E39: Reference | F39: 1766.0292 | G39: 0 | H39: 563.2 | I39: 517.275 | J39: 1475.186 | K39: 534.25046 | L39: 5341.5347 | M39: 0 | N39: 2231.8959 | O39: 7958.8867
A40: WA | B40: 12505450 | C40: Granger Drain at Granger, WA | D40: Tacoma, WA | E40: Agriculture | F40: 5217.8135 | G40: 795 | H40: 2024 | I40: 888.25 | J40: 2827.4398 | K40: 801.37569 | L40: 13809.267 | M40: 0 | N40: 5155.9628 | O40: 20575.808
A41: WI | B41: 4063700 | C41: Popple River near Fence, WI | D41: Madison, WI | E41: Reference | F41: 7748.5617 | G41: 954 | H41: 2992 | I41: 890 | J41: 2670.3021 | K41: 755.21567 | L41: 17609.162 | M41: 0 | N41: 5155.9628 | O41: 22765.125
N42: Total for FY16 = | O42: =SUM(O3:O41) -> 659169.57

Sheet SW sites
A1: SC | B1: 42108 | E1: Type | F1: NAWQA SWMSA Sample Analyses cost (by SC) (estimated prices) | G1: NASQAN Sample Analyses cost (by SC) (estimated prices) | H1: NMN Sample Analyses cost (by SC) (estimated prices) | I1: NAWQA SWMSA QW Gross Sampling costs | J1: NASQAN QW Gross Sampling costs | K1: NMN QW Gross Sampling costs | L1: NAWQA QW Gross Sampling costs (Extras) | M1: NASQAN QW Gross Sampling costs (Extras) | N1: NMN QW Gross Sampling costs (Extras) | O1: NAWQA SW STATUS Gross Continuous monitoring costs | P1: NASQAN Gross Continuous monitoring costs | Q1: NMN Gross Continuous monitoring costs | R1: NAWQA SW STATUS Ecology Sampling Gross Costs | S1: NAWQA SW STATUS Ecology Lab Analysis Costs (estimated prices)
B2: Station | C2: Site name | D2: Network | T2: comments
A4: AK | B4: 15565447 | C4: Yukon River at Pilot Station, AK | D4: NASQAN | E4: Coastal River | G4: 8336.64 | I4: ='FY16 chem site costs'!E2 -> 0 | J4: ='FY16 chem site costs'!F2 -> 73820 | K4: ='FY16 chem site costs'!G2 -> 0 | L4: 0 | M4: 1400 | N4: 0 | O4: 0 | P4: 0 | Q4: 0 | R4: 0 | S4: 0
A5: AL | B5: 2428401 | C5: Alabama R. below Claiborne L&D nr Monroeville, AL | D5: NASQAN | E5: Coastal River | F5: 29654.58 | G5: 23883.9 | I5: ='FY16 chem site costs'!E3 -> 0 | J5: ='FY16 chem site costs'!F3 -> 82775 | K5: ='FY16 chem site costs'!G3 -> 0 | L5: 0 | M5: 2100 | N5: 0 | O5: 0 | P5: 0 | Q5: 0 | R5: 0 | S5: 0
A6: AL | B6: 02469762 | C6: Tombigbee River near Coffeeville, AL | D6: NAWQA | E6: Large Inland River | I6: ='FY16 chem site costs'!E4 -> 89550 | J6: ='FY16 chem site costs'!F4 -> 0 | K6: ='FY16 chem site costs'!G4 -> 0 | L6: 0 | M6: 0 | N6: 0 | O6: 0 | P6: 0 | Q6: 0 | R6: 0 | S6: 0
A7: AR | B7: 07263620 | C7: Arkansas River at Terry L&D below Little Rock, AR | D7: NASQAN | E7: Large Inland River | F7: 8980.86 | G7: 23883.9 | I7: ='FY16 chem site costs'!E5 -> 0 | J7: ='FY16 chem site costs'!F5 -> 59040 | K7: ='FY16 chem site costs'!G5 -> 0 | L7: 0 | M7: 1400 | N7: 0 | O7: 0 | P7: 0 | Q7: 0 | R7: 0 | S7: ='FY16 chem site costs'!I5 -> 0
A8: AR | B8: 07055646 | C8: Buffalo River near Boxley, AR | D8: NAWQA | E8: reference | I8: ='FY16 chem site costs'!E6 -> 19380 | J8: ='FY16 chem site costs'!F6 -> 0 | K8: ='FY16 chem site costs'!G6 -> 0 | L8: 0 | M8: 0 | N8: 0 | O8: 0 | P8: 0 | Q8: 0 | R8: ='FY16 Eco site costs'!O3 -> 20963.332 | S8: 3000
A9: AR | B9: 07060710 | C9: North Sylamore Creek near Fifty Six, AR | D9: NAWQA | E9: reference | I9: ='FY16 chem site costs'!E7 -> 18730 | J9: ='FY16 chem site costs'!F7 -> 0 | K9: ='FY16 chem site costs'!G7 -> 0 | L9: 0 | M9: 0 | N9: 0 | O9: 0 | P9: 0 | Q9: 0 | R9: ='FY16 Eco site costs'!O4 -> 18705.252 | S9: 3000
A10: AZ | B10: 09471000 | C10: San Pedro River at Charleston, AZ | D10: NAWQA | E10: reference | F10: 32864.76 | G10: 20998.56 | I10: ='FY16 chem site costs'!E8 -> 24850 | J10: ='FY16 chem site costs'!F8 -> 0 | K10: ='FY16 chem site costs'!G8 -> 0 | L10: 0 | M10: 0 | N10: 0 | O10: 0 | P10: 0 | Q10: 0 | R10: ='FY16 Eco site costs'!O5 -> 21979.247 | S10: 3000
A11: AZ | B11: 09505800 | C11: West Clear Creek near Camp Verde, AZ | D11: NAWQA | E11: reference | I11: ='FY16 chem site costs'!E9 -> 23931 | J11: ='FY16 chem site costs'!F9 -> 0 | K11: ='FY16 chem site costs'!G9 -> 0 | L11: 0 | M11: 0 | N11: 0 | O11: 0 | P11: 0 | Q11: 0 | R11: ='FY16 Eco site costs'!O6 -> 15474.43 | S11: 3000
A12: AZ | B12: 09380000 | C12: Colorado River at Lees Ferry, AZ | D12: Co-op | E12: Large Inland River | I12: ='FY16 chem site costs'!E10 -> 75835 | J12: ='FY16 chem site costs'!F10 -> 0 | K12: ='FY16 chem site costs'!G10 -> 0 | L12: 0 | M12: 0 | N12: 0 | O12: 0 | P12: 0 | Q12: 0 | R12: 0 | S12: 0
A13: AZ | B13: 09522000 | C13: Colorado River at NIB | D13: NASQAN | E13: Coastal River | I13: ='FY16 chem site costs'!E11 -> 0 | J13: ='FY16 chem site costs'!F11 -> 53854 | K13: ='FY16 chem site costs'!G11 -> 0 | L13: 0 | M13: 1800 | N13: 0 | O13: 0 | P13: 0 | Q13: 0 | R13: 0 | S13: 0
A14: CA | B14: 11447650 | C14: Sacramento River a Freeport, CA | D14: NAWQA | E14: Coastal River | F14: 92815.41 | I14: ='FY16 chem site costs'!E12 -> 74750 | J14: ='FY16 chem site costs'!F12 -> 0 | K14: ='FY16 chem site costs'!G12 -> 0 | L14: 2000 | M14: 0 | N14: 0 | O14: 261300 | P14: 0 | Q14: 0 | R14: 0 | S14: 0
A15: CA | B15: 11274538 | C15: Orestimba Creek near Crows Landing, CA | D15: NAWQA | E15: Agriculture | I15: ='FY16 chem site costs'!E13 -> 0 | J15: ='FY16 chem site costs'!F13 -> 0 | K15: ='FY16 chem site costs'!G13 -> 0 | L15: 0 | M15: 0 | N15: 0 | O15: 0 | P15: 0 | Q15: 0 | R15: 0 | S15: 0
A16: CA | B16: 11303500 | C16: San Joaquin River near Vernalis, CA | D16: NAWQA | E16: Coastal River | I16: ='FY16 chem site costs'!E14 -> 92034 | J16: ='FY16 chem site costs'!F14 -> 0 | K16: ='FY16 chem site costs'!G14 -> 0 | L16: 2000 | M16: 0 | N16: 0 | O16: 0 | P16: 0 | Q16: 0 | R16: 0 | S16: 0
A17: CA | B17: 11335000 | C17: Cosumnes River at Michigan Bar, CA | D17: NAWQA | E17: reference | I17: ='FY16 chem site costs'!E15 -> 31498 | J17: ='FY16 chem site costs'!F15 -> 0 | K17: ='FY16 chem site costs'!G15 -> 0 | L17: 0 | M17: 0 | N17: 0 | O17: 0 | P17: 0 | Q17: 0 | R17: ='FY16 Eco site costs'!O8 -> 14237.052 | S17: 3000
A18: CA | B18: 11264500 | C18: Merced River at Happy Isles Bridge nr Yosemite, CA | D18: NAWQA | E18: reference | I18: ='FY16 chem site costs'!E16 -> 25263 | J18: ='FY16 chem site costs'!F16 -> 0 | K18: ='FY16 chem site costs'!G16 -> 0 | L18: 0 | M18: 0 | N18: 0 | O18: 0 | P18: 0 | Q18: 0 | R18: ='FY16 Eco site costs'!O9 -> 23571.683 | S18: 3000
A19: CA | B19: 11074000 | C19: Santa Ana River below Prado Dam, CA | D19: NAWQA | E19: Coastal River | I19: ='FY16 chem site costs'!E17 -> 82395 | J19: ='FY16 chem site costs'!F17 -> 0 | K19: ='FY16 chem site costs'!G17 -> 0 | L19: 0 | M19: 0 | N19: 0 | O19: 0 | P19: 0 | Q19: 0 | R19: 0 | S19: 0
A20: CO | B20: 06713500 | C20: Cherry Creek at Denver, CO | D20: NAWQA | E20: Urban | F20: 98419.46 | I20: ='FY16 chem site costs'!E18 -> 86767 | J20: ='FY16 chem site costs'!F18 -> 0 | K20: ='FY16 chem site costs'!G18 -> 0 | L20: 0 | M20: 0 | N20: 0 | O20: 0 | P20: 0 | Q20: 0 | R20: ='FY16 Eco site costs'!O10 -> 13793.654 | S20: 3000
A21: CO | B21: 06754000 | C21: South Platte River near Kersey, CO | D21: NAWQA | E21: Large Inland River | I21: ='FY16 chem site costs'!E19 -> 83670 | J21: ='FY16 chem site costs'!F19 -> 0 | K21: ='FY16 chem site costs'!G19 -> 0 | L21: 0 | M21: 0 | N21: 0 | O21: 0 | P21: 0 | Q21: 0 | R21: 0 | S21: 0
A22: CO | B22: 09163500 | C22: Colorado River near Colorado-Utah state line | D22: NAWQA | E22: Large Inland River | I22: ='FY16 chem site costs'!E20 -> 77025 | J22: ='FY16 chem site costs'!F20 -> 0 | K22: ='FY16 chem site costs'!G20 -> 0 | L22: 0 | M22: 0 | N22: 0 | O22: 0 | P22: 0 | Q22: 0 | R22: 0 | S22: 0
A23: CT | B23: 01170100 | C23: Green River near Colrain, MA | D23: NAWQA | E23: reference | F23: 73255.31 | I23: ='FY16 chem site costs'!E21 -> 29575 | J23: ='FY16 chem site costs'!F21 -> 0 | K23: ='FY16 chem site costs'!G21 -> 0 | L23: 0 | M23: 0 | N23: 0 | O23: 0 | P23: 0 | Q23: 0 | R23: ='FY16 Eco site costs'!O11 -> 16761.77 | S23: 3000
A24: CT | B24: 01184000 | C24: Connecticut River at Thompsonville, CT | D24: NAWQA | E24: Coastal River | I24: ='FY16 chem site costs'!E22 -> 63370 | J24: ='FY16 chem site costs'!F22 -> 0 | K24: ='FY16 chem site costs'!G22 -> 0 | L24: 0 | M24: 0 | N24: 0 | O24: 0 | P24: 0 | Q24: 0 | R24: 0 | S24: 0
A25: CT | B25: 01209710 | C25: Norwalk River at Winnipauk,CT | D25: NAWQA | E25: Urban | I25: ='FY16 chem site costs'!E23 -> 62860 | J25: ='FY16 chem site costs'!F23 -> 0 | K25: ='FY16 chem site costs'!G23 -> 0 | L25: 0 | M25: 0 | N25: 0 | O25: 0 | P25: 0 | Q25: 0 | R25: ='FY16 Eco site costs'!O12 -> 16487.279 | S25: 3000
A26: FL | B26: 02359170 | C26: Apalachicola River near Sumatra, FL | D26: NMN | E26: Coastal River | H26: 23883.9 | I26: ='FY16 chem site costs'!E24 -> 0 | J26: ='FY16 chem site costs'!F24 -> 0 | K26: ='FY16 chem site costs'!G24 -> 57070 | L26: 0 | M26: 0 | N26: 1900 | O26: 0 | P26: 0 | Q26: 0 | R26: 0 | S26: 0
A27: GA | B27: 02335870 | C27: Sope Creek near Marietta, GA | D27: NAWQA | E27: Urban | F27: 73255.31 | G27: 23883.9 | I27: ='FY16 chem site costs'!E25 -> 84530 | J27: ='FY16 chem site costs'!F25 -> 0 | K27: ='FY16 chem site costs'!G25 -> 0 | L27: 0 | M27: 0 | N27: 0 | O27: 0 | P27: 0 | Q27: 0 | R27: ='FY16 Eco site costs'!O13 -> 12499.741 | S27: 3000
A28: GA | B28: 02338523 | C28: Hillibahatchee Creek near Franklin, GA | D28: NAWQA | E28: reference | I28: ='FY16 chem site costs'!E26 -> 42025 | J28: ='FY16 chem site costs'!F26 -> 0 | K28: ='FY16 chem site costs'!G26 -> 0 | L28: 0 | M28: 0 | N28: 0 | O28: 0 | P28: 0 | Q28: 0 | R28: ='FY16 Eco site costs'!O14 -> 14924.177 | S28: 3000
A29: GA | B29: 02226160 | C29: Altamaha River at Everett City, GA | D29: NASQAN | E29: Coastal River | I29: ='FY16 chem site costs'!E27 -> 0 | J29: ='FY16 chem site costs'!F27 -> 72180 | K29: ='FY16 chem site costs'!G27 -> 0 | L29: 0 | M29: 2100 | N29: 0 | O29: 0 | P29: 0 | Q29: 0 | R29: 0 | S29: 0
A30: GA | B30: 02338000 | C30: Chattahoochee River near Whitesburg, GA | D30: NAWQA | E30: Large Inland River | I30: ='FY16 chem site costs'!E28 -> 75900 | J30: 0 | K30: 0 | L30: 0 | M30: 0 | N30: 0 | O30: 0 | P30: 0 | Q30: 0 | R30: 0 | S30: 0
A31: IA | B31: 05451210 | C31: South Fork Iowa River near New Providence, IA | D31: NAWQA | E31: Agriculture | F31: 39110.3 | G31: 95535.6 | I31: ='FY16 chem site costs'!E29 -> 76990 | J31: ='FY16 chem site costs'!F29 -> 0 | K31: ='FY16 chem site costs'!G29 -> 0 | L31: 0 | M31: 0 | N31: 0 | O31: 0 | P31: 0 | Q31: 0 | R31: ='FY16 Eco site costs'!O15 -> 19346.437 | S31: 3000
A32: IA | B32: 05465500 | C32: Iowa River at Wapello, IA | D32: NAWQA | E32: Large Inland River | I32: ='FY16 chem site costs'!E30 -> 0 | J32: ='FY16 chem site costs'!F30 -> 54020 | K32: ='FY16 chem site costs'!G30 -> 0 | L32: 0 | M32: 1000 | N32: 0 | O32: 0 | P32: 0 | Q32: 0 | R32: 0 | S32: 0
A33: IA | B33: 05490500 | C33: Des Moines at Keosauqua, IA | D33: NAWQA | E33: Large Inland River | I33: ='FY16 chem site costs'!E31 -> 0 | J33: ='FY16 chem site costs'!F31 -> 54020 | K33: ='FY16 chem site costs'!G31 -> 0 | L33: 0 | M33: 1000 | N33: 0 | O33: 0 | P33: 0 | Q33: 0 | R33: 0 | S33: 0
A34: IA | B34: 05420500 | C34: Mississippi River at Clinton, IA | D34: NASQAN | E34: Large Inland River | I34: ='FY16 chem site costs'!E32 -> 0 | J34: ='FY16 chem site costs'!F32 -> 53500 | K34: ='FY16 chem site costs'!G32 -> 0 | L34: 0 | M34: 1000 | N34: 0 | O34: 45040 | P34: 0 | Q34: 0 | R34: 0 | S34: 0
A35: IA | B35: 06610000 | C35: Missouri River at Omaha, NE | D35: NASQAN | E35: Large Inland River | I35: ='FY16 chem site costs'!E33 -> 0 | J35: ='FY16 chem site costs'!F33 -> 56050 | K35: ='FY16 chem site costs'!G33 -> 0 | L35: 0 | M35: 1200 | N35: 0 | O35: 0 | P35: 0 | Q35: 0 | R35: 0 | S35: 0
A36: ID | B36: 13092747 | C36: Rock Creek at Twin Falls, ID | D36: NAWQA | E36: Agriculture | F36: 99446.23 | I36: ='FY16 chem site costs'!E34 -> 79192 | J36: ='FY16 chem site costs'!F34 -> 0 | K36: ='FY16 chem site costs'!G34 -> 0 | L36: 0 | M36: 0 | N36: 0 | O36: 0 | P36: 0 | Q36: 0 | R36: ='FY16 Eco site costs'!O16 -> 19672.387 | S36: 3000
A37: ID | B37: 13154500 | C37: Snake River at King Hill, ID | D37: NAWQA | E37: Large Inland River | I37: ='FY16 chem site costs'!E35 -> 76097 | J37: ='FY16 chem site costs'!F35 -> 0 | K37: ='FY16 chem site costs'!G35 -> 0 | L37: 0 | M37: 0 | N37: 0 | O37: 0 | P37: 0 | Q37: 0 | R37: 0 | S37: 0
A38: ID | B38: 13056500 | C38: Henrys Fork near Rexburg, ID | D38: NAWQA | E38: Large Inland River | I38: ='FY16 chem site costs'!E36 -> 104839 | J38: 0 | K38: 0 | L38: 0 | M38: 0 | N38: 0 | O38: 0 | P38: 0 | Q38: 0 | R38: 0 | S38: 0
A39: IL | B39: 05586100 | C39: Illinois River at Valley City, IL | D39: NASQAN | E39: Large Inland River | F39: 23883.9 | I39: ='FY16 chem site costs'!E37 -> 99932 | J39: ='FY16 chem site costs'!F37 -> 0 | K39: ='FY16 chem site costs'!G37 -> 0 | L39: 1000 | M39: 0 | N39: 0 | O39: 20700 | P39: 0 | Q39: 0 | R39: 0 | S39: 0
A40: IN | B40: 03374100 | C40: White River at Hazleton, IN | D40: NAWQA | E40: Large Inland River | F40: 68764.88 | I40: ='FY16 chem site costs'!E38 -> 134146 | J40: ='FY16 chem site costs'!F38 -> 0 | K40: ='FY16 chem site costs'!G38 -> 0 | L40: 1000 | M40: 0 | N40: 0 | O40: 11500 | P40: 0 | Q40: 0 | R40: 0 | S40: 0
A41: IN | B41: 394340085524601 | C41: Sugar Creek at New Palestine, IN | D41: NAWQA | E41: Agriculture | I41: ='FY16 chem site costs'!E39 -> 85822 | J41: ='FY16 chem site costs'!F39 -> 0 | K41: ='FY16 chem site costs'!G39 -> 0 | L41: 0 | M41: 0 | N41: 0 | O41: 0 | P41: 0 | Q41: 0 | R41: ='FY16 Eco site costs'!O17 -> 13230.038 | S41: 3000
A42: KS | B42: 06892350 | C42: Kansas River at DeSoto, KS | D42: Co-op | E42: Large Inland River | F42: 53538.48 | I42: ='FY16 chem site costs'!E40 -> 34576 | J42: ='FY16 chem site costs'!F40 -> 0 | K42: ='FY16 chem site costs'!G40 -> 0 | L42: 0 | M42: 0 | N42: 0 | O42: 0 | P42: 0 | Q42: 0 | R42: 0 | S42: 0
A43: KS | B43: 07144100 | C43: Little Arkansas River near Sedgwick, KS | D43: Co-op | E43: Large Inland River | I43: ='FY16 chem site costs'!E41 -> 37423 | J43: ='FY16 chem site costs'!F41 -> 0 | K43: ='FY16 chem site costs'!G41 -> 0 | L43: 0 | M43: 0 | N43: 0 | O43: 0 | P43: 0 | Q43: 0 | R43: 0 | S43: 0
A44: KY | B44: 03303280 | C44: Ohio River at Cannelton Dam at Cannelton, IN | D44: NASQAN | E44: Large Inland River | G44: 95535.6 | I44: ='FY16 chem site costs'!E42 -> 0 | J44: ='FY16 chem site costs'!F42 -> 57288 | K44: ='FY16 chem site costs'!G42 -> 0 | L44: 0 | M44: 1400 | N44: 0 | O44: 0 | P44: 0 | Q44: 0 | R44: 0 | S44: 0
A45: KY | B45: 03378500 | C45: Wabash River at New Harmony, IN | D45: NASQAN | E45: Large Inland River | I45: ='FY16 chem site costs'!E43 -> 0 | J45: ='FY16 chem site costs'!F43 -> 56780 | K45: ='FY16 chem site costs'!G43 -> 0 | L45: 0 | M45: 1400 | N45: 0 | O45: 0 | P45: 0 | Q45: 0 | R45: 0 | S45: 0
A46: KY | B46: 03609750 | C46: Tennessee River at Highway 60 near Paducah, KY | D46: NASQAN | E46: Large Inland River | I46: ='FY16 chem site costs'!E44 -> 0 | J46: ='FY16 chem site costs'!F44 -> 47775 | K46: ='FY16 chem site costs'!G44 -> 0 | L46: 0 | M46: 1400 | N46: 0 | O46: 0 | P46: 0 | Q46: 0 | R46: 0 | S46: 0
A47: KY | B47: 03612600 | C47: Ohio River at Olstead, IL | D47: NASQAN | E47: Large Inland River | I47: ='FY16 chem site costs'!E45 -> 0 | J47: ='FY16 chem site costs'!F45 -> 47902 | K47: ='FY16 chem site costs'!G45 -> 0 | L47: 0 | M47: 1400 | N47: 0 | O47: 45900 | P47: 0 | Q47: 0 | R47: 0 | S47: 0
A48: LA | B48: 08014500 | C48: Whisky Chitto Creek near Oberlin, LA | D48: NAWQA | E48: reference | F48: 4490.43 | G48: 149074.08 | I48: ='FY16 chem site costs'!E46 -> 19565 | J48: ='FY16 chem site costs'!F46 -> 0 | K48: ='FY16 chem site costs'!G46 -> 0 | L48: 0 | M48: 0 | N48: 0 | O48: 0 | P48: 0 | Q48: 0 | R48: ='FY16 Eco site costs'!O18 -> 18936.547 | S48: 3000
A49: LA | B49: 07373420 | C49: Mississippi River near St. Francisville, LA | D49: NASQAN | E49: Large Inland River | I49: ='FY16 chem site costs'!E47 -> 0 | J49: ='FY16 chem site costs'!F47 -> 76027 | K49: ='FY16 chem site costs'!G47 -> 0 | L49: 0 | M49: 1600 | N49: 0 | O49: 0 | P49: 0 | Q49: 0 | R49: 0 | S49: 0
A50: LA | B50: 07374000 | C50: Mississippi River at Baton Rouge, LA | D50: NASQAN | E50: Large Inland River | I50: ='FY16 chem site costs'!E48 -> 0 | J50: ='FY16 chem site costs'!F48 -> 64829 | K50: ='FY16 chem site costs'!G48 -> 0 | L50: 0 | M50: 1400 | N50: 0 | O50: 18640 | P50: 0 | Q50: 0 | R50: 0 | S50: 0
A51: LA | B51: 07374525 | C51: Mississippi River at Belle Chasse, LA | D51: NASQAN | E51: Coastal River | I51: ='FY16 chem site costs'!E49 -> 0 | J51: ='FY16 chem site costs'!F49 -> 77089 | K51: ='FY16 chem site costs'!G49 -> 0 | L51: 0 | M51: 2400 | N51: 0 | O51: 0 | P51: 0 | Q51: 0 | R51: 0 | S51: 0
A52: LA | B52: 07381495 | C52: Atchafalaya River at Melville, LA | D52: NASQAN | E52: Large Inland River | I52: ='FY16 chem site costs'!E50 -> 0 | J52: ='FY16 chem site costs'!F50 -> 77089 | K52: ='FY16 chem site costs'!G50 -> 0 | L52: 0 | M52: 1600 | N52: 0 | O52: 0 | P52: 0 | Q52: 0 | R52: 0 | S52: 0
A53: LA | B53: 07381590 | C53: Wax Lake Outlet at Calumet, LA | D53: NASQAN | E53: Large Inland River | I53: ='FY16 chem site costs'!E51 -> 0 | J53: ='FY16 chem site costs'!F51 -> 63202 | K53: ='FY16 chem site costs'!G51 -> 0 | L53: 0 | M53: 1400 | N53: 0 | O53: 0 | P53: 0 | Q53: 0 | R53: 0 | S53: 0
A54: LA | B54: 07381600 | C54: Lower Atchafalaya River at Morgan City, LA | D54: NASQAN | E54: Coastal River | I54: ='FY16 chem site costs'!E52 -> 0 | J54: ='FY16 chem site costs'!F52 -> 71557 | K54: ='FY16 chem site costs'!G52 -> 0 | L54: 0 | M54: 1400 | N54: 0 | O54: 0 | P54: 0 | Q54: 40800 | R54: 0 | S54: 0
A55: MD | B55: 01578310 | C55: Susquehanna River at Conowingo, MD | D55: NASQAN | E55: Coastal River | F55: 73255.31 | G55: 23883.9 | I55: ='FY16 chem site costs'!E53 -> 0 | J55: ='FY16 chem site costs'!F53 -> 12692 | K55: ='FY16 chem site costs'!G53 -> 0 | L55: 0 | M55: 2700 | N55: 0 | O55: 0 | P55: 0 | Q55: 0 | R55: 0 | S55: 0
A56: MD | B56: 01610400 | C56: Waites Run near Wardensville, WV | D56: NAWQA | E56: reference | I56: ='FY16 chem site costs'!E54 -> 20770 | J56: ='FY16 chem site costs'!F54 -> 0 | K56: ='FY16 chem site costs'!G54 -> 0 | L56: 0 | M56: 0 | N56: 0 | O56: 0 | P56: 0 | Q56: 0 | R56: ='FY16 Eco site costs'!O19 -> 22394.673 | S56: 3000
A57: MD | B57: 01646580 | C57: Potomac River at Washington, DC | D57: NAWQA | E57: Coastal River | I57: ='FY16 chem site costs'!E55 -> 86313 | J57: ='FY16 chem site costs'!F55 -> 0 | K57: ='FY16 chem site costs'!G55 -> 0 | L57: 3400 | M57: 0 | N57: 0 | O57: 20770 | P57: 0 | Q57: 0 | R57: 0 | S57: 0
A58: MD | B58: 01654000 | C58: Accotink Creek near Annandale, VA | D58: NAWQA | E58: Urban | I58: ='FY16 chem site costs'!E56 -> 93967 | J58: ='FY16 chem site costs'!F56 -> 0 | K58: ='FY16 chem site costs'!G56 -> 0 | L58: 0 | M58: 0 | N58: 0 | O58: 0 | P58: 0 | Q58: 0 | R58: ='FY16 Eco site costs'!O20 -> 16571.271 | S58: 3000
A59: MI/OH | B59: 04161820 | C59: Clinton River at Sterling Heights, MI | D59: NAWQA | E59: Urban | F59: 39110.3 | I59: ='FY16 chem site costs'!E57 -> 88189 | J59: ='FY16 chem site costs'!F57 -> 0 | K59: ='FY16 chem site costs'!G57 -> 0 | L59: 0 | M59: 0 | N59: 0 | O59: 0 | P59: 0 | Q59: 0 | R59: ='FY16 Eco site costs'!O30 -> 23030.74 | S59: 3000 | T59: MI WSC collects QW samples/ OH WSC collects eco samples
A60: MN | B60: 05331580 | C60: Mississippi River at Hastings, MN | D60: NAWQA | E60: Large Inland River | F60: 62193.02 | I60: ='FY16 chem site costs'!E58 -> 37074 | J60: ='FY16 chem site costs'!F58 -> 0 | K60: ='FY16 chem site costs'!G58 -> 0 | L60: 0 | M60: 0 | N60: 0 | O60: 0 | P60: 0 | Q60: 0 | R60: 0 | S60: 0
A61: MN | B61: 05288705 | C61: Shingle Creek at Minneapolis, MN | D61: NAWQA | E61: Urban | I61: ='FY16 chem site costs'!E59 -> 79984 | J61: ='FY16 chem site costs'!F59 -> 0 | K61: ='FY16 chem site costs'!G59 -> 0 | L61: 0 | M61: 0 | N61: 0 | O61: 0 | P61: 0 | Q61: 0 | R61: ='FY16 Eco site costs'!O21 -> 13845 | S61: 3000
A62: MO | B62: 07022000 | C62: Mississippi River at Thebes, IL | D62: NASQAN | E62: Large Inland River | G62: 71651.7 | I62: ='FY16 chem site costs'!E60 -> 0 | J62: ='FY16 chem site costs'!F60 -> 90643 | K62: ='FY16 chem site costs'!G60 -> 0 | L62: 0 | M62: 1300 | N62: 0 | O62: 0 | P62: 0 | Q62: 0 | R62: 0 | S62: 0
A63: MO | B63: 05587455 | C63: Mississippi River Below Grafton, IL | D63: NASQAN | E63: Large Inland River | I63: ='FY16 chem site costs'!E61 -> 0 | J63: ='FY16 chem site costs'!F61 -> 21257 | K63: ='FY16 chem site costs'!G61 -> 0 | L63: 0 | M63: 1300 | N63: 0 | O63: 0 | P63: 22615 | Q63: 0 | R63: 0 | S63: 0
A64: MO | B64: 06934500 | C64: Missouri River at Hermann, MO | D64: NASQAN | E64: Large Inland River | I64: ='FY16 chem site costs'!E62 -> 0 | J64: ='FY16 chem site costs'!F62 -> 50733 | K64: ='FY16 chem site costs'!G62 -> 0 | L64: 0 | M64: 1300 | N64: 0 | O64: 0 | P64: 18720 | Q64: 0 | R64: 0 | S64: 0
A65: MS | B65: 07288650 | C65: Bogue Phalia near Leland, MS | D65: NAWQA | E65: Agriculture | F65: 68764.88 | H65: 23883.9 | I65: ='FY16 chem site costs'!E63 -> 94639 | J65: ='FY16 chem site costs'!F63 -> 0 | K65: ='FY16 chem site costs'!G63 -> 0 | L65: 0 | M65: 0 | N65: 0 | O65: 0 | P65: 0 | Q65: 0 | R65: ='FY16 Eco site costs'!O22 -> 18828.148 | S65: 3000
A66: MS | B66: 07288955 | C66: Yazoo River near Long Lake, MS | D66: NAWQA | E66: Large Inland River | I66: ='FY16 chem site costs'!E64 -> 75668 | J66: ='FY16 chem site costs'!F64 -> 0 | K66: ='FY16 chem site costs'!G64 -> 0 | L66: 1800 | M66: 0 | N66: 0 | O66: 0 | P66: 0 | Q66: 0 | R66: 0 | S66: 0
A67: MS | B67: 322023090544500 | C67: Mississippi River above Vicksburg, MS | D67: NMN | E67: Large Inland River | I67: ='FY16 chem site costs'!E65 -> 0 | J67: ='FY16 chem site costs'!F65 -> 0 | K67: ='FY16 chem site costs'!G65 -> 68876 | L67: 0 | M67: 0 | N67: 1800 | O67: 0 | P67: 0 | Q67: 20700 | R67: 0 | S67: 0
A68: MT-WY | B68: 06324970 | C68: Little Powder River near Weston, WY | D68: NAWQA | E68: Reference | F68: 28374.33 | I68: ='FY16 chem site costs'!E66 -> 25392 | J68: ='FY16 chem site costs'!F66 -> 0 | K68: ='FY16 chem site costs'!G66 -> 0 | L68: 0 | M68: 0 | N68: 0 | O68: 0 | P68: 0 | Q68: 0 | R68: ='FY16 Eco site costs'!O23 -> 21153.488 | S68: 3000
A69: MT-WY | B69: 06329500 | C69: Yellowstone River near Sidney, MT | D69: NAWQA | E69: Large Inland River | I69: ='FY16 chem site costs'!E67 -> 72482 | J69: ='FY16 chem site costs'!F67 -> 0 | K69: ='FY16 chem site costs'!G67 -> 0 | L69: 0 | M69: 0 | N69: 0 | O69: 0 | P69: 0 | Q69: 0 | R69: 0 | S69: 0
A70: NC | B70: 02087580 | C70: Swift Creek near Apex, NC | D70: NAWQA | E70: Urban | F70: 107875.18 | I70: ='FY16 chem site costs'!E68 -> 63896 | J70: ='FY16 chem site costs'!F68 -> 0 | K70: ='FY16 chem site costs'!G68 -> 0 | L70: 0 | M70: 0 | N70: 0 | O70: 0 | P70: 0 | Q70: 0 | R70: ='FY16 Eco site costs'!O24 -> 12070.284 | S70: 3000
A71: NC | B71: 02089500 | C71: Neuse River at Kinston, NC | D71: NAWQA | E71: Large Inland River | I71: ='FY16 chem site costs'!E69 -> 84220 | J71: ='FY16 chem site costs'!F69 -> 0 | K71: ='FY16 chem site costs'!G69 -> 0 | L71: 0 | M71: 0 | N71: 0 | O71: 0 | P71: 0 | Q71: 0 | R71: 0 | S71: 0
A72: NC | B72: 02091500 | C72: Contentnea Creek at Hookerton, NC | D72: NAWQA | E72: Agriculture | I72: ='FY16 chem site costs'!E70 -> 84220 | J72: ='FY16 chem site costs'!F70 -> 0 | K72: ='FY16 chem site costs'!G70 -> 0 | L72: 0 | M72: 0 | N72: 0 | O72: 0 | P72: 0 | Q72: 0 | R72: ='FY16 Eco site costs'!O25 -> 18052.319 | S72: 3000
A73: ND | B73: 05082500 | C73: Red River of the North at Grand Forks, ND | D73: Co-op | E73: Large Inland River | F73: 23883.9 | I73: ='FY16 chem site costs'!E71 -> 29205 | J73: ='FY16 chem site costs'!F71 -> 0 | K73: ='FY16 chem site costs'!G71 -> 0 | L73: 0 | M73: 0 | N73: 0 | O73: 0 | P73: 0 | Q73: 0 | R73: 0 | S73: 0
A74: NE | B74: 06775900 | C74: Dismal River near Thedford, NE | D74: NAWQA | E74: reference | F74: 97139.21 | I74: ='FY16 chem site costs'!E72 -> 29048 | J74: ='FY16 chem site costs'!F72 -> 0 | K74: ='FY16 chem site costs'!G72 -> 0 | L74: 0 | M74: 0 | N74: 0 | O74: 0 | P74: 0 | Q74: 0 | R74: ='FY16 Eco site costs'!O26 -> 26358.991 | S74: 3000
A75: NE | B75: 06800000 | C75: Maple Creek near Nickerson, NE | D75: NAWQA | E75: Agriculture | I75: ='FY16 chem site costs'!E73 -> 78500 | J75: ='FY16 chem site costs'!F73 -> 0 | K75: ='FY16 chem site costs'!G73 -> 0 | L75: 0 | M75: 0 | N75: 0 | O75: 0 | P75: 0 | Q75: 0 | R75: ='FY16 Eco site costs'!O27 -> 16085.361 | S75: 3000
A76: NE | B76: 06800500 | C76: Elkhorn River at Waterloo, NE | D76: NAWQA | E76: Large Inland River | I76: ='FY16 chem site costs'!E74 -> 67471 | J76: ='FY16 chem site costs'!F74 -> 0 | K76: ='FY16 chem site costs'!G74 -> 0 | L76: 0 | M76: 0 | N76: 0 | O76: 0 | P76: 0 | Q76: 0 | R76: 0 | S76: 0
A77: NE | B77: 06805500 | C77: Platte River at Louisville, NE | D77: NAWQA | E77: Large Inland River | I77: ='FY16 chem site costs'!E75 -> 64645 | J77: ='FY16 chem site costs'!F75 -> 0 | K77: ='FY16 chem site costs'!G75 -> 0 | L77: 2700 | M77: 0 | N77: 0 | O77: 0 | P77: 0 | Q77: 0 | R77: 0 | S77: 0
A78: NJ | B78: 01463500 | C78: Delaware River at Trenton, NJ | D78: NAWQA | E78: Coastal River | F78: 23883.9 | I78: ='FY16 chem site costs'!E76 -> 68009 | J78: ='FY16 chem site costs'!F76 -> 0 | K78: ='FY16 chem site costs'!G76 -> 0 | L78: 2200 | M78: 0 | N78: 0 | O78: 0 | P78: 0 | Q78: 0 | R78: 0 | S78: 0
A79: NM | B79: 08227000 | C79: Saguache Creek near Saguache, CO | D79: NAWQA | E79: reference | F79: 28374.33 | I79: ='FY16 chem site costs'!E77 -> 35003 | J79: ='FY16 chem site costs'!F77 -> 0 | K79: ='FY16 chem site costs'!G77 -> 0 | L79: 0 | M79: 0 | N79: 0 | O79: 0 | P79: 0 | Q79: 0 | R79: ='FY16 Eco site costs'!O28 -> 24860.073 | S79: 3000
A80: NM | B80: 08364000 | C80: Rio Grande at El Paso, TX | D80: NAWQA | E80: Large Inland River | I80: ='FY16 chem site costs'!E78 -> 77236 | J80: ='FY16 chem site costs'!F78 -> 0 | K80: ='FY16 chem site costs'!G78 -> 0 | L80: 0 | M80: 0 | N80: 0 | O80: 0 | P80: 0 | Q80: 0 | R80: 0 | S80: 0
A81: NV | B81: 10350340 | C81: Truckee River at Tracy, NV | D81: NAWQA | E81: Large Inland River | F81: 29654.58 | I81: ='FY16 chem site costs'!E79 -> 66357 | J81: ='FY16 chem site costs'!F79 -> 0 | K81: ='FY16 chem site costs'!G79 -> 0 | L81: 0 | M81: 0 | N81: 0 | O81: 0 | P81: 0 | Q81: 0 | R81: 0 | S81: 0
A82: NY | B82: 01349150 | C82: Canajoharie Creek near Canajoharie, NY | D82: NAWQA | E82: Agriculture | F82: 39110.3 | G82: 23883.9 | H82: 23883.9 | I82: ='FY16 chem site costs'!E80 -> 115953 | J82: ='FY16 chem site costs'!F80 -> 0 | K82: ='FY16 chem site costs'!G80 -> 0 | L82: 0 | M82: 0 | N82: 0 | O82: 0 | P82: 0 | Q82: 0 | R82: ='FY16 Eco site costs'!O29 -> 15098.495 | S82: 3000
A83: NY | B83: 01372043 | C83: Hudson River near Poughkeepsie, NY | D83: NMN | E83: Coastal River | I83: ='FY16 chem site costs'!E82 -> 0 | J83: ='FY16 chem site costs'!F82 -> 0 | K83: ='FY16 chem site costs'!G82 -> 68847 | L83: 0 | M83: 2100 | N83: 2100 | O83: 0 | P83: 0 | Q83: 0 | R83: 0 | S83: 0
A84: NY | B84: 4264331 | C84: St. Lawrence River at Cornwall, Ontario | D84: NASQAN | E84: Large Inland River | I84: ='FY16 chem site costs'!E81 -> 0 | J84: ='FY16 chem site costs'!F81 -> 59789 | K84: ='FY16 chem site costs'!G81 -> 0 | L84: 0 | M84: 0 | N84: 0 | O84: 0 | P84: 0 | Q84: 0 | R84: 0 | S84: 0
A85: OH | B85: 04193500 | C85: Maumee River at Waterville, OH | D85: NAWQA | E85: Large Inland River | F85: 29654.58 | I85: ='FY16 chem site costs'!E83 -> 86338 | J85: ='FY16 chem site costs'!F83 -> 0 | K85: ='FY16 chem site costs'!G83 -> 0 | O85: 0 | P85: 0 | Q85: 0 | R85: 0 | S85: 0
A86: OK | B86: 07241550 | C86: North Canadian River near Harrah, OK | D86: Co-op | E86: Large Inland River | F86: 29654.58 | I86: ='FY16 chem site costs'!E84 -> 27030 | J86: ='FY16 chem site costs'!F84 -> 0 | K86: ='FY16 chem site costs'!G84 -> 0 | L86: 0 | M86: 0 | N86: 0 | O86: 0 | P86: 0 | Q86: 0 | R86: 0 | S86: 0
A87: OR | B87: 14201300 | C87: Zollner Creek near Mt. Angel, OR | D87: NAWQA | E87: Agriculture | F87: 112365.61 | G87: 20998.56 | I87: ='FY16 chem site costs'!E85 -> 92163 | J87: ='FY16 chem site costs'!F85 -> 0 | K87: ='FY16 chem site costs'!G85 -> 0 | L87: 0 | M87: 0 | N87: 0 | O87: 0 | P87: 0 | Q87: 0 | R87: ='FY16 Eco site costs'!O31 -> 14630.184 | S87: 3000
A88: OR | B88: 14205400 | C88: E Fork Dairy Creek near Meachan Corner, OR | D88: NAWQA | E88: reference | I88: ='FY16 chem site costs'!E86 -> 31118 | J88: ='FY16 chem site costs'!F86 -> 0 | K88: ='FY16 chem site costs'!G86 -> 0 | L88: 0 | M88: 0 | N88: 0 | O88: 0 | P88: 0 | Q88: 0 | R88: ='FY16 Eco site costs'!O32 -> 14852.956 | S88: 3000
A89: OR | B89: 14206950 | C89: Fanno Creek at Durham, OR | D89: NAWQA | E89: urban | I89: ='FY16 chem site costs'!E87 -> 87380 | J89: ='FY16 chem site costs'!F87 -> 0 | K89: ='FY16 chem site costs'!G87 -> 0 | L89: 0 | M89: 0 | N89: 0 | O89: 0 | P89: 0 | Q89: 0 | R89: ='FY16 Eco site costs'!O33 -> 13814.486 | S89: 3000
A90: OR | B90: 14211720 | C90: Willamette River at Portland, OR | D90: NAWQA | E90: Large Inland River | I90: ='FY16 chem site costs'!E88 -> 80277 | J90: ='FY16 chem site costs'!F88 -> 0 | K90: ='FY16 chem site costs'!G88 -> 0 | L90: 0 | M90: 0 | N90: 0 | O90: 20700 | P90: 0 | Q90: 0 | R90: 0 | S90: 0
A91: OR | B91: 14246900 | C91: Columbia River near Beaver Army Terminal, OR | D91: NASQAN | E91: Coastal River | I91: ='FY16 chem site costs'!E89 -> 0 | J91: ='FY16 chem site costs'!F89 -> 67046 | K91: ='FY16 chem site costs'!G89 -> 0 | L91: 0 | M91: 1800 | N91: 0 | O91: 0 | P91: 0 | Q91: 0 | R91: 0 | S91: 0
A92: SC | B92: 02172300 | C92: McTier Creek near Monetta, SC | D92: NAWQA | E92: reference | F92: 34145.01 | I92: ='FY16 chem site costs'!E90 -> 35690 | J92: ='FY16 chem site costs'!F90 -> 0 | K92: ='FY16 chem site costs'!G90 -> 0 | L92: 0 | M92: 0 | N92: 0 | O92: 0 | P92: 0 | Q92: 0 | R92: ='FY16 Eco site costs'!O34 -> 14204.843 | S92: 3000
A93: SC | B93: 02175000 | C93: Edisto River near Givhans, SC | D93: NAWQA | E93: Coastal River | I93: ='FY16 chem site costs'!E91 -> 90910 | J93: ='FY16 chem site costs'!F91 -> 0 | K93: ='FY16 chem site costs'!G91 -> 0 | L93: 0 | M93: 0 | N93: 0 | O93: 0 | P93: 0 | Q93: 0 | R93: 0 | S93: 0
A94: TX | B94: 08057200 | C94: White Rock Creek at Dallas, TX | D94: NAWQA | E94: urban | F94: 73255.31 | G94: 20998.56 | H94: 23883.9 | I94: ='FY16 chem site costs'!E92 -> 110046 | J94: ='FY16 chem site costs'!F92 -> 0 | K94: ='FY16 chem site costs'!G92 -> 0 | L94: 0 | M94: 0 | N94: 0 | O94: 0 | P94: 0 | Q94: 0 | R94: ='FY16 Eco site costs'!O35 -> 21916.265 | S94: 3000
A95: TX | B95: 08057410 | C95: Trinity River below Dallas, TX | D95: NAWQA | E95: Large Inland River | I95: ='FY16 chem site costs'!E93 -> 101730 | J95: ='FY16 chem site costs'!F93 -> 0 | K95: ='FY16 chem site costs'!G93 -> 0 | L95: 0 | M95: 0 | N95: 0 | O95: 0 | P95: 0 | Q95: 0 | R95: 0 | S95: 0
A96: TX | B96: 08116650 | C96: Brazos River near Rosharon, TX | D96: NMN | E96: Coastal River | I96: ='FY16 chem site costs'!E94 -> 0 | J96: ='FY16 chem site costs'!F94 -> 0 | K96: ='FY16 chem site costs'!G94 -> 61996 | L96: 0 | M96: 0 | N96: 2100 | O96: 0 | P96: 0 | Q96: 0 | R96: 0 | S96: 0
A97: TX | B97: 08195000 | C97: Frio River at Concan, TX | D97: NAWQA | E97: reference | I97: ='FY16 chem site costs'!E95 -> 42002 | J97: ='FY16 chem site costs'!F95 -> 0 | K97: ='FY16 chem site costs'!G95 -> 0 | L97: 0 | M97: 0 | N97: 0 | O97: 0 | P97: 0 | Q97: 0 | R97: ='FY16 Eco site costs'!O36 -> 20451.304 | S97: 3000
A98: TX | B98: 08475000 | C98: Rio Grande near Brownsville, TX | D98: NASQAN | E98: Coastal River | I98: ='FY16 chem site costs'!E96 -> 0 | J98: ='FY16 chem site costs'!F96 -> 78189 | K98: ='FY16 chem site costs'!G96 -> 0 | L98: 0 | M98: 1800 | N98: 0 | O98: 0 | P98: 0 | Q98: 0 | R98: 0 | S98: 0
A99: UT | B99: 10168000 | C99: Little Cottonwood Creek at Salt Lake City, UT | D99: NAWQA | E99: urban | F99: 73255.31 | I99: ='FY16 chem site costs'!E97 -> 77634 | J99: ='FY16 chem site costs'!F97 -> 0 | K99: ='FY16 chem site costs'!G97 -> 0 | L99: 0 | M99: 0 | N99: 0 | O99: 0 | P99: 0 | Q99: 0 | R99: ='FY16 Eco site costs'!O37 -> 12349.723 | S99: 3000
A100: UT | B100: 10171000 | C100: Jordan River at Salt Lake City, UT | D100: NAWQA | E100: Large Inland River | I100: ='FY16 chem site costs'!E98 -> 61069 | J100: ='FY16 chem site costs'!F98 -> 0 | K100: ='FY16 chem site costs'!G98 -> 0 | L100: 0 | M100: 0 | N100: 0 | O100: 0 | P100: 0 | Q100: 0 | R100: 0 | S100: 0
A101: UT | B101: 10172200 | C101: Red Butte Creek at Ft Douglas, UT | D101: NAWQA | E101: reference | I101: ='FY16 chem site costs'!E99 -> 20716 | J101: ='FY16 chem site costs'!F99 -> 0 | K101: ='FY16 chem site costs'!G99 -> 0 | L101: 0 | M101: 0 | N101: 0 | O101: 0 | P101: 0 | Q101: 0 | R101: ='FY16 Eco site costs'!O38 -> 6718.1187 | S101: 3000
...

Sheet FY16 sampling by SC
A1: 42139
B2: NAWQA SW Chemistry | F2: NASQAN Chemistry | J2: NMN Chemistry | N2: NAWQA Ecology | P2: NAWQA SW Status Total | S2: NASQAN Total | V2: NMN Total
A3: SC | B3: Sampling & Data Review | C3: Sampling Extras (DOC Frac, DNA, etc) | D3: Lab Analysis (includes QC) | E3: QW Continuous Monitoring | F3: Sampling & Data Review | G3: Sampling Extras (DOC Frac, DNA, etc) | H3: Lab Analysis (includes QC) | I3: QW Continuous Monitoring | J3: Sampling & Data Review | K3: Sampling Extras (DOC Frac, DNA, etc) | L3: Lab Analysis (includes QC) | M3: QW Continuous Monitoring | N3: Sampling & Data Review | O3: Lab Analysis (includes QC) | P3: Lab Analysis | Q3: SC Costs | R3: TOTAL | S3: Lab Analysis | T3: WSC Costs | U3: TOTAL | V3: Lab Analysis | W3: WSC Costs | X3: TOTAL
A4: AK | B4: =SUM('SW sites'!I4) -> 0 | C4: 0 | D4: =SUM('SW sites'!F4) -> 0 | E4: =SUM('SW sites'!O4) -> 0 | F4: =SUM('SW sites'!J4) -> 73820 | G4: =SUM('SW sites'!M4) -> 1400 | H4: =SUM('SW sites'!G4) -> 8336.64 | I4: =SUM('SW sites'!P4) -> 0 | J4: =SUM('SW sites'!K4) -> 0 | K4: 0 | L4: =SUM('SW sites'!H4) -> 0 | M4: =SUM('SW sites'!Q4) -> 0 | N4: =SUM('SW sites'!R4) -> 0 | O4: 0 | P4: =D4+O4 -> 0 | Q4: =B4+C4+N4+E4 -> 0 | R4: =P4+Q4 -> 0 | S4: =H4 -> 8336.64 | T4: =F4+G4+I4 -> 75220 | U4: =S4+T4 -> 83556.64 | V4: =L4 -> 0 | W4: =J4+M4 -> 0 | X4: =V4+W4 -> 0
A5: AL | B5: =SUM('SW sites'!I6:'SW sites'!I5) -> 89550 | C5: 0 | D5: =SUM('SW sites'!F6:'SW sites'!F5) -> 29654.58 | E5: =SUM('SW sites'!O6:'SW sites'!O5) -> 0 | F5: =SUM('SW sites'!J6:'SW sites'!J5) -> 82775 | G5: =SUM('SW sites'!M6:'SW sites'!M5) -> 2100 | H5: =SUM('SW sites'!G6:'SW sites'!G5) -> 23883.9 | I5: =SUM('SW sites'!P5:'SW sites'!P6) -> 0 | J5: =SUM('SW sites'!K5:'SW sites'!K6) -> 0 | K5: 0 | L5: =SUM('SW sites'!H5:'SW sites'!H6) -> 0 | M5: =SUM('SW sites'!Q5:'SW sites'!Q6) -> 0 | N5: =SUM('SW sites'!R5:'SW sites'!R6) -> 0 | O5: 0 | P5: =D5+O5 -> 29654.58 | Q5: =B5+C5+N5+E5 -> 89550 | R5: =P5+Q5 -> 119204.58 | S5: =H5 -> 23883.9 | T5: =F5+G5+I5 -> 84875 | U5: =S5+T5 -> 108758.9 | V5: =L5 -> 0 | W5: =J5+M5 -> 0 | X5: =V5+W5 -> 0
A6: AR | B6: =SUM('SW sites'!I7:'SW sites'!I9) -> 38110 | C6: 0 | D6: =SUM('SW sites'!F7:'SW sites'!F9) -> 8980.86 | E6: =SUM('SW sites'!O7:'SW sites'!O9) -> 0 | F6: =SUM('SW sites'!J7:'SW sites'!J9) -> 59040 | G6: =SUM('SW sites'!M7:'SW sites'!M9) -> 1400 | H6: =SUM('SW sites'!G7:'SW sites'!G9) -> 23883.9 | I6: =SUM('SW sites'!P7:'SW sites'!P9) -> 0 | J6: =SUM('SW sites'!K7:'SW sites'!K9) -> 0 | K6: 0 | L6: =SUM('SW sites'!H7:'SW sites'!H9) -> 0 | M6: =SUM('SW sites'!Q7:'SW sites'!Q9) -> 0 | N6: =SUM('SW sites'!R7:'SW sites'!R9) -> 39668.583 | O6: 6000 | P6: =D6+O6 -> 14980.86 | Q6: =B6+C6+N6+E6 -> 77778.583 | R6: =P6+Q6 -> 92759.443 | S6: =H6 -> 23883.9 | T6: =F6+G6+I6 -> 60440 | U6: =S6+T6 -> 84323.9 | V6: =L6 -> 0 | W6: =J6+M6 -> 0 | X6: =V6+W6 -> 0
A7: AZ | B7: =SUM('SW sites'!I10:'SW sites'!I13) -> 124616 | C7: 0 | D7: =SUM('SW sites'!F10:'SW sites'!F13) -> 32864.76 | E7: =SUM('SW sites'!O10:'SW sites'!O13) -> 0 | F7: =SUM('SW sites'!J10:'SW sites'!J13) -> 53854 | G7: =SUM('SW sites'!M10:'SW sites'!M13) -> 1800 | H7: =SUM('SW sites'!G10:'SW sites'!G13) -> 20998.56 | I7: =SUM('SW sites'!P10:'SW sites'!P13) -> 0 | J7: =SUM('SW sites'!K10:'SW sites'!K13) -> 0 | K7: 0 | L7: =SUM('SW sites'!H10:'SW sites'!H13) -> 0 | M7: =SUM('SW sites'!Q10:'SW sites'!Q13) -> 0 | N7: =SUM('SW sites'!R10:'SW sites'!R13) -> 37453.677 | O7: 6000 | P7: =D7+O7 -> 38864.76 | Q7: =B7+C7+N7+E7 -> 162069.68 | R7: =P7+Q7 -> 200934.44 | S7: =H7 -> 20998.56 | T7: =F7+G7+I7 -> 55654 | U7: =S7+T7 -> 76652.56 | V7: =L7 -> 0 | W7: =J7+M7 -> 0 | X7: =V7+W7 -> 0
A8: CA | B8: =SUM('SW sites'!I14:'SW sites'!I19) -> 305940 | C8: =SUM('SW sites'!L14:'SW sites'!L19) -> 4000 | D8: =SUM('SW sites'!F14:'SW sites'!F19) -> 92815.41 | E8: =SUM('SW sites'!O14:'SW sites'!O19) -> 261300 | F8: =SUM('SW sites'!J14:'SW sites'!J19) -> 0 | G8: 0 | H8: =SUM('SW sites'!G14:'SW sites'!G19) -> 0 | I8: =SUM('SW sites'!P14:'SW sites'!P19) -> 0 | J8: =SUM('SW sites'!K14:'SW sites'!K19) -> 0 | K8: 0 | L8: =SUM('SW sites'!H14:'SW sites'!H19) -> 0 | M8: =SUM('SW sites'!Q14:'SW sites'!Q19) -> 0 | N8: =SUM('SW sites'!R14:'SW sites'!R19) -> 37808.736 | O8: 6000 | P8: =D8+O8 -> 98815.41 | Q8: =B8+C8+N8+E8 -> 609048.74 | R8: =P8+Q8 -> 707864.15 | S8: =H8 -> 0 | T8: =F8+G8+I8 -> 0 | U8: =S8+T8 -> 0 | V8: =L8 -> 0 | W8: =J8+M8 -> 0 | X8: =V8+W8 -> 0
A9: CO | B9: =SUM('SW sites'!I20:'SW sites'!I22) -> 247462 | C9: 0 | D9: =SUM('SW sites'!F20:'SW sites'!F22) -> 98419.46 | E9: =SUM('SW sites'!O20:'SW sites'!O22) -> 0 | F9: =SUM('SW sites'!J20:'SW sites'!J22) -> 0 | G9: 0 | H9: =SUM('SW sites'!G20:'SW sites'!G22) -> 0 | I9: =SUM('SW sites'!P20:'SW sites'!P22) -> 0 | J9: =SUM('SW sites'!K20:'SW sites'!K22) -> 0 | K9: 0 | L9: =SUM('SW sites'!H20:'SW sites'!H22) -> 0 | M9: =SUM('SW sites'!Q20:'SW sites'!Q22) -> 0 | N9: =SUM('SW sites'!R20:'SW sites'!R22) -> 13793.654 | O9: 3000 | P9: =D9+O9 -> 101419.46 | Q9: =B9+C9+N9+E9 -> 261255.65 | R9: =P9+Q9 -> 362675.11 | S9: =H9 -> 0 | T9: =F9+G9+I9 -> 0 | U9: =S9+T9 -> 0 | V9: =L9 -> 0 | W9: =J9+M9 -> 0 | X9: =V9+W9 -> 0
A10: CT | B10: =SUM('SW sites'!I23:'SW sites'!I25) -> 155805 | C10: 0 | D10: =SUM('SW sites'!F23:'SW sites'!F25) -> 73255.31 | E10: =SUM('SW sites'!O23:'SW sites'!O25) -> 0 | F10: =SUM('SW sites'!J23:'SW sites'!J25) -> 0 | G10: 0 | H10: =SUM('SW sites'!G23:'SW sites'!G25) -> 0 | I10: =SUM('SW sites'!P23:'SW sites'!P25) -> 0 | J10: =SUM('SW sites'!K23:'SW sites'!K25) -> 0 | K10: 0 | L10: =SUM('SW sites'!H23:'SW sites'!H25) -> 0 | M10: =SUM('SW sites'!Q23:'SW sites'!Q25) -> 0 | N10: =SUM('SW sites'!R23:'SW sites'!R25) -> 33249.049 | O10: 6000 | P10: =D10+O10 -> 79255.31 | Q10: =B10+C10+N10+E10 -> 189054.05 | R10: =P10+Q10 -> 268309.36 | S10: =H10 -> 0 | T10: =F10+G10+I10 -> 0 | U10: =S10+T10 -> 0 | V10: =L10 -> 0 | W10: =J10+M10 -> 0 | X10: =V10+W10 -> 0
A11: FL | B11: =SUM('SW sites'!I26) -> 0 | C11: 0 | D11: =SUM('SW sites'!F26) -> 0 | E11: =SUM('SW sites'!O26) -> 0 | F11: =SUM('SW sites'!J26) -> 0 | G11: 0 | H11: =SUM('SW sites'!G26) -> 0 | I11: =SUM('SW sites'!P26) -> 0 | J11: =SUM('SW sites'!K26) -> 57070 | K11: =SUM('SW sites'!N26) -> 1900 | L11: =SUM('SW sites'!H26) -> 23883.9 | M11: =SUM('SW sites'!Q26) -> 0 | N11: =SUM('SW sites'!R26) -> 0 | O11: 0 | P11: =D11+O11 -> 0 | Q11: =B11+C11+N11+E11 -> 0 | R11: =P11+Q11 -> 0 | S11: =H11 -> 0 | T11: =F11+G11+I11 -> 0 | U11: =S11+T11 -> 0 | V11: =L11 -> 23883.9 | W11: =J11+K11+M11 -> 58970 | X11: =V11+W11 -> 82853.9
A12: GA | B12: =SUM('SW sites'!I27:'SW sites'!I30) -> 202455 | C12: 0 | D12: =SUM('SW sites'!F27:'SW sites'!F30) -> 73255.31 | E12: =SUM('SW sites'!O27:'SW sites'!O29) -> 0 | F12: =SUM('SW sites'!J27:'SW sites'!J30) -> 72180 | G12: =SUM('SW sites'!M27:'SW sites'!M30) -> 2100 | H12: =SUM('SW sites'!G27:'SW sites'!G30) -> 23883.9 | I12: =SUM('SW sites'!P27:'SW sites'!P29) -> 0 | J12: =SUM('SW sites'!K27:'SW sites'!K29) -> 0 | K12: 0 | L12: =SUM('SW sites'!H27:'SW sites'!H29) -> 0 | M12: =SUM('SW sites'!Q27:'SW sites'!Q29) -> 0 | N12: =SUM('SW sites'!R27:'SW sites'!R30) -> 27423.918 | O12: 6000 | P12: =D12+O12 -> 79255.31 | Q12: =B12+C12+N12+E12 -> 229878.92 | R12: =P12+Q12 -> 309134.23 | S12: =H12 -> 23883.9 | T12: =F12+G12+I12 -> 74280 | U12: =S12+T12 -> 98163.9 | V12: =L12 -> 0 | W12: =J12+M12 -> 0 | X12: =V12+W12 -> 0
A13: IA | B13: =SUM('SW sites'!I35:'SW sites'!I31) -> 76990 | C13: 0 | D13: =SUM('SW sites'!F35:'SW sites'!F31) -> 39110.3 | E13: =SUM('SW sites'!O35:'SW sites'!O31) -> 45040 | F13: =SUM('SW sites'!J35:'SW sites'!J31) -> 217590 | G13: =SUM('SW sites'!M35:'SW sites'!M31) -> 4200 | H13: =SUM('SW sites'!G35:'SW sites'!G31) -> 95535.6 | I13: =SUM('SW sites'!P35:'SW sites'!P31) -> 0 | J13: =SUM('SW sites'!K35:'SW sites'!K31) -> 0 | K13: 0 | L13: =SUM('SW sites'!H35:'SW sites'!H31) -> 0 | M13: =SUM('SW sites'!Q35:'SW sites'!Q31) -> 0 | N13: =SUM('SW sites'!R35:'SW sites'!R31) -> 19346.437 | O13: 3000 | P13: =D13+O13 -> 42110.3 | Q13: =B13+C13+N13+E13 -> 141376.44 | R13: =P13+Q13 -> 183486.74 | S13: =H13 -> 95535.6 | T13: =F13+G13+I13 -> 221790 | U13: =S13+T13 -> 317325.6 | V13: =L13 -> 0 | W13: =J13+M13 -> 0 | X13: =V13+W13 -> 0
A14: ID | B14: =SUM('SW sites'!I36:'SW sites'!I38) -> 260128 | C14: 0 | D14: =SUM('SW sites'!F36:'SW sites'!F38) -> 99446.23 | E14: =SUM('SW sites'!O36:'SW sites'!O38) -> 0 | F14: =SUM('SW sites'!J36:'SW sites'!J37) -> 0 | G14: 0 | H14: =SUM('SW sites'!G36:'SW sites'!G37) -> 0 | I14: =SUM('SW sites'!P36:'SW sites'!P37) -> 0 | J14: =SUM('SW sites'!K36:'SW sites'!K37) -> 0 | K14: 0 | L14: =SUM('SW sites'!H36:'SW sites'!H37) -> 0 | M14: =SUM('SW sites'!Q36:'SW sites'!Q37) -> 0 | N14: =SUM('SW sites'!R36:'SW sites'!R38) -> 19672.387 | O14: 3000 | P14: =D14+O14 -> 102446.23 | Q14: =B14+C14+N14+E14 -> 279800.39 | R14: =P14+Q14 -> 382246.62 | S14: =H14 -> 0 | T14: =F14+G14+I14 -> 0 | U14: =S14+T14 -> 0 | V14: =L14 -> 0 | W14: =J14+M14 -> 0 | X14: =V14+W14 -> 0
A15: IL | B15: =SUM('SW sites'!I39) -> 99932 | C15: =SUM('SW sites'!L39) -> 1000 | D15: =SUM('SW sites'!F39) -> 23883.9 | E15: =SUM('SW sites'!O39) -> 20700 | F15: =SUM('SW sites'!J39) -> 0 | G15: 0 | H15: =SUM('SW sites'!G39) -> 0 | I15: =SUM('SW sites'!P39) -> 0 | J15: =SUM('SW sites'!K39) -> 0 | K15: 0 | L15: =SUM('SW sites'!H39) -> 0 | M15: =SUM('SW sites'!Q39) -> 0 | N15: =SUM('SW sites'!R39) -> 0 | O15: 0 | P15: =D15+O15 -> 23883.9 | Q15: =B15+C15+N15+E15 -> 121632 | R15: =P15+Q15 -> 145515.9 | S15: =H15 -> 0 | T15: =F15+G15+I15 -> 0 | U15: =S15+T15 -> 0 | V15: =L15 -> 0 | W15: =J15+M15 -> 0 | X15: =V15+W15 -> 0
A16: IN | B16: =SUM('SW sites'!I40:'SW sites'!I41) -> 219968 | C16: =SUM('SW sites'!L40:'SW sites'!L41) -> 1000 | D16: =SUM('SW sites'!F40:'SW sites'!F41) -> 68764.88 | E16: =SUM('SW sites'!O40:'SW sites'!O41) -> 11500 | F16: =SUM('SW sites'!J40:'SW sites'!J41) -> 0 | G16: 0 | H16: =SUM('SW sites'!G40:'SW sites'!G41) -> 0 | I16: =SUM('SW sites'!P40:'SW sites'!P41) -> 0 | J16: =SUM('SW sites'!K40:'SW sites'!K41) -> 0 | K16: 0 | L16: =SUM('SW sites'!H40:'SW sites'!H41) -> 0 | M16: =SUM('SW sites'!Q40:'SW sites'!Q41) -> 0 | N16: =SUM('SW sites'!R40:'SW sites'!R41) -> 13230.038 | O16: 3000 | P16: =D16+O16 -> 71764.88 | Q16: =B16+C16+N16+E16 -> 245698.04 | R16: =P16+Q16 -> 317462.92 | S16: =H16 -> 0 | T16: =F16+G16+I16 -> 0 | U16: =S16+T16 -> 0 | V16: =L16 -> 0 | W16: =J16+M16 -> 0 | X16: =V16+W16 -> 0
A17: KS | B17: =SUM('SW sites'!I42:'SW sites'!I43) -> 71999 | C17: 0 | D17: =SUM('SW sites'!F42:'SW sites'!F43) -> 53538.48 | E17: =SUM('SW sites'!O42:'SW sites'!O43) -> 0 | F17: =SUM('SW sites'!J42:'SW sites'!J43) -> 0 | G17: 0 | H17: =SUM('SW sites'!G42:'SW sites'!G43) -> 0 | I17: =SUM('SW sites'!P42:'SW sites'!P43) -> 0 | J17: =SUM('SW sites'!K42:'SW sites'!K43) -> 0 | K17: 0 | L17: =SUM('SW sites'!H42:'SW sites'!H43) -> 0 | M17: =SUM('SW sites'!Q42:'SW sites'!Q43) -> 0 | N17: =SUM('SW sites'!R42:'SW sites'!R43) -> 0 | O17: 0 | P17: =D17+O17 -> 53538.48 | Q17: =B17+C17+N17+E17 -> 71999 | R17: =P17+Q17 -> 125537.48 | S17: =H17 -> 0 | T17: =F17+G17+I17 -> 0 | U17: =S17+T17 -> 0 | V17: =L17 -> 0 | W17: =J17+M17 -> 0 | X17: =V17+W17 -> 0
A18: KY | B18: =SUM('SW sites'!I44:'SW sites'!I47) -> 0 | C18: 0 | D18: =SUM('SW sites'!F44:'SW sites'!F47) -> 0 | E18: =SUM('SW sites'!O44:'SW sites'!O47) -> 45900 | F18: =SUM('SW sites'!J44:'SW sites'!J47) -> 209745 | G18: =SUM('SW sites'!M44:'SW sites'!M47) -> 5600 | H18: =SUM('SW sites'!G44:'SW sites'!G47) -> 95535.6 | I18: =SUM('SW sites'!H44:'SW sites'!H47) -> 0 | J18: =SUM('SW sites'!K44:'SW sites'!K47) -> 0 | K18: 0 | L18: =SUM('SW sites'!H44:'SW sites'!H47) -> 0 | M18: 0 | N18: =SUM('SW sites'!R44:'SW sites'!R47) -> 0 | O18: 0 | P18: =D18+O18 -> 0 | Q18: =B18+C18+N18+E18 -> 45900 | R18: =P18+Q18 -> 45900 | S18: =H18 -> 95535.6 | T18: =F18+G18+I18 -> 215345 | U18: =S18+T18 -> 310880.6 | V18: =L18 -> 0 | W18: =J18+M18 -> 0 | X18: =V18+W18 -> 0
A19: LA | B19: =SUM('SW sites'!I48:'SW sites'!I54) -> 19565 | C19: 0 | D19: =SUM('SW sites'!F48:'SW sites'!F54) -> 4490.43 | E19: =SUM('SW sites'!O48:'SW sites'!O54) -> 18640 | F19: =SUM('SW sites'!J48:'SW sites'!J54) -> 429793 | G19: =SUM('SW sites'!M48:'SW sites'!M54) -> 9800 | H19: =SUM('SW sites'!G48:'SW sites'!G54) -> 149074.08 | I19: =SUM('SW sites'!P48:'SW sites'!P54) -> 0 | J19: =SUM('SW sites'!K48:'SW sites'!K54) -> 0 | K19: 0 | L19: =SUM('SW sites'!H48:'SW sites'!H54) -> 0 | M19: =SUM('SW sites'!Q48:'SW sites'!Q54) -> 40800 | N19: =SUM('SW sites'!R48:'SW sites'!R54) -> 18936.547 | O19: 3000 | P19: =D19+O19 -> 7490.43 | Q19: =B19+C19+N19+E19 -> 57141.547 | R19: =P19+Q19 -> 64631.977 | S19: =H19 -> 149074.08 | T19: =F19+G19+I19 -> 439593 | U19: =S19+T19 -> 588667.08 | V19: =L19 -> 0 | W19: =J19+K19+M19 -> 40800 | X19: =V19+W19 -> 40800
A20: MD | B20: =SUM('SW sites'!I55:'SW sites'!I58) -> 201050 | C20: =SUM('SW sites'!L55:'SW sites'!L58) -> 3400 | D20: =SUM('SW sites'!F55:'SW sites'!F58) -> 73255.31 | E20: =SUM('SW sites'!O55:'SW sites'!O58) -> 20770 | F20: =SUM('SW sites'!J55:'SW sites'!J58) -> 12692 | G20: =SUM('SW sites'!M55:'SW sites'!M58) -> 2700 | H20: =SUM('SW sites'!G55:'SW sites'!G58) -> 23883.9 | I20: =SUM('SW sites'!P55:'SW sites'!P58) -> 0 | J20: =SUM('SW sites'!K55:'SW sites'!K58) -> 0 | K20: 0 | L20: =SUM('SW sites'!H55:'SW sites'!H58) -> 0 | M20: =SUM('SW sites'!Q55:'SW sites'!Q58) -> 0 | N20: =SUM('SW sites'!R55:'SW sites'!R58) -> 38965.944 | O20: 6000 | P20: =D20+O20 -> 79255.31 | Q20: =B20+C20+N20+E20 -> 264185.94 | R20: =P20+Q20 -> 343441.25 | S20: =H20 -> 23883.9 | T20: =F20+G20+I20 -> 15392 | U20: =S20+T20 -> 39275.9 | V20: =L20 -> 0 | W20: =J20+M20 -> 0 | X20: =V20+W20 -> 0
A21: MI | B21: =SUM('SW sites'!I59) -> 88189 | C21: 0 | D21: =SUM('SW sites'!F59) -> 39110.3 | E21: =SUM('SW sites'!O59) -> 0 | F21: =SUM('SW sites'!J59) -> 0 | G21: 0 | H21: =SUM('SW sites'!G59) -> 0 | I21: =SUM('SW sites'!P59) -> 0 | J21: =SUM('SW sites'!K59) -> 0 | K21: 0 | L21: =SUM('SW sites'!H59) -> 0 | M21: =SUM('SW sites'!Q59) -> 0 | N21: 0 | O21: 0 | P21: =D21+O21 -> 39110.3 | Q21: =B21+C21+N21+E21 -> 88189 | R21: =P21+Q21 -> 127299.3 | S21: =H21 -> 0 | T21: =F21+G21+I21 -> 0 | U21: =S21+T21 -> 0 | V21: =L21 -> 0 | W21: =J21+M21 -> 0 | X21: =V21+W21 -> 0
A22: MN | B22: =SUM('SW sites'!I60:'SW sites'!I61) -> 117058 | C22: 0 | D22: =SUM('SW sites'!F60:'SW sites'!F61) -> 62193.02 | E22: =SUM('SW sites'!O60:'SW sites'!O61) -> 0 | F22: =SUM('SW sites'!J60:'SW sites'!J61) -> 0 | G22: 0 | H22: =SUM('SW sites'!G60:'SW sites'!G61) -> 0 | I22: =SUM('SW sites'!P60:'SW sites'!P61) -> 0 | J22: =SUM('SW sites'!K60:'SW sites'!K61) -> 0 | K22: 0 | L22: =SUM('SW sites'!H60:'SW sites'!H61) -> 0 | M22: =SUM('SW sites'!Q60:'SW sites'!Q61) -> 0 | N22: =SUM('SW sites'!R60:'SW sites'!R61) -> 13845 | O22: 3000 | P22: =D22+O22 -> 65193.02 | Q22: =B22+C22+N22+E22 -> 130903 | R22: =P22+Q22 -> 196096.02 | S22: =H22 -> 0 | T22: =F22+G22+I22 -> 0 | U22: =S22+T22 -> 0 | V22: =L22 -> 0 | W22: =J22+M22 -> 0 | X22: =V22+W22 -> 0
A23: MO | B23: =SUM('SW sites'!I64:'SW sites'!I62) -> 0 | C23: 0 | D23: =SUM('SW sites'!F64:'SW sites'!F62) -> 0 | E23: =SUM('SW sites'!O64:'SW sites'!O62) -> 0 | F23: =SUM('SW sites'!J64:'SW sites'!J62) -> 162633 | G23: =SUM('SW sites'!M64:'SW sites'!M62) -> 3900 | H23: =SUM('SW sites'!G64:'SW sites'!G62) -> 71651.7 | I23: =SUM('SW sites'!P64:'SW sites'!P62) -> 41335 | J23: =SUM('SW sites'!K64:'SW sites'!K62) -> 0 | K23: 0 | L23: =SUM('SW sites'!H64:'SW sites'!H62) -> 0 | M23: =SUM('SW sites'!Q64:'SW sites'!Q62) -> 0 | N23: =SUM('SW sites'!R64:'SW sites'!R62) -> 0 | O23: 0 | P23: =D23+O23 -> 0 | Q23: =B23+C23+N23+E23 -> 0 | R23: =P23+Q23 -> 0 | S23: =H23 -> 71651.7 | T23: =F23+G23+I23 -> 207868 | U23: =S23+T23 -> 279519.7 | V23: =L23 -> 0 | W23: =J23+M23 -> 0 | X23: =V23+W23 -> 0
A24: MS | B24: =SUM('SW sites'!I65:'SW sites'!I67) -> 170307 | C24: =SUM('SW sites'!L65:'SW sites'!L67) -> 1800 | D24: =SUM('SW sites'!F65:'SW sites'!F67) -> 68764.88 | E24: =SUM('SW sites'!O65:'SW sites'!O67) -> 0 | F24: =SUM('SW sites'!J65:'SW sites'!J67) -> 0 | G24: 0 | H24: =SUM('SW sites'!G65:'SW sites'!G67) -> 0 | I24: =SUM('SW sites'!P65:'SW sites'!P67) -> 0 | J24: =SUM('SW sites'!K65:'SW sites'!K67) -> 68876 | K24: =SUM('SW sites'!N65:'SW sites'!N67) -> 1800 | L24: =SUM('SW sites'!H65:'SW sites'!H67) -> 23883.9 | M24: =SUM('SW sites'!Q65:'SW sites'!Q67) -> 20700 | N24: =SUM('SW sites'!R65:'SW sites'!R67) -> 18828.148 | O24: 3000 | P24: =D24+O24 -> 71764.88 | Q24: =B24+C24+N24+E24 -> 190935.15 | R24: =P24+Q24 -> 262700.03 | S24: =H24 -> 0 | T24: =F24+G24+I24 -> 0 | U24: =S24+T24 -> 0 | V24: =L24 -> 23883.9 | W24: =J24+K24+M24 -> 91376 | X24: =V24+W24 -> 115259.9
A25: MT-WY | B25: =SUM('SW sites'!I68:'SW sites'!I69) -> 97874 | C25: =SUM('SW sites'!L68:'SW sites'!L69) -> 0 | D25: =SUM('SW sites'!F68:'SW sites'!F69) -> 28374.33 | E25: =SUM('SW sites'!O68:'SW sites'!O69) -> 0 | F25: =SUM('SW sites'!J68:'SW sites'!J69) -> 0 | G25: 0 | H25: =SUM('SW sites'!G68:'SW sites'!G69) -> 0 | I25: =SUM('SW sites'!P68:'SW sites'!P69) -> 0 | J25: =SUM('SW sites'!K68:'SW sites'!K69) -> 0 | K25: =SUM('SW sites'!N68:'SW sites'!N69) -> 0 | L25: =SUM('SW sites'!H68:'SW sites'!H69) -> 0 | M25: =SUM('SW sites'!Q68:'SW sites'!Q69) -> 0 | N25: =SUM('SW sites'!R68:'SW sites'!R69) -> 21153.488 | O25: 3000 | P25: =D25+O25 -> 31374.33 | Q25: =B25+C25+N25+E25 -> 119027.49 | R25: =P25+Q25 -> 150401.82 | S25: =H25 -> 0 | T25: =F25+G25+I25 -> 0 | U25: =S25+T25 -> 0 | V25: =L25 -> 0 | W25: =J25+M25 -> 0 | X25: =V25+W25 -> 0
A26: NC | B26: =SUM('SW sites'!I72:'SW sites'!I70) -> 232336 | C26: 0 | D26: =SUM('SW sites'!F72:'SW sites'!F70) -> 107875.18 | E26: =SUM('SW sites'!O72:'SW sites'!O70) -> 0 | F26: =SUM('SW sites'!J72:'SW sites'!J70) -> 0 | G26: 0 | H26: =SUM('SW sites'!G72:'SW sites'!G70) -> 0 | I26: =SUM('SW sites'!P72:'SW sites'!P70) -> 0 | J26: =SUM('SW sites'!K72:'SW sites'!K70) -> 0 | K26: 0 | L26: =SUM('SW sites'!H72:'SW sites'!H70) -> 0 | M26: =SUM('SW sites'!Q72:'SW sites'!Q70) -> 0 | N26: =SUM('SW sites'!R72:'SW sites'!R70) -> 30122.602 | O26: 6000 | P26: =D26+O26 -> 113875.18 | Q26: =B26+C26+N26+E26 -> 262458.6 | R26: =P26+Q26 -> 376333.78 | S26: =H26 -> 0 | T26: =F26+G26+I26 -> 0 | U26: =S26+T26 -> 0 | V26: =L26 -> 0 | W26: =J26+M26 -> 0 | X26: =V26+W26 -> 0
A27: ND | B27: =SUM('SW sites'!I73) -> 29205 | C27: 0 | D27: =SUM('SW sites'!F73) -> 23883.9 | E27: =SUM('SW sites'!O73) -> 0 | F27: =SUM('SW sites'!J73) -> 0 | G27: 0 | H27: =SUM('SW sites'!G73) -> 0 | I27: =SUM('SW sites'!P73) -> 0 | J27: =SUM('SW sites'!K73) -> 0 | K27: 0 | L27: =SUM('SW sites'!H73) -> 0 | M27: =SUM('SW sites'!Q73) -> 0 | N27: =SUM('SW sites'!R73) -> 0 | O27: 0 | P27: =D27+O27 -> 23883.9 | Q27: =B27+C27+N27+E27 -> 29205 | R27: =P27+Q27 -> 53088.9 | S27: =H27 -> 0 | T27: =F27+G27+I27 -> 0 | U27: =S27+T27 -> 0 | V27: =L27 -> 0 | W27: =J27+M27 -> 0 | X27: =V27+W27 -> 0
A28: NE | B28: =SUM('SW sites'!I74:'SW sites'!I77) -> 239664 | C28: =SUM('SW sites'!L74:'SW sites'!L77) -> 2700 | D28: =SUM('SW sites'!F74:'SW sites'!F77) -> 97139.21 | E28: =SUM('SW sites'!O74:'SW sites'!O77) -> 0 | F28: =SUM('SW sites'!J74:'SW sites'!J77) -> 0 | G28: 0 | H28: =SUM('SW sites'!G74:'SW sites'!G77) -> 0 | I28: =SUM('SW sites'!P74:'SW sites'!P77) -> 0 | J28: =SUM('SW sites'!K74:'SW sites'!K77) -> 0 | K28: 0 | L28: =SUM('SW sites'!H74:'SW sites'!H77) -> 0 | M28: =SUM('SW sites'!Q74:'SW sites'!Q77) -> 0 | N28: =SUM('SW sites'!R74:'SW sites'!R77) -> 42444.352 | O28: 6000 | P28: =D28+O28 -> 103139.21 | Q28: =B28+C28+N28+E28 -> 284808.35 | R28: =P28+Q28 -> 387947.56 | S28: =H28 -> 0 | T28: =F28+G28+I28 -> 0 | U28: =S28+T28 -> 0 | V28: =L28 -> 0 | W28: =J28+M28 -> 0 | X28: =V28+W28 -> 0
A29: NJ | B29: =SUM('SW sites'!I78) -> 68009 | C29: =SUM('SW sites'!L78) -> 2200 | D29: =SUM('SW sites'!F78) -> 23883.9 | E29: =SUM('SW sites'!O78) -> 0 | F29: =SUM('SW sites'!J78) -> 0 | G29: 0 | H29: =SUM('SW sites'!G78) -> 0 | I29: =SUM('SW sites'!P78) -> 0 | J29: =SUM('SW sites'!K78) -> 0 | K29: 0 | L29: =SUM('SW sites'!H78) -> 0 | M29: =SUM('SW sites'!Q78) -> 0 | N29: =SUM('SW sites'!R78) -> 0 | O29: 0 | P29: =D29+O29 -> 23883.9 | Q29: =B29+C29+N29+E29 -> 70209 | R29: =P29+Q29 -> 94092.9 | S29: =H29 -> 0 | T29: =F29+G29+I29 -> 0 | U29: =S29+T29 -> 0 | V29: =L29 -> 0 | W29: =J29+M29 -> 0 | X29: =V29+W29 -> 0
A30: NM | B30: =SUM('SW sites'!I79:'SW sites'!I80) -> 112239 | C30: 0 | D30: =SUM('SW sites'!F79:'SW sites'!F80) -> 28374.33 | E30: =SUM('SW sites'!O79:'SW sites'!O80) -> 0 | F30: =SUM('SW sites'!J79:'SW sites'!J80) -> 0 | G30: 0 | H30: =SUM('SW sites'!G79:'SW sites'!G80) -> 0 | I30: =SUM('SW sites'!P79:'SW sites'!P80) -> 0 | J30: =SUM('SW sites'!K79:'SW sites'!K80) -> 0 | K30: 0 | L30: =SUM('SW sites'!H79:'SW sites'!H80) -> 0 | M30: =SUM('SW sites'!Q79:'SW sites'!Q80) -> 0 | N30: =SUM('SW sites'!R79:'SW sites'!R80) -> 24860.073 | O30: 3000 | P30: =D30+O30 -> 31374.33 | Q30: =B30+C30+N30+E30 -> 137099.07 | R30: =P30+Q30 -> 168473.4 | S30: =H30 -> 0 | T30: =F30+G30+I30 -> 0 | U30: =S30+T30 -> 0 | V30: =L30 -> 0 | W30: =J30+M30 -> 0 | X30: =V30+W30 -> 0
A31: NV | B31: =SUM('SW sites'!I81) -> 66357 | C31: 0 | D31: =SUM('SW sites'!F81) -> 29654.58 | E31: =SUM('SW sites'!O81) -> 0 | F31: =SUM('SW sites'!J96) -> 0 | G31: 0 | H31: =SUM('SW sites'!G81) -> 0 | I31: =SUM('SW sites'!P81) -> 0 | J31: =SUM('SW sites'!K81) -> 0 | K31: 0 | L31: =SUM('SW sites'!H81) -> 0 | M31: =SUM('SW sites'!Q81) -> 0 | N31: =SUM('SW sites'!R81) -> 0 | O31: 0 | P31: =D31+O31 -> 29654.58 | Q31: =B31+C31+N31+E31 -> 66357 | R31: =P31+Q31 -> 96011.58 | S31: =H31 -> 0 | T31: =F31+G31+I31 -> 0 | U31: =S31+T31 -> 0 | V31: =L31 -> 0 | W31: =J31+M31 -> 0 | X31: =V31+W31 -> 0
A32: NY | B32: =SUM('SW sites'!I82:'SW sites'!I84) -> 115953 | C32: 0 | D32: =SUM('SW sites'!F82:'SW sites'!F84) -> 39110.3 | E32: =SUM('SW sites'!O82:'SW sites'!O84) -> 0 | F32: =SUM('SW sites'!J82:'SW sites'!J84) -> 59789 | G32: =SUM('SW sites'!M82:'SW sites'!M84) -> 2100 | H32: =SUM('SW sites'!G82:'SW sites'!G84) -> 23883.9 | I32: =SUM('SW sites'!P82:'SW sites'!P84) -> 0 | J32: =SUM('SW sites'!K82:'SW sites'!K84) -> 68847 | K32: =SUM('SW sites'!N82:'SW sites'!N84) -> 2100 | L32: =SUM('SW sites'!H82:'SW sites'!H84) -> 23883.9 | M32: =SUM('SW sites'!Q82:'SW sites'!Q84) -> 0 | N32: =SUM('SW sites'!R82:'SW sites'!R84) -> 15098.495 | O32: 3000 | P32: =D32+O32 -> 42110.3 | Q32: =B32+C32+N32+E32 -> 131051.49 | R32: =P32+Q32 -> 173161.79 | S32: =H32 -> 23883.9 | T32: =F32+G32+I32 -> 61889 | U32: =S32+T32 -> 85772.9 | V32: =L32 -> 23883.9 | W32: =J32+K32+M32 -> 70947 | X32: =V32+W32 -> 94830.9
A33: OH | B33: =SUM('SW sites'!I85) -> 86338 | C33: 0 | D33: =SUM('SW sites'!F85) -> 29654.58 | E33: =SUM('SW sites'!O85) -> 0 | F33: =SUM('SW sites'!J85) -> 0 | G33: 0 | H33: =SUM('SW sites'!G59) -> 0 | I33: =SUM('SW sites'!P59) -> 0 | J33: =SUM('SW sites'!K85) -> 0 | K33: 0 | L33: =SUM('SW sites'!H85) -> 0 | M33: =SUM('SW sites'!Q85) -> 0 | N33: =SUM('SW sites'!R59) -> 23030.74 | O33: 3000 | P33: =D33+O33 -> 32654.58 | Q33: =B33+C33+N33+E33 -> 109368.74 | R33: =P33+Q33 -> 142023.32 | S33: =H33 -> 0 | T33: =F33+G33+I33 -> 0 | U33: =S33+T33 -> 0 | V33: =L33 -> 0 | W33: =J33+M33 -> 0 | X33: =V33+W33 -> 0
A34: OK | B34: =SUM('SW sites'!I86) -> 27030 | C34: 0 | D34: =SUM('SW sites'!F86) -> 29654.58 | E34: =SUM('SW sites'!O86) -> 0 | F34: =SUM('SW sites'!J86) -> 0 | G34: 0 | H34: =SUM('SW sites'!G86) -> 0 | I34: =SUM('SW sites'!P86) -> 0 | J34: =SUM('SW sites'!K86) -> 0 | K34: 0 | L34: =SUM('SW sites'!H86) -> 0 | M34: =SUM('SW sites'!Q86) -> 0 | N34: =SUM('SW sites'!R86) -> 0 | O34: 0 | P34: =D34+O34 -> 29654.58 | Q34: =B34+C34+N34+E34 -> 27030 | R34: =P34+Q34 -> 56684.58 | S34: =H34 -> 0 | T34: =F34+G34+I34 -> 0 | U34: =S34+T34 -> 0 | V34: =L34 -> 0 | W34: =J34+M34 -> 0 | X34: =V34+W34 -> 0
A35: OR | B35: =SUM('SW sites'!I87:'SW sites'!I91) -> 290938 | C35: =SUM('SW sites'!L87:'SW sites'!L91) -> 0 | D35: =SUM('SW sites'!F87:'SW sites'!F91) -> 112365.61 | E35: =SUM('SW sites'!O87:'SW sites'!O91) -> 20700 | F35: =SUM('SW sites'!J87:'SW sites'!J91) -> 67046 | G35: =SUM('SW sites'!M87:'SW sites'!M91) -> 1800 | H35: =SUM('SW sites'!G87:'SW sites'!G91) -> 20998.56 | I35: =SUM('SW sites'!P87:'SW sites'!P91) -> 0 | J35: =SUM('SW sites'!K87:'SW sites'!K91) -> 0 | K35: 0 | L35: =SUM('SW sites'!H87:'SW sites'!H91) -> 0 | M35: =SUM('SW sites'!Q87:'SW sites'!Q91) -> 0 | N35: =SUM('SW sites'!R87:'SW sites'!R91) -> 43297.625 | O35: 9000 | P35: =D35+O35 -> 121365.61 | Q35: =B35+C35+N35+E35 -> 354935.63 | R35: =P35+Q35 -> 476301.24 | S35: =H35 -> 20998.56 | T35: =F35+G35+I35 -> 68846 | U35: =S35+T35 -> 89844.56 | V35: =L35 -> 0 | W35: =J35+M35 -> 0 | X35: =V35+W35 -> 0
A36: SC | B36: =SUM('SW sites'!I92:'SW sites'!I93) -> 126600 | C36: 0 | D36: =SUM('SW sites'!F92:'SW sites'!F93) -> 34145.01 | E36: =SUM('SW sites'!O92:'SW sites'!O93) -> 0 | F36: =SUM('SW sites'!J92:'SW sites'!J93) -> 0 | G36: 0 | H36: =SUM('SW sites'!G92:'SW sites'!G93) -> 0 | I36: =SUM('SW sites'!P92:'SW sites'!P93) -> 0 | J36: =SUM('SW sites'!K92:'SW sites'!K93) -> 0 | K36: 0 | L36: =SUM('SW sites'!H92:'SW sites'!H93) -> 0 | M36: =SUM('SW sites'!Q92:'SW sites'!Q93) -> 0 | N36: =SUM('SW sites'!R92:'SW sites'!R93) -> 14204.843 | O36: 3000 | P36: =D36+O36 -> 37145.01 | Q36: =B36+C36+N36+E36 -> 140804.84 | R36: =P36+Q36 -> 177949.85 | S36: =H36 -> 0 | T36: =F36+G36+I36 -> 0 | U36: =S36+T36 -> 0 | V36: =L36 -> 0 | W36: =J36+M36 -> 0 | X36: =V36+W36 -> 0
A37: TX | B37: =SUM('SW sites'!I94:'SW sites'!I98) -> 253778 | C37: 0 | D37: =SUM('SW sites'!F94:'SW sites'!F98) -> 73255.31 | E37: =SUM('SW sites'!O94:'SW sites'!O98) -> 0 | F37: =SUM('SW sites'!J94:'SW sites'!J98) -> 78189 | G37: =SUM('SW sites'!M94:'SW sites'!M98) -> 1800 | H37: =SUM('SW sites'!G94:'SW sites'!G98) -> 20998.56 | I37: =SUM('SW sites'!P94:'SW sites'!P98) -> 0 | J37: =SUM('SW sites'!K94:'SW sites'!K98) -> 61996 | K37: =SUM('SW sites'!N94:'SW sites'!N98) -> 2100 | L37: =SUM('SW sites'!H94:'SW sites'!H98) -> 23883.9 | M37: =SUM('SW sites'!Q94:'SW sites'!Q98) -> 0 | N37: =SUM('SW sites'!R94:'SW sites'!R98) -> 42367.569 | O37: 6000 | P37: =D37+O37 -> 79255.31 | Q37: =B37+C37+N37+E37 -> 296145.57 | R37: =P37+Q37 -> 375400.88 | S37: =H37 -> 20998.56 | T37: =F37+G37+I37 -> 79989 | U37: =S37+T37 -> 100987.56 | V37: =L37 -> 23883.9 | W37: =J37+K37+M37 -> 64096 | X37: =V37+W37 -> 87979.9
A38: UT | B38: =SUM('SW sites'!I99:'SW sites'!I101) -> 159419 | C38: 0 | D38: =SUM('SW sites'!F99:'SW sites'!F101) -> 73255.31 | E38: =SUM('SW sites'!O99:'SW sites'!O101) -> 0 | F38: =SUM('SW sites'!J99:'SW sites'!J101) -> 0 | G38: 0 | H38: =SUM('SW sites'!G99:'SW sites'!G101) -> 0 | I38: =SUM('SW sites'!P99:'SW sites'!P101) -> 0 | J38: =SUM('SW sites'!K99:'SW sites'!K101) -> 0 | K38: 0 | L38: =SUM('SW sites'!H99:'SW sites'!H101) -> 0 | M38: =SUM('SW sites'!Q99:'SW sites'!Q101) -> 0 | N38: =SUM('SW sites'!R99:'SW sites'!R101) -> 19067.842 | O38: 6000 | P38: =D38+O38 -> 79255.31 | Q38: =B38+C38+N38+E38 -> 178486.84 | R38: =P38+Q38 -> 257742.15 | S38: =H38 -> 0 | T38: =F38+G38+I38 -> 0 | U38: =S38+T38 -> 0 | V38: =L38 -> 0 | W38: =J38+M38 -> 0 | X38: =V38+W38 -> 0
A39: WA | B39: =SUM('SW sites'!I102:'SW sites'!I104) -> 182583 | C39: 0 | D39: =SUM('SW sites'!F102:'SW sites'!F104) -> 73255.31 | E39: =SUM('SW sites'!O102:'SW sites'!O104) -> 0 | F39: =SUM('SW sites'!J102:'SW sites'!J104) -> 0 | G39: 0 | H39: =SUM('SW sites'!G102:'SW sites'!G104) -> 0 | I39: =SUM('SW sites'!P102:'SW sites'!P104) -> 0 | J39: =SUM('SW sites'!K102:'SW sites'!K104) -> 0 | K39: 0 | L39: =SUM('SW sites'!H102:'SW sites'!H104) -> 0 | M39: =SUM('SW sites'!Q102:'SW sites'!Q104) -> 0 | N39: =SUM('SW sites'!R102:'SW sites'!R104) -> 28534.694 | O39: 6000 | P39: =D39+O39 -> 79255.31 | Q39: =B39+C39+N39+E39 -> 211117.69 | R39: =P39+Q39 -> 290373 | S39: =H39 -> 0 | T39: =F39+G39+I39 -> 0 | U39: =S39+T39 -> 0 | V39: =L39 -> 0 | W39: =J39+M39 -> 0 | X39: =V39+W39 -> 0
A40: WI | B40: =SUM('SW sites'!I105) -> 26377 | C40: 0 | D40: =SUM('SW sites'!F105) -> 4490.43 | E40: =SUM('SW sites'!O105) -> 0 | F40: =SUM('SW sites'!J105) -> 0 | G40: 0 | H40: =SUM('SW sites'!G105) -> 0 | I40: =SUM('SW sites'!P105) -> 0 | J40: =SUM('SW sites'!K105) -> 0 | K40: 0 | L40: =SUM('SW sites'!H105) -> 0 | M40: =SUM('SW sites'!Q105) -> 0 | N40: =SUM('SW sites'!R105) -> 22765.125 | O40: 3000 | P40: =D40+O40 -> 7490.43 | Q40: =B40+C40+N40+E40 -> 49142.125 | R40: =P40+Q40 -> 56632.555 | S40: =H40 -> 0 | T40: =F40+G40+I40 -> 0 | U40: =S40+T40 -> 0 | V40: =L40 -> 0 | W40: =J40+M40 -> 0 | X40: =V40+W40 -> 0
B42: =SUM(B4:B40) -> 4603824 | C42: =SUM(C4:C40) -> 16100 | D42: =SUM(D4:D40) -> 1750175.3 | E42: =SUM(E4:E40) -> 444550 | F42: =SUM(F4:F40) -> 1579146 | G42: =SUM(G4:G40) -> 40700 | H42: =SUM(H4:H40) -> 602548.8 | I42: =SUM(I4:I40) -> 41335 | ... X42: =SUM(X4:X40) -> 421724.6

Sheet Targets sorted by SC
A1: Science Center | B1: SW Monitoring and Status Assessment Team | C1: SW Monitoring Data Collection Sum | D1: NASQAN Data Collection | E1: NASQAN Sample Analyses | F1: NASQAN QW Continuous Monitoring | G1: NMN Data Collection | H1: NMN Sample Analyses | I1: NMN QW Continuous Monitoring | J1: NAWQA SW Status QW Data Collection | K1: NAWQA SW Status QW Sample Analyses | L1: NAWQA QW Continuous Monitoring | M1: NAWQA temperature monitoring | N1: NAWQA ECO Data Collection | O1: NAWQA ECO Sample Analyses
A2: AK | C2: =D2+F2+G2+I2+J2+L2+M2+N2 -> 79568 | D2: =SUM('FY16 sampling by SC'!F4:G4) -> 75220 | E2: =SUM('FY16 sampling by SC'!H4) -> 8336.64 | F2: =SUM('FY16 sampling by SC'!I4) -> 0 | G2: =SUM('FY16 sampling by SC'!J4) -> 0 | H2: =SUM('FY16 sampling by SC'!L4) -> 0 | I2: =SUM('FY16 sampling by SC'!M4) -> 0 | J2: =SUM('FY16 sampling by SC'!B4) -> 0 | K2: =SUM('FY16 sampling by SC'!D4) -> 0 | L2: =SUM('FY16 sampling by SC'!E4) -> 0 | M2: =SUM('FY16 chem site costs'!J2) -> 4348 | N2: =SUM('FY16 sampling by SC'!N4) -> 0 | O2: =SUM('FY16 sampling by SC'!O4) -> 0
A3: AL | C3: =D3+F3+G3+I3+J3+L3+M3+N3 -> 176495 | D3: =SUM('FY16 sampling by SC'!F5:G5) -> 84875 | E3: =SUM('FY16 sampling by SC'!H5) -> 23883.9 | F3: =SUM('FY16 sampling by SC'!I5) -> 0 | G3: =SUM('FY16 sampling by SC'!J5) -> 0 | H3: =SUM('FY16 sampling by SC'!L5) -> 0 | I3: =SUM('FY16 sampling by SC'!M5) -> 0 | J3: =SUM('FY16 sampling by SC'!B5) -> 89550 | K3: =SUM('FY16 sampling by SC'!D5) -> 29654.58 | L3: =SUM('FY16 sampling by SC'!E5) -> 0 | M3: =SUM('FY16 chem site costs'!J3) -> 2070 | N3: =SUM('FY16 sampling by SC'!N5) -> 0 | O3: =SUM('FY16 sampling by SC'!O5) -> 0
A4: AR | C4: =D4+F4+G4+I4+J4+L4+M4+N4 -> 148358.58 | D4: =SUM('FY16 sampling by SC'!F6:G6) -> 60440 | E4: =SUM('FY16 sampling by SC'!H6) -> 23883.9 | F4: =SUM('FY16 sampling by SC'!I6) -> 0 | G4: =SUM('FY16 sampling by SC'!J6) -> 0 | H4: =SUM('FY16 sampling by SC'!L6) -> 0 | I4: =SUM('FY16 sampling by SC'!M6) -> 0 | J4: =SUM('FY16 sampling by SC'!B6) -> 38110 | K4: =SUM('FY16 sampling by SC'!D6) -> 8980.86 | L4: =SUM('FY16 sampling by SC'!E6) -> 0 | M4: =SUM('FY16 chem site costs'!J6:J7) -> 10140 | N4: =SUM('FY16 sampling by SC'!N6) -> 39668.583 | O4: =SUM('FY16 sampling by SC'!O6) -> 6000
A5: AZ | C5: =D5+F5+G5+I5+J5+L5+M5+N5 -> 230148.68 | D5: =SUM('FY16 sampling by SC'!F7:G7) -> 55654 | E5: =SUM('FY16 sampling by SC'!H7) -> 20998.56 | F5: =SUM('FY16 sampling by SC'!I7) -> 0 | G5: =SUM('FY16 sampling by SC'!J7) -> 0 | H5: =SUM('FY16 sampling by SC'!L7) -> 0 | I5: =SUM('FY16 sampling by SC'!M7) -> 0 | J5: =SUM('FY16 sampling by SC'!B7) -> 124616 | K5: =SUM('FY16 sampling by SC'!D7) -> 32864.76 | L5: =SUM('FY16 sampling by SC'!E7) -> 0 | M5: =SUM('FY16 chem site costs'!J8:J9) -> 12425 | N5: =SUM('FY16 sampling by SC'!N7) -> 37453.677 | O5: =SUM('FY16 sampling by SC'!O7) -> 6000
A6: CA | C6: =D6+F6+G6+I6+J6+L6+M6+N6 -> 630468.74 | D6: =SUM('FY16 sampling by SC'!F8:G8) -> 0 | E6: =SUM('FY16 sampling by SC'!H8) -> 0 | F6: =SUM('FY16 sampling by SC'!I8) -> 0 | G6: =SUM('FY16 sampling by SC'!J8) -> 0 | H6: =SUM('FY16 sampling by SC'!L8) -> 0 | I6: =SUM('FY16 sampling by SC'!M8) -> 0 | J6: =SUM('FY16 sampling by SC'!B8:C8) -> 309940 | K6: =SUM('FY16 sampling by SC'!D8) -> 92815.41 | L6: =SUM('FY16 sampling by SC'!E8) -> 261300 | M6: =SUM('FY16 chem site costs'!J12:J17) -> 21420 | N6: =SUM('FY16 sampling by SC'!N8) -> 37808.736 | O6: =SUM('FY16 sampling by SC'!O8) -> 6000
A7: CO | C7: =D7+F7+G7+I7+J7+L7+M7+N7 -> 278855.65 | D7: =SUM('FY16 sampling by SC'!F9:G9) -> 0 | E7: =SUM('FY16 sampling by SC'!H9) -> 0 | F7: =SUM('FY16 sampling by SC'!I9) -> 0 | G7: =SUM('FY16 sampling by SC'!J9) -> 0 | H7: =SUM('FY16 sampling by SC'!L9) -> 0 | I7: =SUM('FY16 sampling by SC'!M9) -> 0 | J7: =SUM('FY16 sampling by SC'!B9) -> 247462 | K7: =SUM('FY16 sampling by SC'!D9) -> 98419.46 | L7: =SUM('FY16 sampling by SC'!E9) -> 0 | M7: =SUM('FY16 chem site costs'!J18:J20) -> 17600 | N7: =SUM('FY16 sampling by SC'!N9) -> 13793.654 | O7: =SUM('FY16 sampling by SC'!O9) -> 3000
A8: CT | C8: =D8+F8+G8+I8+J8+L8+M8+N8 -> 189054.05 | D8: =SUM('FY16 sampling by SC'!F10:G10) -> 0 | E8: =SUM('FY16 sampling by SC'!H10) -> 0 | F8: =SUM('FY16 sampling by SC'!I10) -> 0 | G8: =SUM('FY16 sampling by SC'!J10) -> 0 | H8: =SUM('FY16 sampling by SC'!L10) -> 0 | I8: =SUM('FY16 sampling by SC'!M10) -> 0 | J8: =SUM('FY16 sampling by SC'!B10) -> 155805 | K8: =SUM('FY16 sampling by SC'!D10) -> 73255.31 | L8: =SUM('FY16 sampling by SC'!E10) -> 0 | M8: 0 | N8: =SUM('FY16 sampling by SC'!N10) -> 33249.049 | O8: =SUM('FY16 sampling by SC'!O10) -> 6000
A9: FL | C9: =D9+F9+G9+I9+J9+L9+M9+N9 -> 61970 | D9: =SUM('FY16 sampling by SC'!F11:G11) -> 0 | E9: =SUM('FY16 sampling by SC'!H11) -> 0 | F9: =SUM('FY16 sampling by SC'!I11) -> 0 | G9: =SUM('FY16 sampling by SC'!J11:K11) -> 58970 | H9: =SUM('FY16 sampling by SC'!L11) -> 23883.9 | I9: =SUM('FY16 sampling by SC'!M11) -> 0 | J9: =SUM('FY16 sampling by SC'!B11) -> 0 | K9: =SUM('FY16 sampling by SC'!D11) -> 0 | L9: =SUM('FY16 sampling by SC'!E11) -> 0 | M9: =SUM('FY16 chem site costs'!J24) -> 3000 | N9: =SUM('FY16 sampling by SC'!N11) -> 0 | O9: =SUM('FY16 sampling by SC'!O11) -> 0
A10: GA | C10: =D10+F10+G10+I10+J10+L10+M10+N10 -> 307473.92 | D10: =SUM('FY16 sampling by SC'!F12:G12) -> 74280 | E10: =SUM('FY16 sampling by SC'!H12) -> 23883.9 | F10: =SUM('FY16 sampling by SC'!I12) -> 0 | G10: =SUM('FY16 sampling by SC'!J12) -> 0 | H10: =SUM('FY16 sampling by SC'!L12) -> 0 | I10: =SUM('FY16 sampling by SC'!M12) -> 0 | J10: =SUM('FY16 sampling by SC'!B12) -> 202455 | K10: =SUM('FY16 sampling by SC'!D12) -> 73255.31 | L10: =SUM('FY16 sampling by SC'!E12) -> 0 | M10: =SUM('FY16 chem site costs'!J25:J27) -> 3315 | N10: =SUM('FY16 sampling by SC'!N12) -> 27423.918 | O10: =SUM('FY16 sampling by SC'!O12) -> 6000
A11: HI | C11: =D11+F11+G11+I11+J11+L11+M11+N11 -> 2640 | D11: 0 | E11: 0 | F11: 0 | G11: 0 | H11: 0 | I11: 0 | J11: 0 | K11: 0 | L11: 0 | M11: =SUM('FY16 chem site costs'!J104) -> 2640 | N11: 0 | O11: 0
A12: IA | C12: =D12+F12+G12+I12+J12+L12+M12+N12 -> 363166.44 | D12: =SUM('FY16 sampling by SC'!F13:G13) -> 221790 | E12: =SUM('FY16 sampling by SC'!H13) -> 95535.6 | F12: =SUM('FY16 sampling by SC'!I13) -> 0 | G12: =SUM('FY16 sampling by SC'!J13) -> 0 | H12: =SUM('FY16 sampling by SC'!L13) -> 0 | I12: =SUM('FY16 sampling by SC'!M13) -> 0 | J12: =SUM('FY16 sampling by SC'!B13) -> 76990 | K12: =SUM('FY16 sampling by SC'!D13) -> 39110.3 | L12: =SUM('FY16 sampling by SC'!E13) -> 45040 | M12: 0 | N12: =SUM('FY16 sampling by SC'!N13) -> 19346.437 | O12: =SUM('FY16 sampling by SC'!O13) -> 3000
A13: ID | C13: =D13+F13+G13+I13+J13+L13+M13+N13 -> 279800.39 | D13: =SUM('FY16 sampling by SC'!F14:G14) -> 0 | E13: =SUM('FY16 sampling by SC'!H14) -> 0 | F13: =SUM('FY16 sampling by SC'!I14) -> 0 | G13: =SUM('FY16 sampling by SC'!J14) -> 0 | H13: =SUM('FY16 sampling by SC'!L14) -> 0 | I13: =SUM('FY16 sampling by SC'!M14) -> 0 | J13: =SUM('FY16 sampling by SC'!B14) -> 260128 | K13: =SUM('FY16 sampling by SC'!D14) -> 99446.23 | L13: =SUM('FY16 sampling by SC'!E14) -> 0 | M13: 0 | N13: =SUM('FY16 sampling by SC'!N14) -> 19672.387 | O13: =SUM('FY16 sampling by SC'!O14) -> 3000
A14: IL | C14: =D14+F14+G14+I14+J14+L14+M14+N14 -> 121632 | D14: =SUM('FY16 sampling by SC'!F15:G15) -> 0 | E14: =SUM('FY16 sampling by SC'!H15) -> 0 | F14: =SUM('FY16 sampling by SC'!I15) -> 0 | G14: =SUM('FY16 sampling by SC'!J15) -> 0 | H14: =SUM('FY16 sampling by SC'!L15) -> 0 | I14: =SUM('FY16 sampling by SC'!M15) -> 0 | J14: =SUM('FY16 sampling by SC'!B15:C15) -> 100932 | K14: =SUM('FY16 sampling by SC'!D15) -> 23883.9 | L14: =SUM('FY16 sampling by SC'!E15) -> 20700 | M14: 0 | N14: =SUM('FY16 sampling by SC'!N15) -> 0 | O14: =SUM('FY16 sampling by SC'!O15) -> 0
A15: IN | C15: =D15+F15+G15+I15+J15+L15+M15+N15 -> 245698.04 | D15: =SUM('FY16 sampling by SC'!F16:G16) -> 0 | E15: =SUM('FY16 sampling by SC'!H16) -> 0 | F15: =SUM('FY16 sampling by SC'!I16) -> 0 | G15: =SUM('FY16 sampling by SC'!J16) -> 0 | H15: =SUM('FY16 sampling by SC'!L16) -> 0 | I15: =SUM('FY16 sampling by SC'!M16) -> 0 | J15: =SUM('FY16 sampling by SC'!B16:C16) -> 220968 | K15: =SUM('FY16 sampling by SC'!D16) -> 68764.88 | L15: =SUM('FY16 sampling by SC'!E16) -> 11500 | M15: 0 | N15: =SUM('FY16 sampling by SC'!N16) -> 13230.038 | O15: =SUM('FY16 sampling by SC'!O16) -> 3000
A16: KS | C16: =D16+F16+G16+I16+J16+L16+M16+N16 -> 74581 | D16: =SUM('FY16 sampling by SC'!F17:G17) -> 0 | E16: =SUM('FY16 sampling by SC'!H17) -> 0 | F16: =SUM('FY16 sampling by SC'!I17) -> 0 | G16: =SUM('FY16 sampling by SC'!J17) -> 0 | H16: =SUM('FY16 sampling by SC'!L17) -> 0 | I16: =SUM('FY16 sampling by SC'!M17) -> 0 | J16: =SUM('FY16 sampling by SC'!B17) -> 71999 | K16: =SUM('FY16 sampling by SC'!D17) -> 53538.48 | L16: =SUM('FY16 sampling by SC'!E17) -> 0 | M16: =SUM('FY16 chem site costs'!J40:J41) -> 2582 | N16: =SUM('FY16 sampling by SC'!N17) -> 0 | O16: =SUM('FY16 sampling by SC'!O17) -> 0
A17: KY | C17: =D17+F17+G17+I17+J17+L17+M17+N17 -> 261245 | D17: =SUM('FY16 sampling by SC'!F18:G18) -> 215345 | E17: =SUM('FY16 sampling by SC'!H18) -> 95535.6 | F17: =SUM('FY16 sampling by SC'!I18) -> 0 | G17: =SUM('FY16 sampling by SC'!J18) -> 0 | H17: =SUM('FY16 sampling by SC'!L18) -> 0 | I17: =SUM('FY16 sampling by SC'!M18) -> 0 | J17: =SUM('FY16 sampling by SC'!B18) -> 0 | K17: =SUM('FY16 sampling by SC'!D18) -> 0 | L17: =SUM('FY16 sampling by SC'!E18) -> 45900 | M17: 0 | N17: =SUM('FY16 sampling by SC'!N18) -> 0 | O17: =SUM('FY16 sampling by SC'!O18) -> 0
A18: LA | C18: =D18+F18+G18+I18+J18+L18+M18+N18 -> 539087.55 | D18: =SUM('FY16 sampling by SC'!F19:G19) -> 439593 | E18: =SUM('FY16 sampling by SC'!H19) -> 149074.08 | F18: =SUM('FY16 sampling by SC'!I19) -> 0 | G18: =SUM('FY16 sampling by SC'!J19) -> 0 | H18: =SUM('FY16 sampling by SC'!L19) -> 0 | I18: =SUM('FY16 sampling by SC'!M19) -> 40800 | J18: =SUM('FY16 sampling by SC'!B19) -> 19565 | K18: =SUM('FY16 sampling by SC'!D19) -> 4490.43 | L18: =SUM('FY16 sampling by SC'!E19) -> 18640 | M18: =SUM('FY16 chem site costs'!J46:J50) -> 1553 | N18: =SUM('FY16 sampling by SC'!N19) -> 18936.547 | O18: =SUM('FY16 sampling by SC'!O19) -> 3000
A19: MA | C19: =D19+F19+G19+I19+J19+L19+M19+N19 -> 1242 | D19: =SUM('FY16 sampling by SC'!F21:G21) -> 0 | E19: 0 | F19: 0 | G19: 0 | H19: 0 | I19: 0 | J19: 0 | K19: 0 | L19: 0 | M19: =SUM('FY16 chem site costs'!J105) -> 1242 | N19: 0 | O19: =SUM('FY16 sampling by SC'!O21) -> 0
A20: MD | C20: =D20+F20+G20+I20+J20+L20+M20+N20 -> 279577.94 | D20: =SUM('FY16 sampling by SC'!F20:G20) -> 15392 | E20: =SUM('FY16 sampling by SC'!H20) -> 23883.9 | F20: =SUM('FY16 sampling by SC'!I20) -> 0 | G20: =SUM('FY16 sampling by SC'!J20) -> 0 | H20: =SUM('FY16 sampling by SC'!L20) -> 0 | I20: =SUM('FY16 sampling by SC'!M20) -> 0 | J20: =SUM('FY16 sampling by SC'!B20:C20) -> 204450 | K20: =SUM('FY16 sampling by SC'!D20) -> 73255.31 | L20: =SUM('FY16 sampling by SC'!E20) -> 20770 | M20: 0 | N20: =SUM('FY16 sampling by SC'!N20) -> 38965.944 | O20: =SUM('FY16 sampling by SC'!O20) -> 6000
A21: ME | C21: =D21+F21+G21+I21+J21+L21+M21+N21 -> 4348 | D21: 0 | E21: 0 | F21: 0 | G21: 0 | H21: 0 | I21: 0 | J21: 0 | K21: =SUM('FY16 sampling by SC'!D23) -> 0 | L21: 0 | M21: =SUM('FY16 chem site costs'!J106) -> 4348 | N21: =SUM('FY16 sampling by SC'!N23) -> 0 | O21: =SUM('FY16 sampling by SC'!O23) -> 0
A22: MI | C22: =D22+F22+G22+I22+J22+L22+M22+N22 -> 88189 | D22: 0 | E22: =SUM('FY16 sampling by SC'!H21) -> 0 | F22: =SUM('FY16 sampling by SC'!I21) -> 0 | G22: =SUM('FY16 sampling by SC'!J21) -> 0 | H22: =SUM('FY16 sampling by SC'!L21) -> 0 | I22: =SUM('FY16 sampling by SC'!M21) -> 0 | J22: =SUM('FY16 sampling by SC'!B21) -> 88189 | K22: =SUM('FY16 sampling by SC'!D21) -> 39110.3 | L22: =SUM('FY16 sampling by SC'!E21) -> 0 | M22: 0 | N22: =SUM('FY16 sampling by SC'!N21) -> 0 | O22: =SUM('FY16 sampling by SC'!O21) -> 0
A23: MN | C23: =D23+F23+G23+I23+J23+L23+M23+N23 -> 133803 | D23: 0 | E23: =SUM('FY16 sampling by SC'!H22) -> 0 | F23: =SUM('FY16 sampling by SC'!I22) -> 0 | G23: =SUM('FY16 sampling by SC'!J22) -> 0 | H23: =SUM('FY16 sampling by SC'!L22) -> 0 | I23: =SUM('FY16 sampling by SC'!M22) -> 0 | J23: =SUM('FY16 sampling by SC'!B22) -> 117058 | K23: =SUM('FY16 sampling by SC'!D22) -> 62193.02 | L23: =SUM('FY16 sampling by SC'!E22) -> 0 | M23: =SUM('FY16 chem site costs'!J58:J59) -> 2900 | N23: =SUM('FY16 sampling by SC'!N22) -> 13845 | O23: =SUM('FY16 sampling by SC'!O22) -> 3000
A24: MO | C24: =D24+F24+G24+I24+J24+L24+M24+N24 -> 207868 | D24: =SUM('FY16 sampling by SC'!F23:G23) -> 166533 | E24: =SUM('FY16 sampling by SC'!H23) -> 71651.7 | F24: =SUM('FY16 sampling by SC'!I23) -> 41335 | G24: =SUM('FY16 sampling by SC'!J23) -> 0 | H24: =SUM('FY16 sampling by SC'!L23) -> 0 | I24: =SUM('FY16 sampling by SC'!M23) -> 0 | J24: =SUM('FY16 sampling by SC'!B23) -> 0 | K24: =SUM('FY16 sampling by SC'!D23) -> 0 | L24: =SUM('FY16 sampling by SC'!E23) -> 0 | M24: 0 | N24: =SUM('FY16 sampling by SC'!N23) -> 0 | O24: =SUM('FY16 sampling by SC'!O23) -> 0
A25: MS | C25: =D25+F25+G25+I25+J25+L25+M25+N25 -> 285416.15 | D25: =SUM('FY16 sampling by SC'!F24:G24) -> 0 | E25: =SUM('FY16 sampling by SC'!H24) -> 0 | F25: =SUM('FY16 sampling by SC'!I24) -> 0 | G25: =SUM('FY16 sampling by SC'!J24:K24) -> 70676 | H25: =SUM('FY16 sampling by SC'!L24) -> 23883.9 | I25: =SUM('FY16 sampling by SC'!M24) -> 20700 | J25: =SUM('FY16 sampling by SC'!B24:C24) -> 172107 | K25: =SUM('FY16 sampling by SC'!D24) -> 68764.88 | L25: =SUM('FY16 sampling by SC'!E24) -> 0 | M25: =SUM('FY16 chem site costs'!J63:J65) -> 3105 | N25: =SUM('FY16 sampling by SC'!N24) -> 18828.148 | O25: =SUM('FY16 sampling by SC'!O24) -> 3000
A26: MT-WY | C26: =D26+F26+G26+I26+J26+L26+M26+N26 -> 131987.49 | D26: =SUM('FY16 sampling by SC'!F25:G25) -> 0 | E26: =SUM('FY16 sampling by SC'!H25) -> 0 | F26: =SUM('FY16 sampling by SC'!I25) -> 0 | G26: =SUM('FY16 sampling by SC'!J25:K25) -> 0 | H26: =SUM('FY16 sampling by SC'!L25) -> 0 | I26: =SUM('FY16 sampling by SC'!M25) -> 0 | J26: =SUM('FY16 sampling by SC'!B25:C25) -> 97874 | K26: =SUM('FY16 sampling by SC'!D25) -> 28374.33 | L26: =SUM('FY16 sampling by SC'!E25) -> 0 | M26: =SUM('FY16 chem site costs'!J66:J67) -> 12960 | N26: =SUM('FY16 sampling by SC'!N25) -> 21153.488 | O26: =SUM('FY16 sampling by SC'!O25) -> 3000
A27: NC | C27: =D27+F27+G27+I27+J27+L27+M27+N27 -> 265771.6 | D27: =SUM('FY16 sampling by SC'!F26:G26) -> 0 | E27: =SUM('FY16 sampling by SC'!H26) -> 0 | F27: =SUM('FY16 sampling by SC'!I26) -> 0 | G27: =SUM('FY16 sampling by SC'!J26) -> 0 | H27: =SUM('FY16 sampling by SC'!L26) -> 0 | I27: =SUM('FY16 sampling by SC'!M26) -> 0 | J27: =SUM('FY16 sampling by SC'!B26) -> 232336 | K27: =SUM('FY16 sampling by SC'!D26) -> 107875.18 | L27: =SUM('FY16 sampling by SC'!E26) -> 0 | M27: =SUM('FY16 chem site costs'!J68:J69) -> 3313 | N27: =SUM('FY16 sampling by SC'!N26) -> 30122.602 | O27: =SUM('FY16 sampling by SC'!O26) -> 6000
A28: ND | C28: =D28+F28+G28+I28+J28+L28+M28+N28 -> 29205 | D28: =SUM('FY16 sampling by SC'!F27:G27) -> 0 | E28: =SUM('FY16 sampling by SC'!H27) -> 0 | F28: =SUM('FY16 sampling by SC'!I27) -> 0 | G28: =SUM('FY16 sampling by SC'!J27) -> 0 | H28: =SUM('FY16 sampling by SC'!L27) -> 0 | I28: =SUM('FY16 sampling by SC'!M27) -> 0 | J28: =SUM('FY16 sampling by SC'!B27) -> 29205 | K28: =SUM('FY16 sampling by SC'!D27) -> 23883.9 | L28: =SUM('FY16 sampling by SC'!E27) -> 0 | M28: 0 | N28: =SUM('FY16 sampling by SC'!N27) -> 0 | O28: =SUM('FY16 sampling by SC'!O27) -> 0
A29: NE | C29: =D29+F29+G29+I29+J29+L29+M29+N29 -> 287862.35 | D29: =SUM('FY16 sampling by SC'!F28:G28) -> 0 | E29: =SUM('FY16 sampling by SC'!H28) -> 0 | F29: =SUM('FY16 sampling by SC'!I28) -> 0 | G29: =SUM('FY16 sampling by SC'!J28) -> 0 | H29: =SUM('FY16 sampling by SC'!L28) -> 0 | I29: =SUM('FY16 sampling by SC'!M28) -> 0 | J29: =SUM('FY16 sampling by SC'!B28:C28) -> 242364 | K29: =SUM('FY16 sampling by SC'!D28) -> 97139.21 | L29: =SUM('FY16 sampling by SC'!E28) -> 0 | M29: =SUM('FY16 chem site costs'!J72:J75) -> 3054 | N29: =SUM('FY16 sampling by SC'!N28) -> 42444.352 | O29: =SUM('FY16 sampling by SC'!O28) -> 6000
A30: NH | C30: =D30+F30+G30+I30+J30+L30+M30+N30 -> 0 | D30: 0 | E30: 0 | F30: 0 | G30: 0 | H30: 0 | I30: 0 | J30: 0 | K30: 0 | L30: 0 | M30: 0 | N30: 0 | O30: 0
A31: NJ | C31: =D31+F31+G31+I31+J31+L31+M31+N31 -> 72993 | D31: =SUM('FY16 sampling by SC'!F29:G29) -> 0 | E31: =SUM('FY16 sampling by SC'!H29) -> 0 | F31: =SUM('FY16 sampling by SC'!I29) -> 0 | G31: =SUM('FY16 sampling by SC'!J29) -> 0 | H31: =SUM('FY16 sampling by SC'!L29) -> 0 | I31: =SUM('FY16 sampling by SC'!M29) -> 0 | J31: =SUM('FY16 sampling by SC'!B29:C29) -> 70209 | K31: =SUM('FY16 sampling by SC'!D29) -> 23883.9 | L31: =SUM('FY16 sampling by SC'!E29) -> 0 | M31: =SUM('FY16 chem site costs'!J76) -> 2784 | N31: =SUM('FY16 sampling by SC'!N29) -> 0 | O31: =SUM('FY16 sampling by SC'!O29) -> 0
A32: NM | C32: =D32+F32+G32+I32+J32+L32+M32+N32 -> 139708.07 | D32: =SUM('FY16 sampling by SC'!F30:G30) -> 0 | E32: =SUM('FY16 sampling by SC'!H30) -> 0 | F32: =SUM('FY16 sampling by SC'!I30) -> 0 | G32: =SUM('FY16 sampling by SC'!J30) -> 0 | H32: =SUM('FY16 sampling by SC'!L30) -> 0 | I32: =SUM('FY16 sampling by SC'!M30) -> 0 | J32: =SUM('FY16 sampling by SC'!B30) -> 112239 | K32: =SUM('FY16 sampling by SC'!D30) -> 28374.33 | L32: =SUM('FY16 sampling by SC'!E30) -> 0 | M32: =SUM('FY16 chem site costs'!J77:J78) -> 2609 | N32: =SUM('FY16 sampling by SC'!N30) -> 24860.073 | O32: =SUM('FY16 sampling by SC'!O30) -> 3000
A33: NV | C33: =D33+F33+G33+I33+J33+L33+M33+N33 -> 71327 | D33: =SUM('FY16 sampling by SC'!F31:G31) -> 0 | E33: =SUM('FY16 sampling by SC'!H31) -> 0 | F33: =SUM('FY16 sampling by SC'!I31) -> 0 | G33: =SUM('FY16 sampling by SC'!J31) -> 0 | H33: =SUM('FY16 sampling by SC'!L31) -> 0 | I33: =SUM('FY16 sampling by SC'!M31) -> 0 | J33: =SUM('FY16 sampling by SC'!B31) -> 66357 | K33: =SUM('FY16 sampling by SC'!D31) -> 29654.58 | L33: =SUM('FY16 sampling by SC'!E31) -> 0 | M33: =SUM('FY16 chem site costs'!J79) -> 4970 | N33: =SUM('FY16 sampling by SC'!N31) -> 0 | O33: =SUM('FY16 sampling by SC'!O31) -> 0
A34: NY | C34: =D34+F34+G34+I34+J34+L34+M34+N34 -> 266048.49 | D34: =SUM('FY16 sampling by SC'!F32:G32) -> 61889 | E34: =SUM('FY16 sampling by SC'!H32) -> 23883.9 | F34: =SUM('FY16 sampling by SC'!I32) -> 0 | G34: =SUM('FY16 sampling by SC'!J32:K32) -> 70947 | H34: =SUM('FY16 sampling by SC'!L32) -> 23883.9 | I34: =SUM('FY16 sampling by SC'!M32) -> 0 | J34: =SUM('FY16 sampling by SC'!B32) -> 115953 | K34: =SUM('FY16 sampling by SC'!D32) -> 39110.3 | L34: =SUM('FY16 sampling by SC'!E32) -> 0 | M34: =SUM('FY16 chem site costs'!J81:J82) -> 2161 | N34: =SUM('FY16 sampling by SC'!N32) -> 15098.495 | O34: =SUM('FY16 sampling by SC'!O32) -> 3000
A35: OH | C35: =D35+F35+G35+I35+J35+L35+M35+N35 -> 109368.74 | D35: =SUM('FY16 sampling by SC'!F33:G33) -> 0 | E35: =SUM('FY16 sampling by SC'!H33) -> 0 | F35: =SUM('FY16 sampling by SC'!I33) -> 0 | G35: =SUM('FY16 sampling by SC'!J33) -> 0 | H35: =SUM('FY16 sampling by SC'!L33) -> 0 | I35: =SUM('FY16 sampling by SC'!M33) -> 0 | J35: =SUM('FY16 sampling by SC'!B33) -> 86338 | K35: =SUM('FY16 sampling by SC'!D33) -> 29654.58 | L35: =SUM('FY16 sampling by SC'!E33) -> 0 | M35: 0 | N35: =SUM('FY16 sampling by SC'!N33) -> 23030.74 | O35: =SUM('FY16 sampling by SC'!O33) -> 3000
A36: OK | C36: =D36+F36+G36+I36+J36+L36+M36+N36 -> 32205 | D36: =SUM('FY16 sampling by SC'!F34:G34) -> 0 | E36: =SUM('FY16 sampling by SC'!H34) -> 0 | F36: =SUM('FY16 sampling by SC'!I34) -> 0 | G36: =SUM('FY16 sampling by SC'!J34) -> 0 | H36: =SUM('FY16 sampling by SC'!L34) -> 0 | I36: =SUM('FY16 sampling by SC'!M34) -> 0 | J36: =SUM('FY16 sampling by SC'!B34) -> 27030 | K36: =SUM('FY16 sampling by SC'!D34) -> 29654.58 | L36: =SUM('FY16 sampling by SC'!E34) -> 0 | M36: =SUM('FY16 chem site costs'!J84) -> 5175 | N36: =SUM('FY16 sampling by SC'!N34) -> 0 | O36: =SUM('FY16 sampling by SC'!O34) -> 0
A37: OR | C37: =D37+F37+G37+I37+J37+L37+M37+N37 -> 439204.63 | D37: =SUM('FY16 sampling by SC'!F35:G35) -> 68846 | E37: =SUM('FY16 sampling by SC'!H35) -> 20998.56 | F37: =SUM('FY16 sampling by SC'!I35) -> 0 | G37: =SUM('FY16 sampling by SC'!J35) -> 0 | H37: =SUM('FY16 sampling by SC'!L35) -> 0 | I37: =SUM('FY16 sampling by SC'!M35) -> 0 | J37: =SUM('FY16 sampling by SC'!B35) -> 290938 | K37: =SUM('FY16 sampling by SC'!D35) -> 112365.61 | L37: =SUM('FY16 sampling by SC'!E35) -> 20700 | M37: =SUM('FY16 chem site costs'!J85) -> 15423 | N37: =SUM('FY16 sampling by SC'!N35) -> 43297.625 | O37: =SUM('FY16 sampling by SC'!O35) -> 9000
A38: PA | C38: =D38+F38+G38+I38+J38+L38+M38+N38 -> 1946 | D38: 0 | E38: 0 | F38: 0 | G38: 0 | H38: 0 | I38: 0 | J38: 0 | K38: 0 | L38: 0 | M38: =SUM('FY16 chem site costs'!J107) -> 1946 | N38: 0 | O38: 0
A39: SC | C39: =D39+F39+G39+I39+J39+L39+M39+N39 -> 143064.84 | D39: =SUM('FY16 sampling by SC'!F36:G36) -> 0 | E39: =SUM('FY16 sampling by SC'!H36) -> 0 | F39: =SUM('FY16 sampling by SC'!I36) -> 0 | G39: =SUM('FY16 sampling by SC'!J36) -> 0 | H39: =SUM('FY16 sampling by SC'!L36) -> 0 | I39: =SUM('FY16 sampling by SC'!M36) -> 0 | J39: =SUM('FY16 sampling by SC'!B36) -> 126600 | K39: =SUM('FY16 sampling by SC'!D36) -> 34145.01 | L39: =SUM('FY16 sampling by SC'!E36) -> 0 | M39: =SUM('FY16 chem site costs'!J90:J91) -> 2260 | N39: =SUM('FY16 sampling by SC'!N36) -> 14204.843 | O39: =SUM('FY16 sampling by SC'!O36) -> 3000
A40: SD | C40: =D40+F40+G40+I40+J40+L40+M40+N40 -> 0 | D40: 0 | E40: 0 | F40: 0 | G40: 0 | H40: 0 | I40: 0 | J40: 0 | K40: 0 | L40: 0 | M40: 0 | N40: 0 | O40: 0
A41: TN | C41: =D41+F41+G41+I41+J41+L41+M41+N41 -> 2114 | D41: 0 | E41: 0 | F41: 0 | G41: 0 | H41: 0 | I41: 0 | J41: 0 | K41: 0 | L41: 0 | M41: =SUM('FY16 chem site costs'!J108) -> 2114 | N41: 0 | O41: 0
A42: TX | C42: =D42+F42+G42+I42+J42+L42+M42+N42 -> 450470.57 | D42: =SUM('FY16 sampling by SC'!F37:G37) -> 79989 | E42: =SUM('FY16 sampling by SC'!H37) -> 20998.56 | F42: =SUM('FY16 sampling by SC'!I37) -> 0 | G42: =SUM('FY16 sampling by SC'!J37:K37) -> 64096 | H42: =SUM('FY16 sampling by SC'!L37) -> 23883.9 | I42: =SUM('FY16 sampling by SC'!M37) -> 0 | J42: =SUM('FY16 sampling by SC'!B37) -> 253778 | K42: =SUM('FY16 sampling by SC'!D37) -> 73255.31 | L42: =SUM('FY16 sampling by SC'!E37) -> 0 | M42: =SUM('FY16 chem site costs'!J92:J96) -> 10240 | N42: =SUM('FY16 sampling by SC'!N37) -> 42367.569 | O42: =SUM('FY16 sampling by SC'!O37) -> 6000
A43: UT | C43: =D43+F43+G43+I43+J43+L43+M43+N43 -> 183853.84 | D43: =SUM('FY16 sampling by SC'!F38) -> 0 | E43: =SUM('FY16 sampling by SC'!H38) -> 0 | F43: =SUM('FY16 sampling by SC'!I38) -> 0 | G43: =SUM('FY16 sampling by SC'!J38) -> 0 | H43: =SUM('FY16 sampling by SC'!L38) -> 0 | I43: =SUM('FY16 sampling by SC'!M38) -> 0 | J43: =SUM('FY16 sampling by SC'!B38) -> 159419 | K43: =SUM('FY16 sampling by SC'!D38) -> 73255.31 | L43: =SUM('FY16 sampling by SC'!E38) -> 0 | M43: =SUM('FY16 chem site costs'!J97:J99) -> 5367 | N43: =SUM('FY16 sampling by SC'!N38) -> 19067.842 | O43: =SUM('FY16 sampling by SC'!O38) -> 6000
A44: VA-WV | C44: =D44+F44+G44+I44+J44+L44+M44+N44 -> 5508 | D44: 0 | E44: 0 | F44: 0 | G44: 0 | H44: 0 | I44: 0 | J44: 0 | K44: 0 | L44: 0 | M44: =SUM('FY16 chem site costs'!J109) -> 5508 | N44: 0 | O44: 0
A45: WA | C45: =D45+F45+G45+I45+J45+L45+M45+N45 -> 219006.69 | D45: =SUM('FY16 sampling by SC'!F39) -> 0 | E45: =SUM('FY16 sampling by SC'!H39) -> 0 | F45: =SUM('FY16 sampling by SC'!I39) -> 0 | G45: =SUM('FY16 sampling by SC'!J39) -> 0 | H45: =SUM('FY16 sampling by SC'!L39) -> 0 | I45: =SUM('FY16 sampling by SC'!M39) -> 0 | J45: =SUM('FY16 sampling by SC'!B39) -> 182583 | K45: =SUM('FY16 sampling by SC'!D39) -> 73255.31 | L45: =SUM('FY16 sampling by SC'!E39) -> 0 | M45: =SUM('FY16 chem site costs'!J100:J102) -> 7889 | N45: =SUM('FY16 sampling by SC'!N39) -> 28534.694 | O45: =SUM('FY16 sampling by SC'!O39) -> 6000
A46: WI | C46: =D46+F46+G46+I46+J46+L46+M46+N46 -> 50705.125 | D46: =SUM('FY16 sampling by SC'!F40) -> 0 | E46: =SUM('FY16 sampling by SC'!H40) -> 0 | F46: =SUM('FY16 sampling by SC'!I40) -> 0 | G46: =SUM('FY16 sampling by SC'!J40) -> 0 | H46: =SUM('FY16 sampling by SC'!L40) -> 0 | I46: =SUM('FY16 sampling by SC'!M40) -> 0 | J46: =SUM('FY16 sampling by SC'!B40) -> 26377 | K46: =SUM('FY16 sampling by SC'!D40) -> 4490.43 | L46: =SUM('FY16 sampling by SC'!E40) -> 0 | M46: =SUM('FY16 chem site costs'!J103) -> 1563 | N46: =SUM('FY16 sampling by SC'!N40) -> 22765.125 | O46: =SUM('FY16 sampling by SC'!O40) -> 3000
A56: HQ Account
A57: Column Totals | B57: =SUM(B2:B56) -> 0 | C57: =SUM(C2:C56) -> 7893037.6 | D57: =SUM(D2:D56) -> 1619846 | E57: =SUM(E2:E56) -> 602548.8 | F57: =SUM(F2:F56) -> 41335 | G57: =SUM(G2:G56) -> 264689 | H57: =SUM(H2:H56) -> 95535.6 | I57: =SUM(I2:I56) -> 61500 | ... O57: =SUM(O2:O56) -> 114000
A61: Lab | C61: =E57+H57+K57+O57 -> 2562259.7
A62: QW Continuous Monitoring | C62: =F57+I57+L57 -> 547385
A63: Temperature Monitoring | C63: =M57 -> 182024
A64: Sampling (minus lab) | C64: =D57+G57+J57+N57 -> 7163628.6
A65: NFSN Coordinator (Crawford)
A66: NFSN office co-location (Crawford
A67: NFSN Management Asst (Reutter)
A68: NFSN Asst Lead (Deacon)
A69: NFSN QA Specialist (Martin)
A70: NFSN Eco Specialist (Bell)
A71: NFSN Asst (Stone)
A72: NFSN GIS Specialist (Baker)
A73: NFSN WQ data analyst (Lee)
A74: NFSN Datebase Asst (Argue)
A75: NFSN Support (Norman)
A76: NFSN Support (Toccalino)
... A81: CIDA - Sediment Web site
A82: Eco contracts reserve | C82: 10000
A83: Eco equipment reserve | C83: 6000
A84: Eco electroshocking training reserve | C84: 35000
A85: Nitrate sensor for Kansas River (budget permitting) | C85: 10000
A88: Total | C88: =SUM(C60:C85) -> 10516297

Sheet Targets sorted by Region
A1: Science Center | B1: SW Monitoring and Status Assessment Team | C1: SW Monitoring Data Collection Sum | D1: NASQAN Data Collection | E1: NASQAN Sample Analyses | F1: NASQAN QW Continuous Monitoring | G1: NMN Data Collection | H1: NMN Sample Analyses | I1: NMN QW Continuous Monitoring | J1: NAWQA SW Status QW Data Collection | K1: NAWQA SW Status QW Sample Analyses | L1: NAWQA QW Continuous Monitoring | M1: NAWQA temperature monitoring | N1: NAWQA ECO Data Collection | O1: NAWQA ECO Sample Analyses
A2: CT | C2: =D2+F2+G2+I2+J2+L2+M2+N2 -> 189054.05 | D2: =SUM('FY16 sampling by SC'!F10:G10) -> 0 | E2: =SUM('FY16 sampling by SC'!H10) -> 0 | F2: =SUM('FY16 sampling by SC'!I10) -> 0 | G2: =SUM('FY16 sampling by SC'!J10) -> 0 | H2: =SUM('FY16 sampling by SC'!L10) -> 0 | I2: =SUM('FY16 sampling by SC'!M10) -> 0 | J2: =SUM('FY16 sampling by SC'!B10:C10) -> 155805 | K2: =SUM('FY16 sampling by SC'!D10) -> 73255.31 | L2: =SUM('FY16 sampling by SC'!E10) -> 0 | M2: 0 | N2: =SUM('FY16 sampling by SC'!N10) -> 33249.049 | O2: =SUM('FY16 sampling by SC'!O10) -> 6000
A3: IL | C3: =D3+F3+G3+I3+J3+L3+M3+N3 -> 121632 | D3: =SUM('FY16 sampling by SC'!F15:G15) -> 0 | E3: =SUM('FY16 sampling by SC'!H15) -> 0 | F3: =SUM('FY16 sampling by SC'!I15) -> 0 | G3: =SUM('FY16 sampling by SC'!J15) -> 0 | H3: =SUM('FY16 sampling by SC'!L15) -> 0 | I3: =SUM('FY16 sampling by SC'!M15) -> 0 | J3: =SUM('FY16 sampling by SC'!B15:C15) -> 100932 | K3: =SUM('FY16 sampling by SC'!D15) -> 23883.9 | L3: =SUM('FY16 sampling by SC'!E15) -> 20700 | M3: 0 | N3: =SUM('FY16 sampling by SC'!N15) -> 0 | O3: =SUM('FY16 sampling by SC'!O15) -> 0
A4: IN | C4: =D4+F4+G4+I4+J4+L4+M4+N4 -> 245698.04 | D4: =SUM('FY16 sampling by SC'!F16:G16) -> 0 | E4: =SUM('FY16 sampling by SC'!H16) -> 0 | F4: =SUM('FY16 sampling by SC'!I16) -> 0 | G4: =SUM('FY16 sampling by SC'!J16) -> 0 | H4: =SUM('FY16 sampling by SC'!L16) -> 0 | I4: =SUM('FY16 sampling by SC'!M16) -> 0 | J4: =SUM('FY16 sampling by SC'!B16:C16) -> 220968 | K4: =SUM('FY16 sampling by SC'!D16) -> 68764.88 | L4: =SUM('FY16 sampling by SC'!E16) -> 11500 | M4: 0 | N4: =SUM('FY16 sampling by SC'!N16) -> 13230.038 | O4: =SUM('FY16 sampling by SC'!O16) -> 3000
A5: KY | C5: =D5+F5+G5+I5+J5+L5+M5+N5 -> 261245 | D5: =SUM('FY16 sampling by SC'!F18:G18) -> 215345 | E5: =SUM('FY16 sampling by SC'!H18) -> 95535.6 | F5: =SUM('FY16 sampling by SC'!I18) -> 0 | G5: =SUM('FY16 sampling by SC'!J18) -> 0 | H5: =SUM('FY16 sampling by SC'!L18) -> 0 | I5: =SUM('FY16 sampling by SC'!M18) -> 0 | J5: =SUM('FY16 sampling by SC'!B18:C18) -> 0 | K5: =SUM('FY16 sampling by SC'!D18) -> 0 | L5: =SUM('FY16 sampling by SC'!E18) -> 45900 | M5: 0 | N5: =SUM('FY16 sampling by SC'!N18) -> 0 | O5: =SUM('FY16 sampling by SC'!O18) -> 0
A6: MA | C6: =D6+F6+G6+I6+J6+L6+M6+N6 -> 1242 | D6: 0 | E6: 0 | F6: 0 | G6: 0 | H6: 0 | I6: 0 | J6: 0 | K6: 0 | L6: 0 | M6: =SUM('FY16 chem site costs'!J105) -> 1242 | N6: 0 | O6: 0
A7: MD | C7: =D7+F7+G7+I7+J7+L7+M7+N7 -> 279577.94 | D7: =SUM('FY16 sampling by SC'!F20:G20) -> 15392 | E7: =SUM('FY16 sampling by SC'!H20) -> 23883.9 | F7: =SUM('FY16 sampling by SC'!I20) -> 0 | G7: =SUM('FY16 sampling by SC'!J20) -> 0 | H7: =SUM('FY16 sampling by SC'!L20) -> 0 | I7: =SUM('FY16 sampling by SC'!M20) -> 0 | J7: =SUM('FY16 sampling by SC'!B20:C20) -> 204450 | K7: =SUM('FY16 sampling by SC'!D20) -> 73255.31 | L7: =SUM('FY16 sampling by SC'!E20) -> 20770 | M7: 0 | N7: =SUM('FY16 sampling by SC'!N20) -> 38965.944 | O7: =SUM('FY16 sampling by SC'!O20) -> 6000
A8: ME | C8: =D8+F8+G8+I8+J8+L8+M8+N8 -> 4348 | D8: 0 | E8: 0 | F8: 0 | G8: 0 | H8: 0 | I8: 0 | J8: 0 | K8: 0 | L8: 0 | M8: =SUM('FY16 chem site costs'!J106) -> 4348 | N8: 0 | O8: 0
A9: MI | C9: =D9+F9+G9+I9+J9+L9+M9+N9 -> 88189 | D9: =SUM('FY16 sampling by SC'!F21:G21) -> 0 | E9: =SUM('FY16 sampling by SC'!H21) -> 0 | F9: =SUM('FY16 sampling by SC'!I21) -> 0 | G9: =SUM('FY16 sampling by SC'!J21) -> 0 | H9: =SUM('FY16 sampling by SC'!L21) -> 0 | I9: =SUM('FY16 sampling by SC'!M21) -> 0 | J9: =SUM('FY16 sampling by SC'!B21:C21) -> 88189 | K9: =SUM('FY16 sampling by SC'!D21) -> 39110.3 | L9: =SUM('FY16 sampling by SC'!E21) -> 0 | M9: 0 | N9: =SUM('FY16 sampling by SC'!N21) -> 0 | O9: =SUM('FY16 sampling by SC'!O21) -> 0
A10: NH | C10: =D10+F10+G10+I10+J10+L10+M10+N10 -> 0 | D10: 0 | E10: 0 | F10: 0 | G10: 0 | H10: 0 | I10: 0 | J10: 0 | K10: 0 | L10: 0 | M10: 0 | N10: 0 | O10: 0
A11: NJ | C11: =D11+F11+G11+I11+J11+L11+M11+N11 -> 72993 | D11: =SUM('FY16 sampling by SC'!F29:G29) -> 0 | E11: =SUM('FY16 sampling by SC'!H29) -> 0 | F11: =SUM('FY16 sampling by SC'!I29) -> 0 | G11: =SUM('FY16 sampling by SC'!J29) -> 0 | H11: =SUM('FY16 sampling by SC'!L29) -> 0 | I11: =SUM('FY16 sampling by SC'!M29) -> 0 | J11: =SUM('FY16 sampling by SC'!B29:C29) -> 70209 | K11: =SUM('FY16 sampling by SC'!D29) -> 23883.9 | L11: =SUM('FY16 sampling by SC'!E29) -> 0 | M11: =SUM('FY16 chem site costs'!J76) -> 2784 | N11: =SUM('FY16 sampling by SC'!N29) -> 0 | O11: =SUM('FY16 sampling by SC'!O29) -> 0
A12: NY | C12: =D12+F12+G12+I12+J12+L12+M12+N12 -> 266048.49 | D12: =SUM('FY16 sampling by SC'!F32:G32) -> 61889 | E12: =SUM('FY16 sampling by SC'!H32) -> 23883.9 | F12: =SUM('FY16 sampling by SC'!I32) -> 0 | G12: =SUM('FY16 sampling by SC'!J32:K32) -> 70947 | H12: =SUM('FY16 sampling by SC'!L32) -> 23883.9 | I12: =SUM('FY16 sampling by SC'!M32) -> 0 | J12: =SUM('FY16 sampling by SC'!B32:C32) -> 115953 | K12: =SUM('FY16 sampling by SC'!D32) -> 39110.3 | L12: =SUM('FY16 sampling by SC'!E32) -> 0 | M12: =SUM('FY16 chem site costs'!J81:J82) -> 2161 | N12: =SUM('FY16 sampling by SC'!N32) -> 15098.495 | O12: =SUM('FY16 sampling by SC'!O32) -> 3000
A13: OH | C13: =D13+F13+G13+I13+J13+L13+M13+N13 -> 109368.74 | D13: =SUM('FY16 sampling by SC'!F33:G33) -> 0 | E13: =SUM('FY16 sampling by SC'!H33) -> 0 | F13: =SUM('FY16 sampling by SC'!I33) -> 0 | G13: =SUM('FY16 sampling by SC'!J33) -> 0 | H13: =SUM('FY16 sampling by SC'!L33) -> 0 | I13: =SUM('FY16 sampling by SC'!M33) -> 0 | J13: =SUM('FY16 sampling by SC'!B33:C33) -> 86338 | K13: =SUM('FY16 sampling by SC'!D33) -> 29654.58 | L13: =SUM('FY16 sampling by SC'!E33) -> 0 | M13: 0 | N13: =SUM('FY16 sampling by SC'!N33) -> 23030.74 | O13: =SUM('FY16 sampling by SC'!O33) -> 3000
A14: PA | C14: =D14+F14+G14+I14+J14+L14+M14+N14 -> 1946 | D14: 0 | E14: 0 | F14: 0 | G14: 0 | H14: 0 | I14: 0 | J14: 0 | K14: 0 | L14: 0 | M14: =SUM('FY16 chem site costs'!J107) -> 1946 | N14: 0 | O14: 0
A15: VA | C15: =D15+F15+G15+I15+J15+L15+M15+N15 -> 5508 | D15: 0 | E15: 0 | F15: 0 | G15: 0 | H15: 0 | I15: 0 | J15: 0 | K15: 0 | L15: 0 | M15: =SUM('FY16 chem site costs'!J109) -> 5508 | N15: 0 | O15: 0
A16: WI | C16: =D16+F16+G16+I16+J16+L16+M16+N16 -> 50705.125 | D16: =SUM('FY16 sampling by SC'!F40:G40) -> 0 | E16: =SUM('FY16 sampling by SC'!H40) -> 0 | F16: =SUM('FY16 sampling by SC'!I40) -> 0 | G16: =SUM('FY16 sampling by SC'!J40) -> 0 | H16: =SUM('FY16 sampling by SC'!L40) -> 0 | I16: =SUM('FY16 sampling by SC'!M40) -> 0 | J16: =SUM('FY16 sampling by SC'!B40:C40) -> 26377 | K16: =SUM('FY16 sampling by SC'!D40) -> 4490.43 | L16: =SUM('FY16 sampling by SC'!E40) -> 0 | M16: =SUM('FY16 chem site costs'!J103) -> 1563 | N16: =SUM('FY16 sampling by SC'!N40) -> 22765.125 | O16: =SUM('FY16 sampling by SC'!O40) -> 3000
A17: WV | C17: =D17+F17+G17+I17+J17+L17+M17+N17 -> 0 | D17: 0 | E17: 0 | F17: 0 | G17: 0 | H17: 0 | I17: 0 | J17: 0 | K17: 0 | L17: 0 | M17: 0 | N17: 0 | O17: 0
A18: AR | C18: =D18+F18+G18+I18+J18+L18+M18+N18 -> 148358.58 | D18: =SUM('FY16 sampling by SC'!F6:G6) -> 60440 | E18: =SUM('FY16 sampling by SC'!H6) -> 23883.9 | F18: =SUM('FY16 sampling by SC'!I6) -> 0 | G18: =SUM('FY16 sampling by SC'!J6) -> 0 | H18: =SUM('FY16 sampling by SC'!L6) -> 0 | I18: =SUM('FY16 sampling by SC'!M6) -> 0 | J18: =SUM('FY16 sampling by SC'!B6:C6) -> 38110 | K18: =SUM('FY16 sampling by SC'!D6) -> 8980.86 | L18: =SUM('FY16 sampling by SC'!E6) -> 0 | M18: =SUM('FY16 chem site costs'!J6:J7) -> 10140 | N18: =SUM('FY16 sampling by SC'!N6) -> 39668.583 | O18: =SUM('FY16 sampling by SC'!O6) -> 6000
A19: CO | C19: =D19+F19+G19+I19+J19+L19+M19+N19 -> 278855.65 | D19: =SUM('FY16 sampling by SC'!F9:G9) -> 0 | E19: =SUM('FY16 sampling by SC'!H9) -> 0 | F19: =SUM('FY16 sampling by SC'!I9) -> 0 | G19: =SUM('FY16 sampling by SC'!J9) -> 0 | H19: =SUM('FY16 sampling by SC'!L9) -> 0 | I19: =SUM('FY16 sampling by SC'!M9) -> 0 | J19: =SUM('FY16 sampling by SC'!B9:C9) -> 247462 | K19: =SUM('FY16 sampling by SC'!D9) -> 98419.46 | L19: =SUM('FY16 sampling by SC'!E9) -> 0 | M19: =SUM('FY16 chem site costs'!J18:J20) -> 17600 | N19: =SUM('FY16 sampling by SC'!N9) -> 13793.654 | O19: =SUM('FY16 sampling by SC'!O9) -> 3000
A20: IA | C20: =D20+F20+G20+I20+J20+L20+M20+N20 -> 363166.44 | D20: =SUM('FY16 sampling by SC'!F13:G13) -> 221790 | E20: =SUM('FY16 sampling by SC'!H13) -> 95535.6 | F20: =SUM('FY16 sampling by SC'!I13) -> 0 | G20: =SUM('FY16 sampling by SC'!J13) -> 0 | H20: =SUM('FY16 sampling by SC'!L13) -> 0 | I20: =SUM('FY16 sampling by SC'!M13) -> 0 | J20: =SUM('FY16 sampling by SC'!B13:C13) -> 76990 | K20: =SUM('FY16 sampling by SC'!D13) -> 39110.3 | L20: =SUM('FY16 sampling by SC'!E13) -> 45040 | M20: 0 | N20: =SUM('FY16 sampling by SC'!N13) -> 19346.437 | O20: =SUM('FY16 sampling by SC'!O13) -> 3000
A21: KS | C21: =D21+F21+G21+I21+J21+L21+M21+N21 -> 74581 | D21: =SUM('FY16 sampling by SC'!F17:G17) -> 0 | E21: =SUM('FY16 sampling by SC'!H17) -> 0 | F21: =SUM('FY16 sampling by SC'!I17) -> 0 | G21: =SUM('FY16 sampling by SC'!J17) -> 0 | H21: =SUM('FY16 sampling by SC'!L17) -> 0 | I21: =SUM('FY16 sampling by SC'!M17) -> 0 | J21: =SUM('FY16 sampling by SC'!B17:C17) -> 71999 | K21: =SUM('FY16 sampling by SC'!D17) -> 53538.48 | L21: =SUM('FY16 sampling by SC'!E17) -> 0 | M21: =SUM('FY16 chem site costs'!J40:J41) -> 2582 | N21: =SUM('FY16 sampling by SC'!N17) -> 0 | O21: =SUM('FY16 sampling by SC'!O17) -> 0
A22: LA | C22: =D22+F22+G22+I22+J22+L22+M22+N22 -> 539087.55 | D22: =SUM('FY16 sampling by SC'!F19:G19) -> 439593 | E22: =SUM('FY16 sampling by SC'!H19) -> 149074.08 | F22: =SUM('FY16 sampling by SC'!I19) -> 0 | G22: =SUM('FY16 sampling by SC'!J19) -> 0 | H22: =SUM('FY16 sampling by SC'!L19) -> 0 | I22: =SUM('FY16 sampling by SC'!M19) -> 40800 | J22: =SUM('FY16 sampling by SC'!B19) -> 19565 | K22: =SUM('FY16 sampling by SC'!D19) -> 4490.43 | L22: =SUM('FY16 sampling by SC'!E19) -> 18640 | M22: =SUM('FY16 chem site costs'!J46:J50) -> 1553 | N22: =SUM('FY16 sampling by SC'!N19) -> 18936.547 | O22: =SUM('FY16 sampling by SC'!O19) -> 3000
A23: MN | C23: =D23+F23+G23+I23+J23+L23+M23+N23 -> 133803 | D23: =SUM('FY16 sampling by SC'!F22:G22) -> 0 | E23: =SUM('FY16 sampling by SC'!H22) -> 0 | F23: =SUM('FY16 sampling by SC'!I22) -> 0 | G23: =SUM('FY16 sampling by SC'!J22) -> 0 | H23: =SUM('FY16 sampling by SC'!L22) -> 0 | I23: =SUM('FY16 sampling by SC'!M22) -> 0 | J23: =SUM('FY16 sampling by SC'!B22:C22) -> 117058 | K23: =SUM('FY16 sampling by SC'!D22) -> 62193.02 | L23: =SUM('FY16 sampling by SC'!E22) -> 0 | M23: =SUM('FY16 chem site costs'!J58:J59) -> 2900 | N23: =SUM('FY16 sampling by SC'!N22) -> 13845 | O23: =SUM('FY16 sampling by SC'!O22) -> 3000
A24: MO | C24: =D24+F24+G24+I24+J24+L24+M24+N24 -> 207868 | D24: =SUM('FY16 sampling by SC'!F23:G23) -> 166533 | E24: =SUM('FY16 sampling by SC'!H23) -> 71651.7 | F24: =SUM('FY16 sampling by SC'!I23) -> 41335 | G24: =SUM('FY16 sampling by SC'!J23) -> 0 | H24: =SUM('FY16 sampling by SC'!L23) -> 0 | I24: =SUM('FY16 sampling by SC'!M23) -> 0 | J24: =SUM('FY16 sampling by SC'!B23:C23) -> 0 | K24: =SUM('FY16 sampling by SC'!D23) -> 0 | L24: =SUM('FY16 sampling by SC'!E23) -> 0 | M24: 0 | N24: =SUM('FY16 sampling by SC'!N23) -> 0 | O24: =SUM('FY16 sampling by SC'!O23) -> 0
A25: MT-WY | C25: =D25+F25+G25+I25+J25+L25+M25+N25 -> 131987.49 | D25: 0 | E25: 0 | F25: 0 | G25: 0 | H25: 0 | I25: 0 | J25: =SUM('FY16 sampling by SC'!B25:C25) -> 97874 | K25: =SUM('FY16 sampling by SC'!D25) -> 28374.33 | L25: =SUM('FY16 sampling by SC'!E25) -> 0 | M25: =SUM('FY16 chem site costs'!J66:J67) -> 12960 | N25: =SUM('FY16 sampling by SC'!N25) -> 21153.488 | O25: =SUM('FY16 sampling by SC'!O25) -> 3000
A26: ND | C26: =D26+F26+G26+I26+J26+L26+M26+N26 -> 29205 | D26: =SUM('FY16 sampling by SC'!F27:G27) -> 0 | E26: =SUM('FY16 sampling by SC'!H27) -> 0 | F26: =SUM('FY16 sampling by SC'!I27) -> 0 | G26: =SUM('FY16 sampling by SC'!J27) -> 0 | H26: =SUM('FY16 sampling by SC'!L27) -> 0 | I26: =SUM('FY16 sampling by SC'!M27) -> 0 | J26: =SUM('FY16 sampling by SC'!B27:C27) -> 29205 | K26: =SUM('FY16 sampling by SC'!D27) -> 23883.9 | L26: =SUM('FY16 sampling by SC'!E27) -> 0 | M26: 0 | N26: =SUM('FY16 sampling by SC'!N27) -> 0 | O26: =SUM('FY16 sampling by SC'!O27) -> 0
A27: NE | C27: =D27+F27+G27+I27+J27+L27+M27+N27 -> 287862.35 | D27: =SUM('FY16 sampling by SC'!F28:G28) -> 0 | E27: =SUM('FY16 sampling by SC'!H28) -> 0 | F27: =SUM('FY16 sampling by SC'!I28) -> 0 | G27: =SUM('FY16 sampling by SC'!J28) -> 0 | H27: =SUM('FY16 sampling by SC'!L28) -> 0 | I27: =SUM('FY16 sampling by SC'!M28) -> 0 | J27: =SUM('FY16 sampling by SC'!B28:C28) -> 242364 | K27: =SUM('FY16 sampling by SC'!D28) -> 97139.21 | L27: =SUM('FY16 sampling by SC'!E28) -> 0 | M27: =SUM('FY16 chem site costs'!J72:J75) -> 3054 | N27: =SUM('FY16 sampling by SC'!N28) -> 42444.352 | O27: =SUM('FY16 sampling by SC'!O28) -> 6000
A28: NM | C28: =D28+F28+G28+I28+J28+L28+M28+N28 -> 139708.07 | D28: =SUM('FY16 sampling by SC'!F30:G30) -> 0 | E28: =SUM('FY16 sampling by SC'!H30) -> 0 | F28: =SUM('FY16 sampling by SC'!I30) -> 0 | G28: =SUM('FY16 sampling by SC'!J30) -> 0 | H28: =SUM('FY16 sampling by SC'!L30) -> 0 | I28: =SUM('FY16 sampling by SC'!M30) -> 0 | J28: =SUM('FY16 sampling by SC'!B30:C30) -> 112239 | K28: =SUM('FY16 sampling by SC'!D30) -> 28374.33 | L28: =SUM('FY16 sampling by SC'!E30) -> 0 | M28: =SUM('FY16 chem site costs'!J77:J78) -> 2609 | N28: =SUM('FY16 sampling by SC'!N30) -> 24860.073 | O28: =SUM('FY16 sampling by SC'!O30) -> 3000
A29: OK | C29: =D29+F29+G29+I29+J29+L29+M29+N29 -> 32205 | D29: =SUM('FY16 sampling by SC'!F34:G34) -> 0 | E29: =SUM('FY16 sampling by SC'!H34) -> 0 | F29: =SUM('FY16 sampling by SC'!I34) -> 0 | G29: =SUM('FY16 sampling by SC'!J34) -> 0 | H29: =SUM('FY16 sampling by SC'!L34) -> 0 | I29: =SUM('FY16 sampling by SC'!M34) -> 0 | J29: =SUM('FY16 sampling by SC'!B34:C34) -> 27030 | K29: =SUM('FY16 sampling by SC'!D34) -> 29654.58 | L29: =SUM('FY16 sampling by SC'!E34) -> 0 | M29: =SUM('FY16 chem site costs'!J84) -> 5175 | N29: =SUM('FY16 sampling by SC'!N34) -> 0 | O29: =SUM('FY16 sampling by SC'!O34) -> 0
A30: SD | C30: =D30+F30+G30+I30+J30+L30+M30+N30 -> 0 | D30: 0 | E30: 0 | F30: 0 | G30: 0 | H30: 0 | I30: 0 | J30: 0 | K30: 0 | L30: 0 | M30: 0 | N30: 0 | O30: 0
A31: TX | C31: =D31+F31+G31+I31+J31+L31+M31+N31 -> 450470.57 | D31: =SUM('FY16 sampling by SC'!F37:G37) -> 79989 | E31: =SUM('FY16 sampling by SC'!H37) -> 20998.56 | F31: =SUM('FY16 sampling by SC'!I37) -> 0 | G31: =SUM('FY16 sampling by SC'!J37:K37) -> 64096 | H31: =SUM('FY16 sampling by SC'!L37) -> 23883.9 | I31: =SUM('FY16 sampling by SC'!M37) -> 0 | J31: =SUM('FY16 sampling by SC'!B37:C37) -> 253778 | K31: =SUM('FY16 sampling by SC'!D37) -> 73255.31 | L31: =SUM('FY16 sampling by SC'!E37) -> 0 | M31: =SUM('FY16 chem site costs'!J92:J96) -> 10240 | N31: =SUM('FY16 sampling by SC'!N37) -> 42367.569 | O31: =SUM('FY16 sampling by SC'!O37) -> 6000
A32: AL | C32: =D32+F32+G32+I32+J32+L32+M32+N32 -> 176495 | D32: =SUM('FY16 sampling by SC'!F5:G5) -> 84875 | E32: =SUM('FY16 sampling by SC'!H5) -> 23883.9 | F32: =SUM('FY16 sampling by SC'!I5) -> 0 | G32: =SUM('FY16 sampling by SC'!J5) -> 0 | H32: =SUM('FY16 sampling by SC'!L5) -> 0 | I32: =SUM('FY16 sampling by SC'!M5) -> 0 | J32: =SUM('FY16 sampling by SC'!B5:C5) -> 89550 | K32: =SUM('FY16 sampling by SC'!D5) -> 29654.58 | L32: =SUM('FY16 sampling by SC'!E5) -> 0 | M32: =SUM('FY16 chem site costs'!J3) -> 2070 | N32: =SUM('FY16 sampling by SC'!N5) -> 0 | O32: =SUM('FY16 sampling by SC'!O5) -> 0
A33: FL | C33: =D33+F33+G33+I33+J33+L33+M33+N33 -> 61970 | D33: =SUM('FY16 sampling by SC'!F11:G11) -> 0 | E33: =SUM('FY16 sampling by SC'!H11) -> 0 | F33: =SUM('FY16 sampling by SC'!I11) -> 0 | G33: =SUM('FY16 sampling by SC'!J11:K11) -> 58970 | H33: =SUM('FY16 sampling by SC'!L11) -> 23883.9 | I33: =SUM('FY16 sampling by SC'!M11) -> 0 | J33: =SUM('FY16 sampling by SC'!B11:C11) -> 0 | K33: =SUM('FY16 sampling by SC'!D11) -> 0 | L33: =SUM('FY16 sampling by SC'!E11) -> 0 | M33: =SUM('FY16 chem site costs'!J24) -> 3000 | N33: =SUM('FY16 sampling by SC'!N11) -> 0 | O33: =SUM('FY16 sampling by SC'!O11) -> 0
A34: GA | C34: =D34+F34+G34+I34+J34+L34+M34+N34 -> 307473.92 | D34: =SUM('FY16 sampling by SC'!F12:G12) -> 74280 | E34: =SUM('FY16 sampling by SC'!H12) -> 23883.9 | F34: =SUM('FY16 sampling by SC'!I12) -> 0 | G34: =SUM('FY16 sampling by SC'!J12) -> 0 | H34: =SUM('FY16 sampling by SC'!L12) -> 0 | I34: =SUM('FY16 sampling by SC'!M12) -> 0 | J34: =SUM('FY16 sampling by SC'!B12:C12) -> 202455 | K34: =SUM('FY16 sampling by SC'!D12) -> 73255.31 | L34: =SUM('FY16 sampling by SC'!E12) -> 0 | M34: =SUM('FY16 chem site costs'!J25:J27) -> 3315 | N34: =SUM('FY16 sampling by SC'!N12) -> 27423.918 | O34: =SUM('FY16 sampling by SC'!O12) -> 6000
A35: MS | C35: =D35+F35+G35+I35+J35+L35+M35+N35 -> 285416.15 | D35: =SUM('FY16 sampling by SC'!F24:G24) -> 0 | E35: =SUM('FY16 sampling by SC'!H24) -> 0 | F35: =SUM('FY16 sampling by SC'!I24) -> 0 | G35: =SUM('FY16 sampling by SC'!J24:K24) -> 70676 | H35: =SUM('FY16 sampling by SC'!L24) -> 23883.9 | I35: =SUM('FY16 sampling by SC'!M24) -> 20700 | J35: =SUM('FY16 sampling by SC'!B24:C24) -> 172107 | K35: =SUM('FY16 sampling by SC'!D24) -> 68764.88 | L35: =SUM('FY16 sampling by SC'!E24) -> 0 | M35: =SUM('FY16 chem site costs'!J63:J65) -> 3105 | N35: =SUM('FY16 sampling by SC'!N24) -> 18828.148 | O35: =SUM('FY16 sampling by SC'!O24) -> 3000
A36: NC | C36: =D36+F36+G36+I36+J36+L36+M36+N36 -> 265771.6 | D36: =SUM('FY16 sampling by SC'!F26:G26) -> 0 | E36: =SUM('FY16 sampling by SC'!H26) -> 0 | F36: =SUM('FY16 sampling by SC'!I26) -> 0 | G36: =SUM('FY16 sampling by SC'!J26) -> 0 | H36: =SUM('FY16 sampling by SC'!L26) -> 0 | I36: =SUM('FY16 sampling by SC'!M26) -> 0 | J36: =SUM('FY16 sampling by SC'!B26:C26) -> 232336 | K36: =SUM('FY16 sampling by SC'!D26) -> 107875.18 | L36: =SUM('FY16 sampling by SC'!E26) -> 0 | M36: =SUM('FY16 chem site costs'!J68:J69) -> 3313 | N36: =SUM('FY16 sampling by SC'!N26) -> 30122.602 | O36: =SUM('FY16 sampling by SC'!O26) -> 6000
A37: SC | C37: =D37+F37+G37+I37+J37+L37+M37+N37 -> 143064.84 | D37: =SUM('FY16 sampling by SC'!F36:G36) -> 0 | E37: =SUM('FY16 sampling by SC'!H36) -> 0 | F37: =SUM('FY16 sampling by SC'!I36) -> 0 | G37: =SUM('FY16 sampling by SC'!J36) -> 0 | H37: =SUM('FY16 sampling by SC'!L36) -> 0 | I37: =SUM('FY16 sampling by SC'!M36) -> 0 | J37: =SUM('FY16 sampling by SC'!B36:C36) -> 126600 | K37: =SUM('FY16 sampling by SC'!D36) -> 34145.01 | L37: =SUM('FY16 sampling by SC'!E36) -> 0 | M37: =SUM('FY16 chem site costs'!J90:J91) -> 2260 | N37: =SUM('FY16 sampling by SC'!N36) -> 14204.843 | O37: =SUM('FY16 sampling by SC'!O36) -> 3000
A38: TN | C38: =D38+F38+G38+I38+J38+L38+M38+N38 -> 2114 | D38: 0 | E38: 0 | F38: 0 | G38: 0 | H38: 0 | I38: 0 | J38: 0 | K38: 0 | L38: 0 | M38: =SUM('FY16 chem site costs'!J108) -> 2114 | N38: 0 | O38: 0
A39: AK | C39: =D39+F39+G39+I39+J39+L39+M39+N39 -> 79568 | D39: =SUM('FY16 sampling by SC'!F4:G4) -> 75220 | E39: =SUM('FY16 sampling by SC'!H4) -> 8336.64 | F39: =SUM('FY16 sampling by SC'!I4) -> 0 | G39: =SUM('FY16 sampling by SC'!J4) -> 0 | H39: =SUM('FY16 sampling by SC'!L4) -> 0 | I39: =SUM('FY16 sampling by SC'!M4) -> 0 | J39: =SUM('FY16 sampling by SC'!B4:C4) -> 0 | K39: =SUM('FY16 sampling by SC'!D4) -> 0 | L39: =SUM('FY16 sampling by SC'!E4) -> 0 | M39: =SUM('FY16 chem site costs'!J2) -> 4348 | N39: =SUM('FY16 sampling by SC'!N4) -> 0 | O39: =SUM('FY16 sampling by SC'!O4) -> 0
A40: AZ | C40: =D40+F40+G40+I40+J40+L40+M40+N40 -> 230148.68 | D40: =SUM('FY16 sampling by SC'!F7:G7) -> 55654 | E40: =SUM('FY16 sampling by SC'!H7) -> 20998.56 | F40: =SUM('FY16 sampling by SC'!I7) -> 0 | G40: =SUM('FY16 sampling by SC'!J7) -> 0 | H40: =SUM('FY16 sampling by SC'!L7) -> 0 | I40: =SUM('FY16 sampling by SC'!M7) -> 0 | J40: =SUM('FY16 sampling by SC'!B7:C7) -> 124616 | K40: =SUM('FY16 sampling by SC'!D7) -> 32864.76 | L40: =SUM('FY16 sampling by SC'!E7) -> 0 | M40: =SUM('FY16 chem site costs'!J8:J9) -> 12425 | N40: =SUM('FY16 sampling by SC'!N7) -> 37453.677 | O40: =SUM('FY16 sampling by SC'!O7) -> 6000
A41: CA | C41: =D41+F41+G41+I41+J41+L41+M41+N41 -> 630468.74 | D41: =SUM('FY16 sampling by SC'!F8:G8) -> 0 | E41: =SUM('FY16 sampling by SC'!H8) -> 0 | F41: =SUM('FY16 sampling by SC'!I8) -> 0 | G41: =SUM('FY16 sampling by SC'!J8) -> 0 | H41: =SUM('FY16 sampling by SC'!L8) -> 0 | I41: =SUM('FY16 sampling by SC'!M8) -> 0 | J41: =SUM('FY16 sampling by SC'!B8:C8) -> 309940 | K41: =SUM('FY16 sampling by SC'!D8) -> 92815.41 | L41: =SUM('FY16 sampling by SC'!E8) -> 261300 | M41: =SUM('FY16 chem site costs'!J12:J17) -> 21420 | N41: =SUM('FY16 sampling by SC'!N8) -> 37808.736 | O41: =SUM('FY16 sampling by SC'!O8) -> 6000
A42: HI | C42: =D42+F42+G42+I42+J42+L42+M42+N42 -> 2640 | D42: 0 | E42: 0 | F42: 0 | G42: 0 | H42: 0 | I42: 0 | J42: 0 | K42: 0 | L42: 0 | M42: =SUM('FY16 chem site costs'!J104) -> 2640 | N42: 0 | O42: 0
A43: ID | C43: =D43+F43+G43+I43+J43+L43+M43+N43 -> 279800.39 | D43: =SUM('FY16 sampling by SC'!F14:G14) -> 0 | E43: =SUM('FY16 sampling by SC'!H14) -> 0 | F43: =SUM('FY16 sampling by SC'!I14) -> 0 | G43: =SUM('FY16 sampling by SC'!J14) -> 0 | H43: =SUM('FY16 sampling by SC'!L14) -> 0 | I43: =SUM('FY16 sampling by SC'!M14) -> 0 | J43: =SUM('FY16 sampling by SC'!B14:C14) -> 260128 | K43: =SUM('FY16 sampling by SC'!D14) -> 99446.23 | L43: =SUM('FY16 sampling by SC'!E14) -> 0 | M43: 0 | N43: =SUM('FY16 sampling by SC'!N14) -> 19672.387 | O43: =SUM('FY16 sampling by SC'!O14) -> 3000
A44: NV | C44: =D44+F44+G44+I44+J44+L44+M44+N44 -> 71327 | D44: =SUM('FY16 sampling by SC'!F31:G31) -> 0 | E44: =SUM('FY16 sampling by SC'!H31) -> 0 | F44: =SUM('FY16 sampling by SC'!I31) -> 0 | G44: =SUM('FY16 sampling by SC'!J31) -> 0 | H44: =SUM('FY16 sampling by SC'!L31) -> 0 | I44: =SUM('FY16 sampling by SC'!M31) -> 0 | J44: =SUM('FY16 sampling by SC'!B31:C31) -> 66357 | K44: =SUM('FY16 sampling by SC'!D31) -> 29654.58 | L44: =SUM('FY16 sampling by SC'!E31) -> 0 | M44: =SUM('FY16 chem site costs'!J79) -> 4970 | N44: =SUM('FY16 sampling by SC'!N31) -> 0 | O44: =SUM('FY16 sampling by SC'!O31) -> 0
A45: OR | C45: =D45+F45+G45+I45+J45+L45+M45+N45 -> 439204.63 | D45: =SUM('FY16 sampling by SC'!F35:G35) -> 68846 | E45: =SUM('FY16 sampling by SC'!H35) -> 20998.56 | F45: =SUM('FY16 sampling by SC'!I35) -> 0 | G45: =SUM('FY16 sampling by SC'!J35) -> 0 | H45: =SUM('FY16 sampling by SC'!L35) -> 0 | I45: =SUM('FY16 sampling by SC'!M35) -> 0 | J45: =SUM('FY16 sampling by SC'!B35:C35) -> 290938 | K45: =SUM('FY16 sampling by SC'!D35) -> 112365.61 | L45: =SUM('FY16 sampling by SC'!E35) -> 20700 | M45: =SUM('FY16 chem site costs'!J85) -> 15423 | N45: =SUM('FY16 sampling by SC'!N35) -> 43297.625 | O45: =SUM('FY16 sampling by SC'!O35) -> 9000
A46: UT | C46: =D46+F46+G46+I46+J46+L46+M46+N46 -> 183853.84 | D46: =SUM('FY16 sampling by SC'!F38:G38) -> 0 | E46: =SUM('FY16 sampling by SC'!H38) -> 0 | F46: =SUM('FY16 sampling by SC'!I38) -> 0 | G46: =SUM('FY16 sampling by SC'!J38) -> 0 | H46: =SUM('FY16 sampling by SC'!L38) -> 0 | I46: =SUM('FY16 sampling by SC'!M38) -> 0 | J46: =SUM('FY16 sampling by SC'!B38:C38) -> 159419 | K46: =SUM('FY16 sampling by SC'!D38) -> 73255.31 | L46: =SUM('FY16 sampling by SC'!E38) -> 0 | M46: =SUM('FY16 chem site costs'!J97:J99) -> 5367 | N46: =SUM('FY16 sampling by SC'!N38) -> 19067.842 | O46: =SUM('FY16 sampling by SC'!O38) -> 6000
A47: WA | C47: =D47+F47+G47+I47+J47+L47+M47+N47 -> 219006.69 | D47: =SUM('FY16 sampling by SC'!F39:G39) -> 0 | E47: =SUM('FY16 sampling by SC'!H39) -> 0 | F47: =SUM('FY16 sampling by SC'!I39) -> 0 | G47: =SUM('FY16 sampling by SC'!J39) -> 0 | H47: =SUM('FY16 sampling by SC'!L39) -> 0 | I47: =SUM('FY16 sampling by SC'!M39) -> 0 | J47: =SUM('FY16 sampling by SC'!B39:C39) -> 182583 | K47: =SUM('FY16 sampling by SC'!D39) -> 73255.31 | L47: =SUM('FY16 sampling by SC'!E39) -> 0 | M47: =SUM('FY16 chem site costs'!J100:J102) -> 7889 | N47: =SUM('FY16 sampling by SC'!N39) -> 28534.694 | O47: =SUM('FY16 sampling by SC'!O39) -> 6000
A54: HQ Account
A55: Column Totals | C55: =SUM(C1:C54) -> 7893037.6 | D55: =SUM(D1:D54) -> 1619846 | E55: =SUM(E1:E54) -> 602548.8 | F55: =SUM(F1:F54) -> 41335 | G55: =SUM(G1:G54) -> 264689 | H55: =SUM(H1:H54) -> 95535.6 | I55: =SUM(I1:I54) -> 61500 | J55: =SUM(J1:J54) -> 4619924 | ... O55: =SUM(O1:O54) -> 114000
A59: Lab | C59: =E55+H55+K55+O55 -> 2562259.7
A60: QW Continuous Monitoring | C60: =F55+I55+L55 -> 547385
A61: Temperature Monitoring | C61: =M55 -> 182024
A62: Sampling (minus lab) | C62: =D55+G55+J55+N55 -> 7163628.6
A63: NFSN Coordinator (Crawford)
A64: NFSN office co-location (Crawford
A65: NFSN Management Asst (Reutter)
A66: NFSN Asst Lead (Deacon)
A67: NFSN QA Specialist (Martin)
A68: NFSN Eco Specialist (Bell)
A69: NFSN Asst (Stone)
A70: NFSN GIS Specialist (Baker)
A71: NFSN WQ data analyst (Lee)
A72: NFSN Datebase Asst (Argue)
A73: NFSN Support (Norman)
A74: NFSN Support (Toccalino)
... A79: CIDA - Sediment Web site
A80: Eco contracts reserve | C80: 10000
A81: Eco equipment reserve | C81: 6000
A82: Eco electroshocking training reserve | C82: 35000
A83: Nitrate sensor for Kansas River (budget permitting) | C83: 10000
